Workbook
Name _______________Ext2: #REF!
Name _______________Ext2: #REF!
Name ______________Ext2: #REF!
Name ______________Ext2: #REF!
Name _____________Ext2: #REF!
Name _____________Ext2: #REF!
Name _____________PL1: #REF!
Name _____________PL1: #REF!
Name ____________Ext2: #REF!
Name ____________Ext2: #REF!
Name ____________ki5: #REF!
Name ____________ki5: #REF!
Name ____________PL1: #REF!
Name ____________PL1: #REF!
Name ___________Ext2: #REF!
Name ___________Ext2: #REF!
Name ___________ki5: #REF!
Name ___________ki5: #REF!
Name ___________PL1: #REF!
Name ___________PL1: #REF!
Name ___________r: #REF!
Name ___________r: #REF!
Name __________Ext2: #REF!
Name __________Ext2: #REF!
Name __________Fev1: #REF!
Name __________Fev1: #REF!
Name __________Jan1: #REF!
Name __________Jan1: #REF!
Name __________ki5: #REF!
Name __________ki5: #REF!
Name __________Mar1: #REF!
Name __________Mar1: #REF!
Name __________PL1: #REF!
Name __________PL1: #REF!
Name __________r: #REF!
Name __________r: #REF!
Name __________Rbv1: #REF!
Name __________Rbv1: #REF!
Name _________A1: #REF!
Name _________A1: #REF!
Name _________A10: #REF!
Name _________A10: #REF!
Name _________A11: #REF!
Name _________A11: #REF!
Name _________A12: #REF!
Name _________A12: #REF!
Name _________A13: #REF!
Name _________A13: #REF!
Name _________A14: #REF!
Name _________A14: #REF!
Name _________A15: #REF!
Name _________A15: #REF!
Name _________A16: #REF!
Name _________A16: #REF!
Name _________A17: #REF!
Name _________A17: #REF!
Name _________A19: #REF!
Name _________A19: #REF!
Name _________A2: #REF!
Name _________A2: #REF!

Sheet Resumo Ruas
A1: Obra | C1: Bancos | D1: Encargos Sociais
A2: Diversas Ruas na Cidade de Salto do Jacuí - RS | C2: SINAPI - 03/2026 - Rio Grande do Sul SICRO3 - 01/2026 - Rio Grande do Sul | D2: Não Desonerado: embutido nos preços unitário dos insumos de mão de obra, de acordo com as bases.
A3: Pavimentação Asfáltica na cidade de Salto do Jacuí | D3: B.D.I.: 23,38%
A4: Planilha Orçamentária Resumida
A5: ITEM | B5: DESCRIÇÃO | C5: RESUMO SOLUÇÃO | D5: TOTAL | E5: PESO (%)
A6: 1 | B6: AVENIDA PIO XII - ACESSO ERS/481 | C6: ALARGAMENTO DE PISTA + REP CBUQ CONVENCIONAL 3,0 cm 100% + Capa CBUQ CONVENCIONAL 3,0 cm 100% + MELHORIAS NO PAISAGISMO E ILUMINAÇÃO | D6: ='Av. Pio XII'!M115 -> 3862969.1 | E6: =D6/$D$14 -> 0.51546751
A7: 2 | B7: AVENIDA CENTRAL DO JACUÍ | C7: DRENAGEM PLUVIAL + REPAROS PROFUNDOS LOCALIZADOS + REP CBUQ CONVENCIONAL 2,5 cm 100% + Capa CBUQ CONVENCIONAL 3,0 cm 60% | D7: ='Av. Central do Jacuí'!M115 -> 1171651.2 | E7: =D7/$D$14 -> 0.15634299
A8: 3 | B8: AVENIDA CENTRAL PRESIDENTE MÉDICE "HOSPITAL" | C8: DRENAGEM PLUVIAL + REPAROS PROFUNDOS LOCALIZADOS + REP CBUQ CONVENCIONAL 2,5 cm 100% + Capa CBUQ CONVENCIONAL 2,5 cm 100% | D8: ='Central Pres. Médice'!M115 -> 250846.1 | E8: =D8/$D$14 -> 0.033472443
A9: 4 | B9: RUA ANDRADE NEVES | C9: DRENAGEM PLUVIAL + REPAROS PROFUNDOS LOCALIZADOS + REP CBUQ CONVENCIONAL 2,5 cm 100% + Capa CBUQ CONVENCIONAL 3,0 cm 100% | D9: ='Andrade Neves'!M115 -> 1076818.4 | E9: =D9/$D$14 -> 0.14368868
A10: 5 | B10: RUA CENÊNCIO FERREIRA | C10: REP CBUQ CONVENCIONAL 2,5 cm 100% + Capa CBUQ CONVENCIONAL 3,0 cm 100% | D10: ='Cenêncio Ferreira'!M115 -> 124780.92 | E10: =D10/$D$14 -> 0.016650537
A11: 6 | B11: RUA SIMIÃO GUERREIRO | C11: REP CBUQ CONVENCIONAL 2,5 cm 100% + Capa CBUQ CONVENCIONAL 3,0 cm 100% | D11: ='Simião Guerreiro'!M115 -> 321085.8 | E11: =D11/$D$14 -> 0.0428451
A12: 7 | B12: RUA ANTÔNIO DE OLIVEIRA | C12: REP CBUQ CONVENCIONAL 2,5 cm 100% + Capa CBUQ CONVENCIONAL 3,0 cm 100% | D12: ='Antônio de Oliveira'!M115 -> 48155.02 | E12: =D12/$D$14 -> 0.0064257175
A13: 8 | B13: AVENIDA MAIA FILHO | C13: MELHORIAS NO PAISAGISMO E ILUMINAÇÃO + CICLOFAIXA | D13: ='Av. Maia Filho'!M115 -> 637801.27 | E13: =D13/$D$14 -> 0.085107031
A14: TOTAL GERAL | D14: =SUM(D6:D13) -> 7494107.9 | E14: =SUM(E6:E13) -> 1
D17: ='Todas as Ruas'!M115 -> 7494107.9

Sheet Resumo Geral
B1: Obra | C1: Bancos | D1: B.D.I. | F1: Encargos Sociais
B2: Pavimentação Asfáltica de Diversas Ruas - Salto do Jacuí - RS | C2: SINAPI - 03/2026 - Rio Grande do Sul SICRO3 - 01/2026 - Rio Grande do Sul | D2: 0.2338 | F2: Não Desonerado: embutido nos preços unitário dos insumos de mão de obra, de acordo com as bases.
A3: Planilha Orçamentária Resumida
A4: Item | B4: Descrição | E4: Quant. | F4: Total | G4: Peso (%)
A5: 1 | B5: AVENIDA PIO XII - SALTO DO JACUÍ | E5: 1 | F5: =SUM(F6:F14) -> 3862969.1 | G5: =F5/$E$88 -> 0.51546751 | H5: ='Av. Pio XII'!M115 -> 3862969.1
A6: 1.1 | B6: SERVIÇOS INICIAIS | E6: 1 | F6: ='Av. Pio XII'!M6 -> 41569.22 | G6: =F6/$E$88 -> 0.0055469204
A7: 1.2 | B7: ADMINISTRAÇÃO LOCAL | E7: 1 | F7: ='Av. Pio XII'!M12 -> 239864.8 | G7: =F7/$E$88 -> 0.032007119
A8: 1.3 | B8: DRENAGEM PLUVIAL | E8: 1 | F8: ='Av. Pio XII'!M24 -> 44546.64 | G8: =F8/$E$88 -> 0.0059442219
A9: 1.4 | B9: PAVIMENTAÇÃO ASFÁLTICA | E9: 1 | F9: ='Av. Pio XII'!M39 -> 2578695.3 | G9: =F9/$E$88 -> 0.34409637
A10: 1.5 | B10: OBRAS COMPLEMENTARES | E10: 1 | F10: ='Av. Pio XII'!M72 -> 224563.19 | G10: =F10/$E$88 -> 0.0299653
A11: 1.6 | B11: SINALIZAÇÃO VIÁRIA | E11: 1 | F11: ='Av. Pio XII'!M74 -> 129031.28 | G11: =F11/$E$88 -> 0.017217697
A12: 1.7 | B12: CONTROLE TECNOLÓGICO | E12: 1 | F12: ='Av. Pio XII'!M86 -> 20329.14 | G12: =F12/$E$88 -> 0.0027126831
A13: 1.8 | B13: SINALIZAÇÃO DE OBRA | E13: 1 | F13: ='Av. Pio XII'!M94 -> 4658.04 | G13: =F13/$E$88 -> 0.00062156031
A14: 1.9 | B14: MELHORIAS NO PAISAGISMO E ILUMINAÇÃO | E14: 1 | F14: ='Av. Pio XII'!M99 -> 579711.48 | G14: =F14/$E$88 -> 0.077355636
A15: 2 | B15: AVENIDA CENTRAL DO JACUÍ - SALTO DO JACUÍ | E15: 1 | F15: =SUM(F16:F24) -> 1171651.2 | G15: =F15/$E$88 -> 0.15634299 | H15: ='Av. Central do Jacuí'!M115 -> 1171651.2
A16: 2.1 | B16: SERVIÇOS INICIAIS | E16: 1 | F16: ='Av. Central do Jacuí'!M6 -> 10253.7 | G16: =F16/$E$88 -> 0.0013682349
A17: 2.2 | B17: ADMINISTRAÇÃO LOCAL | E17: 1 | F17: ='Av. Central do Jacuí'!M12 -> 169653.73 | G17: =F17/$E$88 -> 0.022638282
A18: 2.3 | B18: DRENAGEM PLUVIAL | E18: 1 | F18: ='Av. Central do Jacuí'!M24 -> 183592.45 | G18: =F18/$E$88 -> 0.024498239
A19: 2.4 | B19: PAVIMENTAÇÃO ASFÁLTICA | E19: 1 | F19: ='Av. Central do Jacuí'!M39 -> 759626.41 | G19: =F19/$E$88 -> 0.10136315
A20: 2.5 | B20: OBRAS COMPLEMENTARES | E20: 1 | F20: ='Av. Central do Jacuí'!M72 -> 2918.58 | G20: =F20/$E$88 -> 0.00038944996
A21: 2.6 | B21: SINALIZAÇÃO VIÁRIA | E21: 1 | F21: ='Av. Central do Jacuí'!M74 -> 33075.25 | G21: =F21/$E$88 -> 0.0044135006
A22: 2.7 | B22: CONTROLE TECNOLÓGICO | E22: 1 | F22: ='Av. Central do Jacuí'!M86 -> 10039.97 | G22: =F22/$E$88 -> 0.0013397152
A23: 2.8 | B23: SINALIZAÇÃO DE OBRA | E23: 1 | F23: ='Av. Central do Jacuí'!M94 -> 2491.12 | G23: =F23/$E$88 -> 0.00033241048
A24: 2.9 | B24: MELHORIAS NO PAISAGISMO E ILUMINAÇÃO | E24: 1 | F24: ='Av. Central do Jacuí'!M99 -> 0 | G24: =F24/$E$88 -> 0
A25: 3 | B25: RUA CENTRAL PRESIDENTE MÉDICE - SALTO DO JACUÍ | E25: 1 | F25: =SUM(F26:F34) -> 250846.1 | G25: =F25/$E$88 -> 0.033472443 | H25: ='Central Pres. Médice'!M115 -> 250846.1
A26: 3.1 | B26: SERVIÇOS INICIAIS | E26: 1 | F26: ='Central Pres. Médice'!M6 -> 1336.99 | G26: =F26/$E$88 -> 0.00017840549
A27: 3.2 | B27: ADMINISTRAÇÃO LOCAL | E27: 1 | F27: ='Central Pres. Médice'!M12 -> 30884.44 | G27: =F27/$E$88 -> 0.004121163
A28: 3.3 | B28: DRENAGEM PLUVIAL | E28: 1 | F28: ='Central Pres. Médice'!M24 -> 34658.45 | G28: =F28/$E$88 -> 0.0046247599
A29: 3.4 | B29: PAVIMENTAÇÃO ASFÁLTICA | E29: 1 | F29: ='Central Pres. Médice'!M39 -> 171516.34 | G29: =F29/$E$88 -> 0.022886826
A30: 3.5 | B30: OBRAS COMPLEMENTARES | E30: 1 | F30: ='Central Pres. Médice'!M72 -> 0 | G30: =F30/$E$88 -> 0
A31: 3.6 | B31: SINALIZAÇÃO VIÁRIA | E31: 1 | F31: ='Central Pres. Médice'!M74 -> 9472.33 | G31: =F31/$E$88 -> 0.0012639703
A32: 3.7 | B32: CONTROLE TECNOLÓGICO | E32: 1 | F32: ='Central Pres. Médice'!M86 -> 2977.55 | G32: =F32/$E$88 -> 0.00039731881
A33: 3.8 | B33: SINALIZAÇÃO DE OBRA | E33: 1 | F33: ='Central Pres. Médice'!M94 -> 0 | G33: =F33/$E$88 -> 0
A34: 3.9 | B34: MELHORIAS NO PAISAGISMO E ILUMINAÇÃO | E34: 1 | F34: ='Central Pres. Médice'!M99 -> 0 | G34: =F34/$E$88 -> 0
A35: 4 | B35: RUA ANDRADE NEVES - SALTO DO JACUÍ | E35: 1 | F35: =SUM(F36:F44) -> 1076818.4 | G35: =F35/$E$88 -> 0.14368868 | H35: ='Andrade Neves'!M115 -> 1076818.4
A36: 4.1 | B36: SERVIÇOS INICIAIS | E36: 1 | F36: ='Andrade Neves'!M6 -> 11518.44 | G36: =F36/$E$88 -> 0.0015369995
A37: 4.2 | B37: ADMINISTRAÇÃO LOCAL | E37: 1 | F37: ='Andrade Neves'!M12 -> 113035.15 | G37: =F37/$E$88 -> 0.015083203
A38: 4.3 | B38: DRENAGEM PLUVIAL | E38: 1 | F38: ='Andrade Neves'!M24 -> 226499.74 | G38: =F38/$E$88 -> 0.030223709
A39: 4.4 | B39: PAVIMENTAÇÃO ASFÁLTICA | E39: 1 | F39: ='Andrade Neves'!M39 -> 684921.24 | G39: =F39/$E$88 -> 0.091394633
A40: 4.5 | B40: OBRAS COMPLEMENTARES | E40: 1 | F40: ='Andrade Neves'!M72 -> 8130.33 | G40: =F40/$E$88 -> 0.0010848963
A41: 4.6 | B41: SINALIZAÇÃO VIÁRIA | E41: 1 | F41: ='Andrade Neves'!M74 -> 22444.62 | G41: =F41/$E$88 -> 0.0029949689
A42: 4.7 | B42: CONTROLE TECNOLÓGICO | E42: 1 | F42: ='Andrade Neves'!M86 -> 9023.36 | G42: =F42/$E$88 -> 0.0012040606
A43: 4.8 | B43: SINALIZAÇÃO DE OBRA | E43: 1 | F43: ='Andrade Neves'!M94 -> 1245.56 | G43: =F43/$E$88 -> 0.00016620524
A44: 4.9 | B44: MELHORIAS NO PAISAGISMO E ILUMINAÇÃO | E44: 1 | F44: ='Andrade Neves'!M99 -> 0 | G44: =F44/$E$88 -> 0
A45: 5 | B45: RUA CENÊNCIO FERREIRA - SALTO DO JACUÍ | E45: 1 | F45: =SUM(F46:F54) -> 124780.92 | G45: =F45/$E$88 -> 0.016650537 | H45: ='Cenêncio Ferreira'!M115 -> 124780.92
A46: 5.1 | B46: SERVIÇOS INICIAIS | E46: 1 | F46: ='Cenêncio Ferreira'!M6 -> 1536.52 | G46: =F46/$E$88 -> 0.00020503041
A47: 5.2 | B47: ADMINISTRAÇÃO LOCAL | E47: 1 | F47: ='Cenêncio Ferreira'!M12 -> 19838.45 | G47: =F47/$E$88 -> 0.0026472063
A48: 5.3 | B48: DRENAGEM PLUVIAL | E48: 1 | F48: ='Cenêncio Ferreira'!M24 -> 0 | G48: =F48/$E$88 -> 0
A49: 5.4 | B49: PAVIMENTAÇÃO ASFÁLTICA | E49: 1 | F49: ='Cenêncio Ferreira'!M39 -> 94538.2 | G49: =F49/$E$88 -> 0.012615004
A50: 5.5 | B50: OBRAS COMPLEMENTARES | E50: 1 | F50: ='Cenêncio Ferreira'!M72 -> 0 | G50: =F50/$E$88 -> 0
A51: 5.6 | B51: SINALIZAÇÃO VIÁRIA | E51: 1 | F51: ='Cenêncio Ferreira'!M74 -> 6892.43 | G51: =F51/$E$88 -> 0.00091971321
A52: 5.7 | B52: CONTROLE TECNOLÓGICO | E52: 1 | F52: ='Cenêncio Ferreira'!M86 -> 1975.32 | G52: =F52/$E$88 -> 0.00026358307
A53: 5.8 | B53: SINALIZAÇÃO DE OBRA | E53: 1 | F53: ='Cenêncio Ferreira'!M94 -> 0 | G53: =F53/$E$88 -> 0
A54: 5.9 | B54: MELHORIAS NO PAISAGISMO E ILUMINAÇÃO | E54: 1 | F54: ='Cenêncio Ferreira'!M99 -> 0 | G54: =F54/$E$88 -> 0
A55: 6 | B55: RUA SIMIÃO GUERREIRO - SALTO DO JACUÍ | E55: 1 | F55: =SUM(F56:F64) -> 321085.8 | G55: =F55/$E$88 -> 0.0428451 | H55: ='Simião Guerreiro'!M115 -> 321085.8
A56: 6.1 | B56: SERVIÇOS INICIAIS | E56: 1 | F56: ='Simião Guerreiro'!M6 -> 4060.13 | G56: =F56/$E$88 -> 0.00054177629
A57: 6.2 | B57: ADMINISTRAÇÃO LOCAL | E57: 1 | F57: ='Simião Guerreiro'!M12 -> 51776.79 | G57: =F57/$E$88 -> 0.0069089998
A58: 6.3 | B58: DRENAGEM PLUVIAL | E58: 1 | F58: ='Simião Guerreiro'!M24 -> 0 | G58: =F58/$E$88 -> 0
A59: 6.4 | B59: PAVIMENTAÇÃO ASFÁLTICA | E59: 1 | F59: ='Simião Guerreiro'!M39 -> 249664.05 | G59: =F59/$E$88 -> 0.033314712
A60: 6.5 | B60: OBRAS COMPLEMENTARES | E60: 1 | F60: ='Simião Guerreiro'!M72 -> 0 | G60: =F60/$E$88 -> 0
A61: 6.6 | B61: SINALIZAÇÃO VIÁRIA | E61: 1 | F61: ='Simião Guerreiro'!M74 -> 11592.95 | G61: =F61/$E$88 -> 0.001546942
A62: 6.7 | B62: CONTROLE TECNOLÓGICO | E62: 1 | F62: ='Simião Guerreiro'!M86 -> 3991.88 | G62: =F62/$E$88 -> 0.00053266914
A63: 6.8 | B63: SINALIZAÇÃO DE OBRA | E63: 1 | F63: ='Simião Guerreiro'!M94 -> 0 | G63: =F63/$E$88 -> 0
A64: 6.9 | B64: MELHORIAS NO PAISAGISMO E ILUMINAÇÃO | E64: 1 | F64: ='Simião Guerreiro'!M99 -> 0 | G64: =F64/$E$88 -> 0
A65: 7 | B65: RUA ANTÔNIO DE OLIVEIRA - SALTO DO JACUÍ | E65: 1 | F65: =SUM(F66:F74) -> 48155.02 | G65: =F65/$E$88 -> 0.0064257175 | H65: ='Antônio de Oliveira'!M115 -> 48155.02
A66: 7.1 | B66: SERVIÇOS INICIAIS | E66: 1 | F66: ='Antônio de Oliveira'!M6 -> 578.38 | G66: =F66/$E$88 -> 7.7177965e-05
A67: 7.2 | B67: ADMINISTRAÇÃO LOCAL | E67: 1 | F67: ='Antônio de Oliveira'!M12 -> 7362.22 | G67: =F67/$E$88 -> 0.00098240112
A68: 7.3 | B68: DRENAGEM PLUVIAL | E68: 1 | F68: ='Antônio de Oliveira'!M24 -> 0 | G68: =F68/$E$88 -> 0
A69: 7.4 | B69: PAVIMENTAÇÃO ASFÁLTICA | E69: 1 | F69: ='Antônio de Oliveira'!M39 -> 35543.92 | G69: =F69/$E$88 -> 0.0047429154
A70: 7.5 | B70: OBRAS COMPLEMENTARES | E70: 1 | F70: ='Antônio de Oliveira'!M72 -> 0 | G70: =F70/$E$88 -> 0
A71: 7.6 | B71: SINALIZAÇÃO VIÁRIA | E71: 1 | F71: ='Antônio de Oliveira'!M74 -> 3690.78 | G71: =F71/$E$88 -> 0.00049249091
A72: 7.7 | B72: CONTROLE TECNOLÓGICO | E72: 1 | F72: ='Antônio de Oliveira'!M86 -> 979.72 | G72: =F72/$E$88 -> 0.00013073204
A73: 7.8 | B73: SINALIZAÇÃO DE OBRA | E73: 1 | F73: ='Antônio de Oliveira'!M94 -> 0 | G73: =F73/$E$88 -> 0
A74: 7.9 | B74: MELHORIAS NO PAISAGISMO E ILUMINAÇÃO | E74: 1 | F74: ='Antônio de Oliveira'!M99 -> 0 | G74: =F74/$E$88 -> 0
A75: 8 | B75: AVENIDA MAIA FILHO - SALTO DO JACUÍ | E75: 1 | F75: =SUM(F76:F84) -> 637801.27 | G75: =F75/$E$88 -> 0.085107031 | H75: ='Av. Maia Filho'!M115 -> 637801.27
A76: 8.1 | B76: SERVIÇOS INICIAIS | E76: 1 | F76: ='Av. Maia Filho'!M6 -> 1199.66 | G76: =F76/$E$88 -> 0.00016008043
A77: 8.2 | B77: ADMINISTRAÇÃO LOCAL | E77: 1 | F77: ='Av. Maia Filho'!M12 -> 28059.15 | G77: =F77/$E$88 -> 0.0037441615
A78: 8.3 | B78: DRENAGEM PLUVIAL | E78: 1 | F78: ='Av. Maia Filho'!M24 -> 0 | G78: =F78/$E$88 -> 0
A79: 8.4 | B79: PAVIMENTAÇÃO ASFÁLTICA | E79: 1 | F79: ='Av. Maia Filho'!M39 -> 0 | G79: =F79/$E$88 -> 0
A80: 8.5 | B80: OBRAS COMPLEMENTARES | E80: 1 | F80: ='Av. Maia Filho'!M72 -> 0 | G80: =F80/$E$88 -> 0
A81: 8.6 | B81: SINALIZAÇÃO VIÁRIA | E81: 1 | F81: ='Av. Maia Filho'!M74 -> 173463.8 | G81: =F81/$E$88 -> 0.023146691
A82: 8.7 | B82: CONTROLE TECNOLÓGICO | E82: 1 | F82: ='Av. Maia Filho'!M86 -> 0 | G82: =F82/$E$88 -> 0
A83: 8.8 | B83: SINALIZAÇÃO DE OBRA | E83: 1 | F83: ='Av. Maia Filho'!M94 -> 0 | G83: =F83/$E$88 -> 0
A84: 8.9 | B84: MELHORIAS NO PAISAGISMO E ILUMINAÇÃO | E84: 1 | F84: ='Av. Maia Filho'!M99 -> 435078.66 | G84: =F84/$E$88 -> 0.058056098
D86: Total sem BDI | E86: ='Todas as Ruas'!L117 -> 6037727.8
D87: Total do BDI | E87: ='Todas as Ruas'!L118 -> 1456380.1
D88: Total Geral | E88: ='Todas as Ruas'!L119 -> 7494107.9 | H88: =H75+H65+H55+H45+H35+H25+H15+H5 -> 7494107.9

Sheet Todas as Ruas
D1: Obra | E1: Bancos | H1: B.D.I. | K1: Encargos Sociais
D2: Todas as Ruas | E2: SINAPI - 03/2026 - RS SICRO3 - 01/2026 - RS | H2: 23,38% | K2: Não Desonerado: embutido nos preços unitário dos insumos de mão de obra, de acordo com as bases.
A3: Planilha Orçamentária Sintética Com Valor do Material e da Mão de Obra
A4: Item | B4: Código | C4: Banco | D4: Descrição | E4: Und | F4: Quant. | G4: Valor Unit | H4: Valor Unit com BDI | K4: Total | N4: Peso (%)
H5: M. O. | I5: MAT. | J5: Total | K5: M. O. | L5: MAT. | M5: Total
A6: 1 | D6: SERVIÇOS INICIAIS | M6: =SUM(M7:M11) -> 72053.05 | N6: =M6 / $M$115 -> 0.0096146267 | O6: ='Simião Guerreiro'!M6+'Antônio de Oliveira'!M6+'Cenêncio Ferreira'!M6+'Central Pres. Médice'!M6+'Av. Central do Jacuí'!M6+'Andrade Neves'!M6+'Av. Pio XII'!M6+'Av. Maia Filho'!M6 -> 72053.04 | P6: =M6-O6 -> 0.01
A7: 1.1 | B7: 106168 | C7: SINAPI | D7: LIMPEZA DE RUA COM JATO DE ALTA PRESSÃO. AF_10/2025 | E7: m² | F7: ='Simião Guerreiro'!F7+'Antônio de Oliveira'!F7+'Cenêncio Ferreira'!F7+'Central Pres. Médice'!F7+'Av. Central do Jacuí'!F7+'Andrade Neves'!F7+'Av. Pio XII'!F7+'Av. Maia Filho'!F7 -> 35458.77 | G7: 0.67 | H7: =ROUND(J7*0.3,2) -> 0.25 | I7: =J7-H7 -> 0.57 | J7: =TRUNC(G7 * (1 + 23.38 / 100), 2) -> 0.82 | K7: =TRUNC(F7 * H7, 2) -> 8864.69 | L7: =M7 - K7 -> 20211.5 | M7: =TRUNC(F7 * J7, 2) -> 29076.19 | N7: =M7 / $M$115 -> 0.0038798734 | S7: =TRUNC(F7*G7,2) -> 23757.37
A8: 01.2 | B8: 4800412 | C8: SICRO3 | D8: Raspagem e limpeza de terreno plano | E8: m² | F8: ='Simião Guerreiro'!F8+'Antônio de Oliveira'!F8+'Cenêncio Ferreira'!F8+'Central Pres. Médice'!F8+'Av. Central do Jacuí'!F8+'Andrade Neves'!F8+'Av. Pio XII'!F8+'Av. Maia Filho'!F8 -> 1037.48 | G8: 5 | H8: 5.86 | I8: 0.3 | J8: =TRUNC(G8 * (1 + 23.38 / 100), 2) -> 6.16 | K8: =TRUNC(F8 * H8, 2) -> 6079.63 | L8: =M8 - K8 -> 311.24 | M8: =TRUNC(F8 * J8, 2) -> 6390.87 | N8: =M8 / $M$115 -> 0.00085278596 | S8: =TRUNC(F8*G8,2) -> 5187.4
A9: 1.3 | B9: MOB01 | C9: Próprio | D9: MOBILIZAÇÃO E DESMOBILIZAÇÃO DE EQUIPAMENTOS | E9: UND | F9: ='Simião Guerreiro'!F9+'Antônio de Oliveira'!F9+'Cenêncio Ferreira'!F9+'Central Pres. Médice'!F9+'Av. Central do Jacuí'!F9+'Andrade Neves'!F9+'Av. Pio XII'!F9+'Av. Maia Filho'!F9 -> 2 | G9: =Mobilização!H17 -> 11428.163 | H9: 461.45 | I9: 10403.4 | J9: =TRUNC(G9 * (1 + 23.38 / 100), 2) -> 14100.06 | K9: =TRUNC(F9 * H9, 2) -> 922.9 | L9: =M9 - K9 -> 27277.22 | M9: =TRUNC(F9 * J9, 2) -> 28200.12 | N9: =M9 / $M$115 -> 0.0037629722 | S9: =TRUNC(F9*G9,2) -> 22856.32
A10: 1.4 | B10: 5213499 | C10: SICRO3 | D10: Placa em aço - 3,00 x 1,50 m - película retrorrefletiva tipo I + III - fornecimento e implantação | E10: un | F10: ='Simião Guerreiro'!F10+'Antônio de Oliveira'!F10+'Cenêncio Ferreira'!F10+'Central Pres. Médice'!F10+'Av. Central do Jacuí'!F10+'Andrade Neves'!F10+'Av. Pio XII'!F10+'Av. Maia Filho'!F10 -> 3 | G10: 1992.46 | H10: 303.82 | I10: 2154.47 | J10: =TRUNC(G10 * (1 + 23.38 / 100), 2) -> 2458.29 | K10: =TRUNC(F10 * H10, 2) -> 911.46 | L10: =M10 - K10 -> 6463.41 | M10: =TRUNC(F10 * J10, 2) -> 7374.87 | N10: =M10 / $M$115 -> 0.00098408911 | S10: =TRUNC(F10*G10,2) -> 5977.38
A11: 1.5 | B11: 5216111 | C11: SICRO3 | D11: Suporte para placa de sinalização em madeira de lei tratada 8 x 8 cm - fornecimento e implantação | E11: un | F11: ='Simião Guerreiro'!F11+'Antônio de Oliveira'!F11+'Cenêncio Ferreira'!F11+'Central Pres. Médice'!F11+'Av. Central do Jacuí'!F11+'Andrade Neves'!F11+'Av. Pio XII'!F11+'Av. Maia Filho'!F11 -> 6 | G11: 136.57 | H11: 25.87 | I11: 142.63 | J11: =TRUNC(G11 * (1 + 23.38 / 100), 2) -> 168.5 | K11: =TRUNC(F11 * H11, 2) -> 155.22 | L11: =M11 - K11 -> 855.78 | M11: =TRUNC(F11 * J11, 2) -> 1011 | N11: =M11 / $M$115 -> 0.00013490598 | S11: =TRUNC(F11*G11,2) -> 819.42
A12: 2 | D12: ADMINISTRAÇÃO LOCAL | M12: =SUM(M13:M23) -> 660474.75 | N12: =M12 / $M$115 -> 0.088132538 | O12: ='Simião Guerreiro'!M12+'Antônio de Oliveira'!M12+'Cenêncio Ferreira'!M12+'Central Pres. Médice'!M12+'Av. Central do Jacuí'!M12+'Andrade Neves'!M12+'Av. Pio XII'!M12+'Av. Maia Filho'!M12 -> 660474.73 | P12: =M12-O12 -> 0.02 | S12: =TRUNC(F12*G12,2) -> 0
A13: 2.1 | B13: P9819 | C13: SICRO3 | D13: Engenheiro supervisor - mensalista | E13: MÊS | F13: ='Simião Guerreiro'!F13+'Antônio de Oliveira'!F13+'Cenêncio Ferreira'!F13+'Central Pres. Médice'!F13+'Av. Central do Jacuí'!F13+'Andrade Neves'!F13+'Av. Pio XII'!F13+'Av. Maia Filho'!F13 -> 2 | G13: 30360.664 | H13: 37458.98 | I13: 0 | J13: =TRUNC(G13 * (1 + 23.38 / 100), 2) -> 37458.98 | K13: =TRUNC(F13 * H13, 2) -> 74917.96 | L13: =M13 - K13 -> 0 | M13: =TRUNC(F13 * J13, 2) -> 74917.96 | N13: =M13 / $M$115 -> 0.009996915 | S13: =TRUNC(F13*G13,2) -> 60721.32
A14: 2.2 | B14: P9840 | C14: SICRO3 | D14: Encarregado geral - mensalista | E14: MÊS | F14: ='Simião Guerreiro'!F14+'Antônio de Oliveira'!F14+'Cenêncio Ferreira'!F14+'Central Pres. Médice'!F14+'Av. Central do Jacuí'!F14+'Andrade Neves'!F14+'Av. Pio XII'!F14+'Av. Maia Filho'!F14 -> 6 | G14: 13144.488 | H14: 16217.66 | I14: 0 | J14: =TRUNC(G14 * (1 + 23.38 / 100), 2) -> 16217.66 | K14: =TRUNC(F14 * H14, 2) -> 97305.96 | L14: =M14 - K14 -> 0 | M14: =TRUNC(F14 * J14, 2) -> 97305.96 | N14: =M14 / $M$115 -> 0.012984329 | S14: =TRUNC(F14*G14,2) -> 78866.92
A15: 2.3 | B15: P9949 | C15: SICRO3 | D15: Topógrafo - mensalista | E15: MÊS | F15: ='Simião Guerreiro'!F15+'Antônio de Oliveira'!F15+'Cenêncio Ferreira'!F15+'Central Pres. Médice'!F15+'Av. Central do Jacuí'!F15+'Andrade Neves'!F15+'Av. Pio XII'!F15+'Av. Maia Filho'!F15 -> 6 | G15: 7296.3649 | H15: 9002.25 | I15: 0 | J15: =TRUNC(G15 * (1 + 23.38 / 100), 2) -> 9002.25 | K15: =TRUNC(F15 * H15, 2) -> 54013.5 | L15: =M15 - K15 -> 0 | M15: =TRUNC(F15 * J15, 2) -> 54013.5 | N15: =M15 / $M$115 -> 0.0072074623 | S15: =TRUNC(F15*G15,2) -> 43778.18
A16: 2.4 | B16: P9950 | C16: SICRO3 | D16: Auxiliar de topografia - mensalista | E16: MÊS | F16: ='Simião Guerreiro'!F16+'Antônio de Oliveira'!F16+'Cenêncio Ferreira'!F16+'Central Pres. Médice'!F16+'Av. Central do Jacuí'!F16+'Andrade Neves'!F16+'Av. Pio XII'!F16+'Av. Maia Filho'!F16 -> 6 | G16: 5189.7538 | H16: 6403.11 | I16: 0 | J16: =TRUNC(G16 * (1 + 23.38 / 100), 2) -> 6403.11 | K16: =TRUNC(F16 * H16, 2) -> 38418.66 | L16: =M16 - K16 -> 0 | M16: =TRUNC(F16 * J16, 2) -> 38418.66 | N16: =M16 / $M$115 -> 0.0051265155 | S16: =TRUNC(F16*G16,2) -> 31138.52
A17: 2.5 | B17: P9893 | C17: SICRO3 | D17: Encarregado de pavimentação - mensalista | E17: MÊS | F17: ='Simião Guerreiro'!F17+'Antônio de Oliveira'!F17+'Cenêncio Ferreira'!F17+'Central Pres. Médice'!F17+'Av. Central do Jacuí'!F17+'Andrade Neves'!F17+'Av. Pio XII'!F17+'Av. Maia Filho'!F17 -> 6 | G17: 8605.0395 | H17: 10616.88 | I17: 0 | J17: =TRUNC(G17 * (1 + 23.38 / 100), 2) -> 10616.89 | K17: =M17 -> 63701.34 | L17: =M17 - K17 -> 0 | M17: =TRUNC(F17 * J17, 2) -> 63701.34 | N17: =M17 / $M$115 -> 0.0085001899 | S17: =TRUNC(F17*G17,2) -> 51630.23
A18: 2.6 | B18: P9875 | C18: SICRO3 | D18: Encarregado de turma - mensalista | E18: MÊS | F18: ='Simião Guerreiro'!F18+'Antônio de Oliveira'!F18+'Cenêncio Ferreira'!F18+'Central Pres. Médice'!F18+'Av. Central do Jacuí'!F18+'Andrade Neves'!F18+'Av. Pio XII'!F18+'Av. Maia Filho'!F18 -> 2 | G18: 5778.4355 | H18: 7129.42 | I18: 0 | J18: =TRUNC(G18 * (1 + 23.38 / 100), 2) -> 7129.43 | K18: =M18 -> 14258.86 | L18: =M18 - K18 -> 0 | M18: =TRUNC(F18 * J18, 2) -> 14258.86 | N18: =M18 / $M$115 -> 0.0019026761 | S18: =TRUNC(F18*G18,2) -> 11556.87
A19: 2.7 | B19: P9804 | C19: SICRO3 | D19: Apontador - mensalista | E19: MÊS | F19: ='Simião Guerreiro'!F19+'Antônio de Oliveira'!F19+'Cenêncio Ferreira'!F19+'Central Pres. Médice'!F19+'Av. Central do Jacuí'!F19+'Andrade Neves'!F19+'Av. Pio XII'!F19+'Av. Maia Filho'!F19 -> 6 | G19: 4987.0395 | H19: 6152.99 | I19: 0 | J19: =TRUNC(G19 * (1 + 23.38 / 100), 2) -> 6153 | K19: =M19 -> 36918 | L19: =M19 - K19 -> 0 | M19: =TRUNC(F19 * J19, 2) -> 36918 | N19: =M19 / $M$115 -> 0.0049262701 | S19: =TRUNC(F19*G19,2) -> 29922.23
A20: 2.8 | B20: P9876 | C20: SICRO3 | D20: Técnico de segurança do trabalho - mensalista | E20: MÊS | F20: ='Simião Guerreiro'!F20+'Antônio de Oliveira'!F20+'Cenêncio Ferreira'!F20+'Central Pres. Médice'!F20+'Av. Central do Jacuí'!F20+'Andrade Neves'!F20+'Av. Pio XII'!F20+'Av. Maia Filho'!F20 -> 6 | G20: 7704.921 | H20: 9506.33 | I20: 0 | J20: =TRUNC(G20 * (1 + 23.38 / 100), 2) -> 9506.33 | K20: =TRUNC(F20 * H20, 2) -> 57037.98 | L20: =M20 - K20 -> 0 | M20: =TRUNC(F20 * J20, 2) -> 57037.98 | N20: =M20 / $M$115 -> 0.0076110433 | S20: =TRUNC(F20*G20,2) -> 46229.52
A21: 2.9 | B21: E9134 | C21: SICRO3 | D21: Miniônibus com capacidade para 30 passageiros - 120 kW | E21: CHP | F21: ='Simião Guerreiro'!F21+'Antônio de Oliveira'!F21+'Cenêncio Ferreira'!F21+'Central Pres. Médice'!F21+'Av. Central do Jacuí'!F21+'Andrade Neves'!F21+'Av. Pio XII'!F21+'Av. Maia Filho'!F21 -> 320 | G21: 245.1778 | H21: 0 | I21: 302.49 | J21: =TRUNC(G21 * (1 + 23.38 / 100), 2) -> 302.5 | K21: =TRUNC(F21 * H21, 2) -> 0 | L21: =M21 - K21 -> 96800 | M21: =TRUNC(F21 * J21, 2) -> 96800 | N21: =M21 / $M$115 -> 0.012916814 | S21: =TRUNC(F21*G21,2) -> 78456.89
A22: 2.10 | B22: E9134 | C22: SICRO3 | D22: Miniônibus com capacidade para 30 passageiros - 120 kW | E22: CHI | F22: ='Simião Guerreiro'!F22+'Antônio de Oliveira'!F22+'Cenêncio Ferreira'!F22+'Central Pres. Médice'!F22+'Av. Central do Jacuí'!F22+'Andrade Neves'!F22+'Av. Pio XII'!F22+'Av. Maia Filho'!F22 -> 120 | G22: 245.1778 | H22: 0 | I22: 302.49 | J22: =TRUNC(G22 * (1 + 23.38 / 100), 2) -> 302.5 | K22: =TRUNC(F22 * H22, 2) -> 0 | L22: =M22 - K22 -> 36300 | M22: =TRUNC(F22 * J22, 2) -> 36300 | N22: =M22 / $M$115 -> 0.0048438054 | S22: =TRUNC(F22*G22,2) -> 29421.33
A23: 2.11 | B23: M0295 | C23: SICRO3 | D23: Estrutura modular com revestimento térmico, janela e banheiro - L = 2,44 m e C = 6,06 m (1 TEU) | E23: UND | F23: ='Simião Guerreiro'!F23+'Antônio de Oliveira'!F23+'Cenêncio Ferreira'!F23+'Central Pres. Médice'!F23+'Av. Central do Jacuí'!F23+'Andrade Neves'!F23+'Av. Pio XII'!F23+'Av. Maia Filho'!F23 -> 1 | G23: 73595.798 | H23: 0 | I23: 90802.48 | J23: =TRUNC(G23 * (1 + 23.38 / 100), 2) -> 90802.49 | K23: =TRUNC(F23 * H23, 2) -> 0 | L23: =M23 - K23 -> 90802.49 | M23: =TRUNC(F23 * J23, 2) -> 90802.49 | N23: =M23 / $M$115 -> 0.012116518 | S23: =TRUNC(F23*G23,2) -> 73595.79
A24: 3 | D24: DRENAGEM PLUVIAL | M24: =SUM(M25:M38) -> 489297.28 | N24: =M24 / $M$115 -> 0.065290931 | O24: ='Simião Guerreiro'!M24+'Antônio de Oliveira'!M24+'Cenêncio Ferreira'!M24+'Central Pres. Médice'!M24+'Av. Central do Jacuí'!M24+'Andrade Neves'!M24+'Av. Pio XII'!M24+'Av. Maia Filho'!M24 -> 489297.28 | P24: =M24-O24 -> 0 | S24: =TRUNC(F24*G24,2) -> 0
A25: 3.1 | B25: 4805757 | C25: SICRO3 | D25: Escavação mecânica de vala em material de 1ª categoria | E25: m³ | F25: ='Simião Guerreiro'!F25+'Antônio de Oliveira'!F25+'Cenêncio Ferreira'!F25+'Central Pres. Médice'!F25+'Av. Central do Jacuí'!F25+'Andrade Neves'!F25+'Av. Pio XII'!F25+'Av. Maia Filho'!F25 -> 1283.75 | G25: 7.03 | H25: 1.12 | I25: 7.55 | J25: =TRUNC(G25 * (1 + 23.38 / 100), 2) -> 8.67 | K25: =TRUNC(F25 * H25, 2) -> 1437.8 | L25: =M25 - K25 -> 9692.31 | M25: =TRUNC(F25 * J25, 2) -> 11130.11 | N25: =M25 / $M$115 -> 0.0014851814 | S25: =TRUNC(F25*G25,2) -> 9024.76
A26: 3.2 | B26: 2003850 | C26: SICRO3 | D26: Lastro de brita comercial compactado com soquete vibratório - espalhamento manual | E26: m³ | F26: ='Simião Guerreiro'!F26+'Antônio de Oliveira'!F26+'Cenêncio Ferreira'!F26+'Central Pres. Médice'!F26+'Av. Central do Jacuí'!F26+'Andrade Neves'!F26+'Av. Pio XII'!F26+'Av. Maia Filho'!F26 -> 42.2 | G26: 163.35 | H26: 12.29 | I26: 189.25 | J26: =TRUNC(G26 * (1 + 23.38 / 100), 2) -> 201.54 | K26: =TRUNC(F26 * H26, 2) -> 518.63 | L26: =M26 - K26 -> 7986.35 | M26: =TRUNC(F26 * J26, 2) -> 8504.98 | N26: =M26 / $M$115 -> 0.0011348889 | S26: =TRUNC(F26*G26,2) -> 6893.37
A27: 3.3 | B27: 0804021 | C27: SICRO3 | D27: Corpo de BSTC D = 0,60 m PA1 - areia, brita e pedra de mão comerciais | E27: m | F27: ='Simião Guerreiro'!F27+'Antônio de Oliveira'!F27+'Cenêncio Ferreira'!F27+'Central Pres. Médice'!F27+'Av. Central do Jacuí'!F27+'Andrade Neves'!F27+'Av. Pio XII'!F27+'Av. Maia Filho'!F27 -> 196 | G27: 470.66 | H27: 66.45 | I27: 514.25 | J27: =TRUNC(G27 * (1 + 23.38 / 100), 2) -> 580.7 | K27: =TRUNC(F27 * H27, 2) -> 13024.2 | L27: =M27 - K27 -> 100793 | M27: =TRUNC(F27 * J27, 2) -> 113817.2 | N27: =M27 / $M$115 -> 0.015187558 | S27: =TRUNC(F27*G27,2) -> 92249.36
A28: 3.4 | B28: 4815671 | C28: SICRO3 | D28: Reaterro e compactação com soquete vibratório | E28: m³ | F28: ='Simião Guerreiro'!F28+'Antônio de Oliveira'!F28+'Cenêncio Ferreira'!F28+'Central Pres. Médice'!F28+'Av. Central do Jacuí'!F28+'Andrade Neves'!F28+'Av. Pio XII'!F28+'Av. Maia Filho'!F28 -> 284.92 | G28: 20.21 | H28: 18.85 | I28: 6.08 | J28: =TRUNC(G28 * (1 + 23.38 / 100), 2) -> 24.93 | K28: =TRUNC(F28 * H28, 2) -> 5370.74 | L28: =M28 - K28 -> 1732.31 | M28: =TRUNC(F28 * J28, 2) -> 7103.05 | N28: =M28 / $M$115 -> 0.00094781795 | S28: =TRUNC(F28*G28,2) -> 5758.23
A29: 3.5 | B29: 4011276 | C29: SICRO3 | D29: Base ou sub-base de brita graduada com brita comercial - 100% Proctor modificado | E29: m³ | F29: ='Simião Guerreiro'!F29+'Antônio de Oliveira'!F29+'Cenêncio Ferreira'!F29+'Central Pres. Médice'!F29+'Av. Central do Jacuí'!F29+'Andrade Neves'!F29+'Av. Pio XII'!F29+'Av. Maia Filho'!F29 -> 29.4 | G29: 240.05 | H29: 1.03 | I29: 295.14 | J29: =TRUNC(G29 * (1 + 23.38 / 100), 2) -> 296.17 | K29: =TRUNC(F29 * H29, 2) -> 30.28 | L29: =M29 - K29 -> 8677.11 | M29: =TRUNC(F29 * J29, 2) -> 8707.39 | N29: =M29 / $M$115 -> 0.0011618981 | S29: =TRUNC(F29*G29,2) -> 7057.47
A30: 3.6 | B30: 5914389 | C30: SICRO3 | D30: Transporte com caminhão basculante de 10 m³ - rodovia pavimentada | E30: tkm | F30: ='Simião Guerreiro'!F30+'Antônio de Oliveira'!F30+'Cenêncio Ferreira'!F30+'Central Pres. Médice'!F30+'Av. Central do Jacuí'!F30+'Andrade Neves'!F30+'Av. Pio XII'!F30+'Av. Maia Filho'!F30 -> 9054.31 | G30: 0.82 | H30: 0 | I30: 1.01 | J30: =TRUNC(G30 * (1 + 23.38 / 100), 2) -> 1.01 | K30: =TRUNC(F30 * H30, 2) -> 0 | L30: =M30 - K30 -> 9144.85 | M30: =TRUNC(F30 * J30, 2) -> 9144.85 | N30: =M30 / $M$115 -> 0.001220272 | S30: =TRUNC(F30*G30,2) -> 7424.53
A31: 3.7 | B31: 4011351 | C31: SICRO3 | D31: Imprimação com asfalto diluído | E31: m² | F31: ='Simião Guerreiro'!F31+'Antônio de Oliveira'!F31+'Cenêncio Ferreira'!F31+'Central Pres. Médice'!F31+'Av. Central do Jacuí'!F31+'Andrade Neves'!F31+'Av. Pio XII'!F31+'Av. Maia Filho'!F31 -> 196 | G31: 0.56 | H31: 0.05 | I31: 0.64 | J31: =TRUNC(G31 * (1 + 23.38 / 100), 2) -> 0.69 | K31: =TRUNC(F31 * H31, 2) -> 9.8 | L31: =M31 - K31 -> 125.44 | M31: =TRUNC(F31 * J31, 2) -> 135.24 | N31: =M31 / $M$115 -> 1.8046177e-05 | S31: =TRUNC(F31*G31,2) -> 109.76
A32: 3.8 | B32: M0104 | C32: SICRO3 | D32: Asfalto diluído de petróleo - CM-30 | E32: t | F32: ='Simião Guerreiro'!F32+'Antônio de Oliveira'!F32+'Cenêncio Ferreira'!F32+'Central Pres. Médice'!F32+'Av. Central do Jacuí'!F32+'Andrade Neves'!F32+'Av. Pio XII'!F32+'Av. Maia Filho'!F32 -> 0.2 | G32: 3122.09 | H32: 0 | I32: 3590.4 | J32: =TRUNC(G32 * (1 + 15 / 100), 2) &CHAR(10)& "(15.0%)" -> 3590,4 (15.0%) | K32: =TRUNC(F32 * H32, 2) -> 0 | L32: =M32 - K32 -> 718.08 | M32: =TRUNC((F32 * 1 ) * TRUNC(G32 * (1 + 15 / 100), 2), 2) -> 718.08 | N32: =M32 / $M$115 -> 9.5819277e-05 | S32: =TRUNC(F32*G32,2) -> 624.41
A33: 3.9 | B33: 102330 | C33: SINAPI | D33: TRANSPORTE COM CAMINHÃO TANQUE DE TRANSPORTE DE MATERIAL ASFÁLTICO DE 30000 L, EM VIA URBANA PAVIMENTADA, DMT ATÉ 30KM (UNIDADE: TXKM). AF_02/2026 | E33: TXKM | F33: ='Simião Guerreiro'!F33+'Antônio de Oliveira'!F33+'Cenêncio Ferreira'!F33+'Central Pres. Médice'!F33+'Av. Central do Jacuí'!F33+'Andrade Neves'!F33+'Av. Pio XII'!F33+'Av. Maia Filho'!F33 -> 6 | G33: 1.69 | H33: 0.13 | I33: 1.95 | J33: =TRUNC(G33 * (1 + 23.38 / 100), 2) -> 2.08 | K33: =TRUNC(F33 * H33, 2) -> 0.78 | L33: =M33 - K33 -> 11.7 | M33: =TRUNC(F33 * J33, 2) -> 12.48 | N33: =M33 / $M$115 -> 1.6653083e-06 | S33: =TRUNC(F33*G33,2) -> 10.14
A34: 3.10 | B34: 102331 | C34: SINAPI | D34: TRANSPORTE COM CAMINHÃO TANQUE DE TRANSPORTE DE MATERIAL ASFÁLTICO DE 30000 L, EM VIA URBANA PAVIMENTADA, ADICIONAL PARA DMT EXCEDENTE A 30 KM (UNIDADE: TXKM). AF_02/2026 | E34: TXKM | F34: ='Simião Guerreiro'!F34+'Antônio de Oliveira'!F34+'Cenêncio Ferreira'!F34+'Central Pres. Médice'!F34+'Av. Central do Jacuí'!F34+'Andrade Neves'!F34+'Av. Pio XII'!F34+'Av. Maia Filho'!F34 -> 61.8 | G34: 0.64 | H34: 0.05 | I34: 0.73 | J34: =TRUNC(G34 * (1 + 23.38 / 100), 2) -> 0.78 | K34: =TRUNC(F34 * H34, 2) -> 3.09 | L34: =M34 - K34 -> 45.11 | M34: =TRUNC(F34 * J34, 2) -> 48.2 | N34: =M34 / $M$115 -> 6.4317195e-06 | S34: =TRUNC(F34*G34,2) -> 39.55
A35: 3.11 | B35: 2003517 | C35: SICRO3 | D35: Caixa coletora de sarjeta - CCS 200-60 B - com grelha de aço - areia e brita comerciais | E35: un | F35: ='Simião Guerreiro'!F35+'Antônio de Oliveira'!F35+'Cenêncio Ferreira'!F35+'Central Pres. Médice'!F35+'Av. Central do Jacuí'!F35+'Andrade Neves'!F35+'Av. Pio XII'!F35+'Av. Maia Filho'!F35 -> 14 | G35: 4969.53 | H35: 2317.22 | I35: 3814.18 | J35: =TRUNC(G35 * (1 + 23.38 / 100), 2) -> 6131.4 | K35: =TRUNC(F35 * H35, 2) -> 32441.08 | L35: =M35 - K35 -> 53398.52 | M35: =TRUNC(F35 * J35, 2) -> 85839.6 | N35: =M35 / $M$115 -> 0.011454279 | S35: =TRUNC(F35*G35,2) -> 69573.42
A36: 3.12 | B36: 1023 | C36: Próprio | D36: REFORMA E NIVELAMENTO BOCA DE LOBO EXISTENTE COM GRELHA DE FERRO (COM DIMENSÕES ATÉ 1,40 X 1,40 m) | E36: un | F36: ='Simião Guerreiro'!F36+'Antônio de Oliveira'!F36+'Cenêncio Ferreira'!F36+'Central Pres. Médice'!F36+'Av. Central do Jacuí'!F36+'Andrade Neves'!F36+'Av. Pio XII'!F36+'Av. Maia Filho'!F36 -> 19 | G36: 1900.28 | H36: =J36-I36 -> 468.91 | I36: =ROUND(J36*0.8,2) -> 1875.65 | J36: =TRUNC(G36 * (1 + 23.38 / 100), 2) -> 2344.56 | K36: =TRUNC(F36 * H36, 2) -> 8909.29 | L36: =M36 - K36 -> 35637.35 | M36: =TRUNC(F36 * J36, 2) -> 44546.64 | N36: =M36 / $M$115 -> 0.0059442219
A37: 3.13 | B37: 2003261 | C37: SICRO3 | D37: Sarjeta triangular de concreto - STC 80-15 - escavação mecânica - areia e brita comerciais | E37: m | F37: ='Simião Guerreiro'!F37+'Antônio de Oliveira'!F37+'Cenêncio Ferreira'!F37+'Central Pres. Médice'!F37+'Av. Central do Jacuí'!F37+'Andrade Neves'!F37+'Av. Pio XII'!F37+'Av. Maia Filho'!F37 -> 3103.19 | G37: 51.88 | H37: 13.89 | I37: 50.11 | J37: =TRUNC(G37 * (1 + 23.38 / 100), 2) -> 64 | K37: =TRUNC(F37 * H37, 2) -> 43103.3 | L37: =M37 - K37 -> 155500.86 | M37: =TRUNC(F37 * J37, 2) -> 198604.16 | N37: =M37 / $M$115 -> 0.026501374 | S37: =TRUNC(F37*G37,2) -> 160993.49
A38: 3.14 | B38: 0804081 | C38: SICRO3 | D38: Boca de BSTC D = 0,60 m - esconsidade 0° - areia e brita comerciais - alas retas | E38: un | F38: ='Simião Guerreiro'!F38+'Antônio de Oliveira'!F38+'Cenêncio Ferreira'!F38+'Central Pres. Médice'!F38+'Av. Central do Jacuí'!F38+'Andrade Neves'!F38+'Av. Pio XII'!F38+'Av. Maia Filho'!F38 -> 1 | G38: 798.59 | H38: 324.84 | I38: 660.46 | J38: =TRUNC(G38 * (1 + 23.38 / 100), 2) -> 985.3 | K38: =TRUNC(F38 * H38, 2) -> 324.84 | L38: =M38 - K38 -> 660.46 | M38: =TRUNC(F38 * J38, 2) -> 985.3 | N38: =M38 / $M$115 -> 0.00013147662 | S38: =TRUNC(F38*G38,2) -> 798.59
A39: 4 | D39: PAVIMENTAÇÃO ASFÁLTICA | M39: =M40+M50+M60 -> 4574505.5 | N39: =M39 / $M$115 -> 0.61041361 | O39: ='Simião Guerreiro'!M39+'Antônio de Oliveira'!M39+'Cenêncio Ferreira'!M39+'Central Pres. Médice'!M39+'Av. Central do Jacuí'!M39+'Andrade Neves'!M39+'Av. Pio XII'!M39 -> 4574505.5 | P39: =M39-O39 -> -0.02 | S39: =TRUNC(F39*G39,2) -> 0
A40: 4.1 | D40: REPERFILAGEM | M40: =SUM(M41:M49) -> 1470080.6 | N40: =M40 / $M$115 -> 0.19616485 | O40: ='Simião Guerreiro'!M40+'Antônio de Oliveira'!M40+'Cenêncio Ferreira'!M40+'Central Pres. Médice'!M40+'Av. Central do Jacuí'!M40+'Andrade Neves'!M40+'Av. Pio XII'!M40 -> 1470080.6 | P40: =M40-O40 -> 0 | S40: =TRUNC(F40*G40,2) -> 0
A41: 4.1.1 | B41: 4011353 | C41: SICRO3 | D41: Pintura de ligação | E41: m² | F41: ='Simião Guerreiro'!F41+'Antônio de Oliveira'!F41+'Cenêncio Ferreira'!F41+'Central Pres. Médice'!F41+'Av. Central do Jacuí'!F41+'Andrade Neves'!F41+'Av. Pio XII'!F41+'Av. Maia Filho'!F41 -> 33995.77 | G41: 0.42 | H41: 0.03 | I41: 0.48 | J41: =TRUNC(G41 * (1 + 23.38 / 100), 2) -> 0.51 | K41: =TRUNC(F41 * H41, 2) -> 1019.87 | L41: =M41 - K41 -> 16317.97 | M41: =TRUNC(F41 * J41, 2) -> 17337.84 | N41: =M41 / $M$115 -> 0.0023135295 | S41: =TRUNC(F41*G41,2) -> 14278.22
A42: 4.1.2 | B42: M1946 | C42: SICRO3 | D42: Emulsão asfáltica - RR-1C | E42: t | F42: ='Simião Guerreiro'!F42+'Antônio de Oliveira'!F42+'Cenêncio Ferreira'!F42+'Central Pres. Médice'!F42+'Av. Central do Jacuí'!F42+'Andrade Neves'!F42+'Av. Pio XII'!F42+'Av. Maia Filho'!F42 -> 17.01 | G42: 3133.24 | H42: 0 | I42: 3603.22 | J42: =TRUNC(G42 * (1 + 15 / 100), 2) &CHAR(10)& "(15.0%)" -> 3603,22 (15.0%) | K42: =TRUNC(F42 * H42, 2) -> 0 | L42: =M42 - K42 -> 61290.77 | M42: =TRUNC((F42 * 1 ) * TRUNC(G42 * (1 + 15 / 100), 2), 2) -> 61290.77 | N42: =M42 / $M$115 -> 0.0081785278 | S42: =TRUNC(F42*G42,2) -> 53296.41
A43: 4.1.3 | B43: 102330 | C43: SINAPI | D43: TRANSPORTE COM CAMINHÃO TANQUE DE TRANSPORTE DE MATERIAL ASFÁLTICO DE 30000 L, EM VIA URBANA PAVIMENTADA, DMT ATÉ 30KM (UNIDADE: TXKM). AF_02/2026 | E43: TXKM | F43: ='Simião Guerreiro'!F43+'Antônio de Oliveira'!F43+'Cenêncio Ferreira'!F43+'Central Pres. Médice'!F43+'Av. Central do Jacuí'!F43+'Andrade Neves'!F43+'Av. Pio XII'!F43+'Av. Maia Filho'!F43 -> 510.3 | G43: 1.69 | H43: 0.13 | I43: 1.95 | J43: =TRUNC(G43 * (1 + 23.38 / 100), 2) -> 2.08 | K43: =TRUNC(F43 * H43, 2) -> 66.33 | L43: =M43 - K43 -> 995.09 | M43: =TRUNC(F43 * J43, 2) -> 1061.42 | N43: =M43 / $M$115 -> 0.00014163394 | S43: =TRUNC(F43*G43,2) -> 862.4
A44: 4.1.4 | B44: 102331 | C44: SINAPI | D44: TRANSPORTE COM CAMINHÃO TANQUE DE TRANSPORTE DE MATERIAL ASFÁLTICO DE 30000 L, EM VIA URBANA PAVIMENTADA, ADICIONAL PARA DMT EXCEDENTE A 30 KM (UNIDADE: TXKM). AF_02/2026 | E44: TXKM | F44: ='Simião Guerreiro'!F44+'Antônio de Oliveira'!F44+'Cenêncio Ferreira'!F44+'Central Pres. Médice'!F44+'Av. Central do Jacuí'!F44+'Andrade Neves'!F44+'Av. Pio XII'!F44+'Av. Maia Filho'!F44 -> 5256.09 | G44: 0.64 | H44: 0.05 | I44: 0.73 | J44: =TRUNC(G44 * (1 + 23.38 / 100), 2) -> 0.78 | K44: =TRUNC(F44 * H44, 2) -> 262.8 | L44: =M44 - K44 -> 3836.95 | M44: =TRUNC(F44 * J44, 2) -> 4099.75 | N44: =M44 / $M$115 -> 0.00054706311 | S44: =TRUNC(F44*G44,2) -> 3363.89
A45: 4.1.5 | B45: 4011463 | C45: SICRO3 | D45: Concreto asfáltico - faixa C-12,5 - areia e brita comerciais | E45: t | F45: ='Simião Guerreiro'!F45+'Antônio de Oliveira'!F45+'Cenêncio Ferreira'!F45+'Central Pres. Médice'!F45+'Av. Central do Jacuí'!F45+'Andrade Neves'!F45+'Av. Pio XII'!F45+'Av. Maia Filho'!F45 -> 2336.04 | G45: 191.74 | H45: 3.53 | I45: 233.03 | J45: =TRUNC(G45 * (1 + 23.38 / 100), 2) -> 236.56 | K45: =TRUNC(F45 * H45, 2) -> 8246.22 | L45: =M45 - K45 -> 544367.4 | M45: =TRUNC(F45 * J45, 2) -> 552613.62 | N45: =M45 / $M$115 -> 0.073739747 | S45: =TRUNC(F45*G45,2) -> 447912.3
A46: 4.1.6 | B46: M1943 | C46: SICRO3 | D46: Cimento asfáltico de petróleo - CAP 50/70 | E46: t | F46: ='Simião Guerreiro'!F46+'Antônio de Oliveira'!F46+'Cenêncio Ferreira'!F46+'Central Pres. Médice'!F46+'Av. Central do Jacuí'!F46+'Andrade Neves'!F46+'Av. Pio XII'!F46+'Av. Maia Filho'!F46 -> 128.48 | G46: 4117.58 | H46: 0 | I46: 4735.21 | J46: =TRUNC(G46 * (1 + 15 / 100), 2) &CHAR(10)& "(15.0%)" -> 4735,21 (15.0%) | K46: =TRUNC(F46 * H46, 2) -> 0 | L46: =M46 - K46 -> 608379.78 | M46: =TRUNC((F46 * 1 ) * TRUNC(G46 * (1 + 15 / 100), 2), 2) -> 608379.78 | N46: =M46 / $M$115 -> 0.081181081 | S46: =TRUNC(F46*G46,2) -> 529026.67
A47: 4.1.7 | B47: 102330 | C47: SINAPI | D47: TRANSPORTE COM CAMINHÃO TANQUE DE TRANSPORTE DE MATERIAL ASFÁLTICO DE 30000 L, EM VIA URBANA PAVIMENTADA, DMT ATÉ 30KM (UNIDADE: TXKM). AF_02/2026 | E47: TXKM | F47: ='Simião Guerreiro'!F47+'Antônio de Oliveira'!F47+'Cenêncio Ferreira'!F47+'Central Pres. Médice'!F47+'Av. Central do Jacuí'!F47+'Andrade Neves'!F47+'Av. Pio XII'!F47+'Av. Maia Filho'!F47 -> 3854.4 | G47: 1.69 | H47: 0.13 | I47: 1.95 | J47: =TRUNC(G47 * (1 + 23.38 / 100), 2) -> 2.08 | K47: =TRUNC(F47 * H47, 2) -> 501.07 | L47: =M47 - K47 -> 7516.08 | M47: =TRUNC(F47 * J47, 2) -> 8017.15 | N47: =M47 / $M$115 -> 0.0010697938 | S47: =TRUNC(F47*G47,2) -> 6513.93
A48: 4.1.8 | B48: 102331 | C48: SINAPI | D48: TRANSPORTE COM CAMINHÃO TANQUE DE TRANSPORTE DE MATERIAL ASFÁLTICO DE 30000 L, EM VIA URBANA PAVIMENTADA, ADICIONAL PARA DMT EXCEDENTE A 30 KM (UNIDADE: TXKM). AF_02/2026 | E48: TXKM | F48: ='Simião Guerreiro'!F48+'Antônio de Oliveira'!F48+'Cenêncio Ferreira'!F48+'Central Pres. Médice'!F48+'Av. Central do Jacuí'!F48+'Andrade Neves'!F48+'Av. Pio XII'!F48+'Av. Maia Filho'!F48 -> 39700.32 | G48: 0.64 | H48: 0.05 | I48: 0.73 | J48: =TRUNC(G48 * (1 + 23.38 / 100), 2) -> 0.78 | K48: =TRUNC(F48 * H48, 2) -> 1985.01 | L48: =M48 - K48 -> 28981.23 | M48: =TRUNC(F48 * J48, 2) -> 30966.24 | N48: =M48 / $M$115 -> 0.0041320782 | S48: =TRUNC(F48*G48,2) -> 25408.2
A49: 4.1.9 | B49: 5914389 | C49: SICRO3 | D49: Transporte com caminhão basculante de 10 m³ - rodovia pavimentada | E49: tkm | F49: ='Simião Guerreiro'!F49+'Antônio de Oliveira'!F49+'Cenêncio Ferreira'!F49+'Central Pres. Médice'!F49+'Av. Central do Jacuí'!F49+'Andrade Neves'!F49+'Av. Pio XII'!F49+'Av. Maia Filho'!F49 -> 184469.3 | G49: 0.82 | H49: 0 | I49: 1.01 | J49: =TRUNC(G49 * (1 + 23.38 / 100), 2) -> 1.01 | K49: =TRUNC(F49 * H49, 2) -> 0 | L49: =M49 - K49 -> 186313.99 | M49: =TRUNC(F49 * J49, 2) -> 186313.99 | N49: =M49 / $M$115 -> 0.024861397 | S49: =TRUNC(F49*G49,2) -> 151264.82
A50: 4.2 | D50: CAPA ASFÁLTICA | M50: =SUM(M51:M59) -> 1367135.6 | N50: =M50 / $M$115 -> 0.18242806 | O50: ='Simião Guerreiro'!M50+'Antônio de Oliveira'!M50+'Cenêncio Ferreira'!M50+'Central Pres. Médice'!M50+'Av. Central do Jacuí'!M50+'Andrade Neves'!M50+'Av. Pio XII'!M50 -> 1367135.6 | P50: =M50-O50 -> -0.02 | S50: =TRUNC(F50*G50,2) -> 0
A51: 4.2.1 | B51: 4011353 | C51: SICRO3 | D51: Pintura de ligação | E51: m² | F51: ='Simião Guerreiro'!F51+'Antônio de Oliveira'!F51+'Cenêncio Ferreira'!F51+'Central Pres. Médice'!F51+'Av. Central do Jacuí'!F51+'Andrade Neves'!F51+'Av. Pio XII'!F51+'Av. Maia Filho'!F51 -> 30322.82 | G51: 0.42 | H51: 0.03 | I51: 0.48 | J51: =TRUNC(G51 * (1 + 23.38 / 100), 2) -> 0.51 | K51: =TRUNC(F51 * H51, 2) -> 909.68 | L51: =M51 - K51 -> 14554.95 | M51: =TRUNC(F51 * J51, 2) -> 15464.63 | N51: =M51 / $M$115 -> 0.0020635718 | S51: =TRUNC(F51*G51,2) -> 12735.58
A52: 4.2.2 | B52: M1946 | C52: SICRO3 | D52: Emulsão asfáltica - RR-1C | E52: t | F52: ='Simião Guerreiro'!F52+'Antônio de Oliveira'!F52+'Cenêncio Ferreira'!F52+'Central Pres. Médice'!F52+'Av. Central do Jacuí'!F52+'Andrade Neves'!F52+'Av. Pio XII'!F52+'Av. Maia Filho'!F52 -> 15.17 | G52: 3133.24 | H52: 0 | I52: 3603.22 | J52: =TRUNC(G52 * (1 + 15 / 100), 2) &CHAR(10)& "(15.0%)" -> 3603,22 (15.0%) | K52: =TRUNC(F52 * H52, 2) -> 0 | L52: =M52 - K52 -> 54660.84 | M52: =TRUNC((F52 * 1 ) * TRUNC(G52 * (1 + 15 / 100), 2), 2) -> 54660.84 | N52: =M52 / $M$115 -> 0.0072938421 | S52: =TRUNC(F52*G52,2) -> 47531.25
A53: 4.2.3 | B53: 102330 | C53: SINAPI | D53: TRANSPORTE COM CAMINHÃO TANQUE DE TRANSPORTE DE MATERIAL ASFÁLTICO DE 30000 L, EM VIA URBANA PAVIMENTADA, DMT ATÉ 30KM (UNIDADE: TXKM). AF_02/2026 | E53: TXKM | F53: ='Simião Guerreiro'!F53+'Antônio de Oliveira'!F53+'Cenêncio Ferreira'!F53+'Central Pres. Médice'!F53+'Av. Central do Jacuí'!F53+'Andrade Neves'!F53+'Av. Pio XII'!F53+'Av. Maia Filho'!F53 -> 455.1 | G53: 1.69 | H53: 0.13 | I53: 1.95 | J53: =TRUNC(G53 * (1 + 23.38 / 100), 2) -> 2.08 | K53: =TRUNC(F53 * H53, 2) -> 59.16 | L53: =M53 - K53 -> 887.44 | M53: =TRUNC(F53 * J53, 2) -> 946.6 | N53: =M53 / $M$115 -> 0.00012631257 | S53: =TRUNC(F53*G53,2) -> 769.11
A54: 4.2.4 | B54: 102331 | C54: SINAPI | D54: TRANSPORTE COM CAMINHÃO TANQUE DE TRANSPORTE DE MATERIAL ASFÁLTICO DE 30000 L, EM VIA URBANA PAVIMENTADA, ADICIONAL PARA DMT EXCEDENTE A 30 KM (UNIDADE: TXKM). AF_02/2026 | E54: TXKM | F54: ='Simião Guerreiro'!F54+'Antônio de Oliveira'!F54+'Cenêncio Ferreira'!F54+'Central Pres. Médice'!F54+'Av. Central do Jacuí'!F54+'Andrade Neves'!F54+'Av. Pio XII'!F54+'Av. Maia Filho'!F54 -> 4687.53 | G54: 0.64 | H54: 0.05 | I54: 0.73 | J54: =TRUNC(G54 * (1 + 23.38 / 100), 2) -> 0.78 | K54: =TRUNC(F54 * H54, 2) -> 234.37 | L54: =M54 - K54 -> 3421.9 | M54: =TRUNC(F54 * J54, 2) -> 3656.27 | N54: =M54 / $M$115 -> 0.00048788596 | S54: =TRUNC(F54*G54,2) -> 3000.01
A55: 4.2.5 | B55: 4011463 | C55: SICRO3 | D55: Concreto asfáltico - faixa C-12,5 - areia e brita comerciais | E55: t | F55: ='Simião Guerreiro'!F55+'Antônio de Oliveira'!F55+'Cenêncio Ferreira'!F55+'Central Pres. Médice'!F55+'Av. Central do Jacuí'!F55+'Andrade Neves'!F55+'Av. Pio XII'!F55+'Av. Maia Filho'!F55 -> 2303.24 | G55: 191.74 | H55: 3.53 | I55: 233.03 | J55: =TRUNC(G55 * (1 + 23.38 / 100), 2) -> 236.56 | K55: =TRUNC(F55 * H55, 2) -> 8130.43 | L55: =M55 - K55 -> 536724.02 | M55: =TRUNC(F55 * J55, 2) -> 544854.45 | N55: =M55 / $M$115 -> 0.072704378 | S55: =TRUNC(F55*G55,2) -> 441623.23
A56: 4.2.6 | B56: M1943 | C56: SICRO3 | D56: Cimento asfáltico de petróleo - CAP 50/70 | E56: t | F56: ='Simião Guerreiro'!F56+'Antônio de Oliveira'!F56+'Cenêncio Ferreira'!F56+'Central Pres. Médice'!F56+'Av. Central do Jacuí'!F56+'Andrade Neves'!F56+'Av. Pio XII'!F56+'Av. Maia Filho'!F56 -> 126.69 | G56: 4117.58 | H56: 0 | I56: 4735.21 | J56: =TRUNC(G56 * (1 + 15 / 100), 2) &CHAR(10)& "(15.0%)" -> 4735,21 (15.0%) | K56: =TRUNC(F56 * H56, 2) -> 0 | L56: =M56 - K56 -> 599903.75 | M56: =TRUNC((F56 * 1 ) * TRUNC(G56 * (1 + 15 / 100), 2), 2) -> 599903.75 | N56: =M56 / $M$115 -> 0.080050055 | S56: =TRUNC(F56*G56,2) -> 521656.21
A57: 4.2.7 | B57: 102330 | C57: SINAPI | D57: TRANSPORTE COM CAMINHÃO TANQUE DE TRANSPORTE DE MATERIAL ASFÁLTICO DE 30000 L, EM VIA URBANA PAVIMENTADA, DMT ATÉ 30KM (UNIDADE: TXKM). AF_02/2026 | E57: TXKM | F57: ='Simião Guerreiro'!F57+'Antônio de Oliveira'!F57+'Cenêncio Ferreira'!F57+'Central Pres. Médice'!F57+'Av. Central do Jacuí'!F57+'Andrade Neves'!F57+'Av. Pio XII'!F57+'Av. Maia Filho'!F57 -> 3800.7 | G57: 1.69 | H57: 0.13 | I57: 1.95 | J57: =TRUNC(G57 * (1 + 23.38 / 100), 2) -> 2.08 | K57: =TRUNC(F57 * H57, 2) -> 494.09 | L57: =M57 - K57 -> 7411.36 | M57: =TRUNC(F57 * J57, 2) -> 7905.45 | N57: =M57 / $M$115 -> 0.0010548887 | S57: =TRUNC(F57*G57,2) -> 6423.18
A58: 4.2.8 | B58: 102331 | C58: SINAPI | D58: TRANSPORTE COM CAMINHÃO TANQUE DE TRANSPORTE DE MATERIAL ASFÁLTICO DE 30000 L, EM VIA URBANA PAVIMENTADA, ADICIONAL PARA DMT EXCEDENTE A 30 KM (UNIDADE: TXKM). AF_02/2026 | E58: TXKM | F58: ='Simião Guerreiro'!F58+'Antônio de Oliveira'!F58+'Cenêncio Ferreira'!F58+'Central Pres. Médice'!F58+'Av. Central do Jacuí'!F58+'Andrade Neves'!F58+'Av. Pio XII'!F58+'Av. Maia Filho'!F58 -> 39147.21 | G58: 0.64 | H58: 0.05 | I58: 0.73 | J58: =TRUNC(G58 * (1 + 23.38 / 100), 2) -> 0.78 | K58: =TRUNC(F58 * H58, 2) -> 1957.36 | L58: =M58 - K58 -> 28577.46 | M58: =TRUNC(F58 * J58, 2) -> 30534.82 | N58: =M58 / $M$115 -> 0.0040745103 | S58: =TRUNC(F58*G58,2) -> 25054.21
A59: 4.2.9 | B59: 5914389 | C59: SICRO3 | D59: Transporte com caminhão basculante de 10 m³ - rodovia pavimentada | E59: tkm | F59: ='Simião Guerreiro'!F59+'Antônio de Oliveira'!F59+'Cenêncio Ferreira'!F59+'Central Pres. Médice'!F59+'Av. Central do Jacuí'!F59+'Andrade Neves'!F59+'Av. Pio XII'!F59+'Av. Maia Filho'!F59 -> 108127.49 | G59: 0.82 | H59: 0 | I59: 1.01 | J59: =TRUNC(G59 * (1 + 23.38 / 100), 2) -> 1.01 | K59: =TRUNC(F59 * H59, 2) -> 0 | L59: =M59 - K59 -> 109208.76 | M59: =TRUNC(F59 * J59, 2) -> 109208.76 | N59: =M59 / $M$115 -> 0.014572616 | S59: =TRUNC(F59*G59,2) -> 88664.54
A60: 4.3 | D60: REPAROS LOCALIZADOS E ALARGAMENTO | M60: =SUM(M61:M71) -> 1737289.4 | N60: =M60 / $M$115 -> 0.2318207 | O60: ='Simião Guerreiro'!M60+'Antônio de Oliveira'!M60+'Cenêncio Ferreira'!M60+'Central Pres. Médice'!M60+'Av. Central do Jacuí'!M60+'Andrade Neves'!M60+'Av. Pio XII'!M60 -> 1737289.4 | P60: =M60-O60 -> 0 | S60: =TRUNC(F60*G60,2) -> 0
A61: 4.3.1 | B61: 4805757 | C61: SICRO3 | D61: Escavação mecânica de vala em material de 1ª categoria | E61: m³ | F61: ='Simião Guerreiro'!F61+'Antônio de Oliveira'!F61+'Cenêncio Ferreira'!F61+'Central Pres. Médice'!F61+'Av. Central do Jacuí'!F61+'Andrade Neves'!F61+'Av. Pio XII'!F61+'Av. Maia Filho'!F61 -> 3432.96 | G61: 7.03 | H61: 1.12 | I61: 7.55 | J61: =TRUNC(G61 * (1 + 23.38 / 100), 2) -> 8.67 | K61: =TRUNC(F61 * H61, 2) -> 3844.91 | L61: =M61 - K61 -> 25918.85 | M61: =TRUNC(F61 * J61, 2) -> 29763.76 | N61: =M61 / $M$115 -> 0.0039716215 | S61: =TRUNC(F61*G61,2) -> 24133.7
A62: 4.3.2 | B62: 4011209 | C62: SICRO3 | D62: Regularização do subleito - 100% Proctor intermediário | E62: m² | F62: ='Simião Guerreiro'!F62+'Antônio de Oliveira'!F62+'Cenêncio Ferreira'!F62+'Central Pres. Médice'!F62+'Av. Central do Jacuí'!F62+'Andrade Neves'!F62+'Av. Pio XII'!F62+'Av. Maia Filho'!F62 -> 6865.88 | G62: 1.85 | H62: 0.04 | I62: 2.24 | J62: =TRUNC(G62 * (1 + 23.38 / 100), 2) -> 2.28 | K62: =TRUNC(F62 * H62, 2) -> 274.63 | L62: =M62 - K62 -> 15379.57 | M62: =TRUNC(F62 * J62, 2) -> 15654.2 | N62: =M62 / $M$115 -> 0.0020888677 | S62: =TRUNC(F62*G62,2) -> 12701.87
A63: 4.3.3 | B63: 4011279 | C63: SICRO3 | D63: Base ou sub-base de macadame seco com brita comercial - 100% Proctor modificado | E63: m³ | F63: ='Simião Guerreiro'!F63+'Antônio de Oliveira'!F63+'Cenêncio Ferreira'!F63+'Central Pres. Médice'!F63+'Av. Central do Jacuí'!F63+'Andrade Neves'!F63+'Av. Pio XII'!F63+'Av. Maia Filho'!F63 -> 2746.36 | G63: 199.52 | H63: 0.69 | I63: 245.47 | J63: =TRUNC(G63 * (1 + 23.38 / 100), 2) -> 246.16 | K63: =TRUNC(F63 * H63, 2) -> 1894.98 | L63: =M63 - K63 -> 674148.99 | M63: =TRUNC(F63 * J63, 2) -> 676043.97 | N63: =M63 / $M$115 -> 0.090210066 | S63: =TRUNC(F63*G63,2) -> 547953.74
A64: 4.3.4 | B64: 5914389 | C64: SICRO3 | D64: Transporte com caminhão basculante de 10 m³ - rodovia pavimentada | E64: tkm | F64: ='Simião Guerreiro'!F64+'Antônio de Oliveira'!F64+'Cenêncio Ferreira'!F64+'Central Pres. Médice'!F64+'Av. Central do Jacuí'!F64+'Andrade Neves'!F64+'Av. Pio XII'!F64+'Av. Maia Filho'!F64 -> 422898.25 | G64: 0.82 | H64: 0 | I64: 1.01 | J64: =TRUNC(G64 * (1 + 23.38 / 100), 2) -> 1.01 | K64: =TRUNC(F64 * H64, 2) -> 0 | L64: =M64 - K64 -> 427127.23 | M64: =TRUNC(F64 * J64, 2) -> 427127.23 | N64: =M64 / $M$115 -> 0.056995073 | S64: =TRUNC(F64*G64,2) -> 346776.56
A65: 4.3.5 | B65: 4011276 | C65: SICRO3 | D65: Base ou sub-base de brita graduada com brita comercial - 100% Proctor modificado | E65: m³ | F65: ='Simião Guerreiro'!F65+'Antônio de Oliveira'!F65+'Cenêncio Ferreira'!F65+'Central Pres. Médice'!F65+'Av. Central do Jacuí'!F65+'Andrade Neves'!F65+'Av. Pio XII'!F65+'Av. Maia Filho'!F65 -> 1029.88 | G65: 240.05 | H65: 1.03 | I65: 295.14 | J65: =TRUNC(G65 * (1 + 23.38 / 100), 2) -> 296.17 | K65: =TRUNC(F65 * H65, 2) -> 1060.77 | L65: =M65 - K65 -> 303958.78 | M65: =TRUNC(F65 * J65, 2) -> 305019.55 | N65: =M65 / $M$115 -> 0.040701249 | S65: =TRUNC(F65*G65,2) -> 247222.69
A66: 4.3.6 | B66: 5914389 | C66: SICRO3 | D66: Transporte com caminhão basculante de 10 m³ - rodovia pavimentada | E66: tkm | F66: ='Simião Guerreiro'!F66+'Antônio de Oliveira'!F66+'Cenêncio Ferreira'!F66+'Central Pres. Médice'!F66+'Av. Central do Jacuí'!F66+'Andrade Neves'!F66+'Av. Pio XII'!F66+'Av. Maia Filho'!F66 -> 190303.29 | G66: 0.82 | H66: 0 | I66: 1.01 | J66: =TRUNC(G66 * (1 + 23.38 / 100), 2) -> 1.01 | K66: =TRUNC(F66 * H66, 2) -> 0 | L66: =M66 - K66 -> 192206.32 | M66: =TRUNC(F66 * J66, 2) -> 192206.32 | N66: =M66 / $M$115 -> 0.025647658 | S66: =TRUNC(F66*G66,2) -> 156048.69
A67: 4.3.7 | B67: 4011351 | C67: SICRO3 | D67: Imprimação com asfalto diluído | E67: m² | F67: ='Simião Guerreiro'!F67+'Antônio de Oliveira'!F67+'Cenêncio Ferreira'!F67+'Central Pres. Médice'!F67+'Av. Central do Jacuí'!F67+'Andrade Neves'!F67+'Av. Pio XII'!F67+'Av. Maia Filho'!F67 -> 6865.88 | G67: 0.56 | H67: 0.05 | I67: 0.64 | J67: =TRUNC(G67 * (1 + 23.38 / 100), 2) -> 0.69 | K67: =TRUNC(F67 * H67, 2) -> 343.29 | L67: =M67 - K67 -> 4394.16 | M67: =TRUNC(F67 * J67, 2) -> 4737.45 | N67: =M67 / $M$115 -> 0.00063215663 | S67: =TRUNC(F67*G67,2) -> 3844.89
A68: 4.3.8 | B68: M0104 | C68: SICRO3 | D68: Asfalto diluído de petróleo - CM-30 | E68: t | F68: ='Simião Guerreiro'!F68+'Antônio de Oliveira'!F68+'Cenêncio Ferreira'!F68+'Central Pres. Médice'!F68+'Av. Central do Jacuí'!F68+'Andrade Neves'!F68+'Av. Pio XII'!F68+'Av. Maia Filho'!F68 -> 6.86 | G68: 3122.09 | H68: 0 | I68: 3590.4 | J68: =TRUNC(G68 * (1 + 15 / 100), 2) &CHAR(10)& "(15.0%)" -> 3590,4 (15.0%) | K68: =TRUNC(F68 * H68, 2) -> 0 | L68: =M68 - K68 -> 24630.14 | M68: =TRUNC((F68 * 1 ) * TRUNC(G68 * (1 + 15 / 100), 2), 2) -> 24630.14 | N68: =M68 / $M$115 -> 0.0032866007 | S68: =TRUNC(F68*G68,2) -> 21417.53
A69: 4.3.9 | B69: 102330 | C69: SINAPI | D69: TRANSPORTE COM CAMINHÃO TANQUE DE TRANSPORTE DE MATERIAL ASFÁLTICO DE 30000 L, EM VIA URBANA PAVIMENTADA, DMT ATÉ 30KM (UNIDADE: TXKM). AF_02/2026 | E69: TXKM | F69: ='Simião Guerreiro'!F69+'Antônio de Oliveira'!F69+'Cenêncio Ferreira'!F69+'Central Pres. Médice'!F69+'Av. Central do Jacuí'!F69+'Andrade Neves'!F69+'Av. Pio XII'!F69+'Av. Maia Filho'!F69 -> 205.8 | G69: 1.69 | H69: 0.13 | I69: 1.95 | J69: =TRUNC(G69 * (1 + 23.38 / 100), 2) -> 2.08 | K69: =TRUNC(F69 * H69, 2) -> 26.75 | L69: =M69 - K69 -> 401.31 | M69: =TRUNC(F69 * J69, 2) -> 428.06 | N69: =M69 / $M$115 -> 5.7119541e-05 | S69: =TRUNC(F69*G69,2) -> 347.8
A70: 4.3.10 | B70: 102331 | C70: SINAPI | D70: TRANSPORTE COM CAMINHÃO TANQUE DE TRANSPORTE DE MATERIAL ASFÁLTICO DE 30000 L, EM VIA URBANA PAVIMENTADA, ADICIONAL PARA DMT EXCEDENTE A 30 KM (UNIDADE: TXKM). AF_02/2026 | E70: TXKM | F70: ='Simião Guerreiro'!F70+'Antônio de Oliveira'!F70+'Cenêncio Ferreira'!F70+'Central Pres. Médice'!F70+'Av. Central do Jacuí'!F70+'Andrade Neves'!F70+'Av. Pio XII'!F70+'Av. Maia Filho'!F70 -> 2119.74 | G70: 0.64 | H70: 0.05 | I70: 0.73 | J70: =TRUNC(G70 * (1 + 23.38 / 100), 2) -> 0.78 | K70: =TRUNC(F70 * H70, 2) -> 105.98 | L70: =M70 - K70 -> 1547.41 | M70: =TRUNC(F70 * J70, 2) -> 1653.39 | N70: =M70 / $M$115 -> 0.00022062533 | S70: =TRUNC(F70*G70,2) -> 1356.63
A71: 4.3.11 | B71: 4915657 | C71: SICRO3 | D71: Fresagem contínua de revestimento asfáltico - espessura de 5 cm | E71: m³ | F71: ='Simião Guerreiro'!F71+'Antônio de Oliveira'!F71+'Cenêncio Ferreira'!F71+'Central Pres. Médice'!F71+'Av. Central do Jacuí'!F71+'Andrade Neves'!F71+'Av. Pio XII'!F71+'Av. Maia Filho'!F71 -> 644.74 | G71: 75.46 | H71: 1.63 | I71: 91.47 | J71: =TRUNC(G71 * (1 + 23.38 / 100), 2) -> 93.1 | K71: =TRUNC(F71 * H71, 2) -> 1050.92 | L71: =M71 - K71 -> 58974.37 | M71: =TRUNC(F71 * J71, 2) -> 60025.29 | N71: =M71 / $M$115 -> 0.0080096645 | S71: =TRUNC(F71*G71,2) -> 48652.08
A72: 5 | D72: OBRAS COMPLEMENTARES | M72: =SUM(M73:M73) -> 235612.09 | N72: =M72 / $M$115 -> 0.031439645 | O72: ='Simião Guerreiro'!M72+'Antônio de Oliveira'!M72+'Cenêncio Ferreira'!M72+'Central Pres. Médice'!M72+'Av. Central do Jacuí'!M72+'Andrade Neves'!M72+'Av. Pio XII'!M72 -> 235612.1 | P72: =M72-O72 -> -0.01 | S72: =TRUNC(F72*G72,2) -> 0
A73: 5.1 | B73: 2003377 | C73: SICRO3 | D73: Meio-fio de concreto - MFC 05 - areia e brita comerciais - fôrma de madeira | E73: m | F73: ='Simião Guerreiro'!F73+'Antônio de Oliveira'!F73+'Cenêncio Ferreira'!F73+'Central Pres. Médice'!F73+'Av. Central do Jacuí'!F73+'Andrade Neves'!F73+'Av. Pio XII'!F73+'Av. Maia Filho'!F73 -> 3390.59 | G73: 56.33 | H73: 34.56 | I73: 34.93 | J73: =TRUNC(G73 * (1 + 23.38 / 100), 2) -> 69.49 | K73: =TRUNC(F73 * H73, 2) -> 117178.79 | L73: =M73 - K73 -> 118433.3 | M73: =TRUNC(F73 * J73, 2) -> 235612.09 | N73: =M73 / $M$115 -> 0.031439645 | S73: =TRUNC(F73*G73,2) -> 190991.93
A74: 6 | D74: SINALIZAÇÃO VIÁRIA | M74: =M75+M80+M83 -> 389663.44 | N74: =M74 / $M$115 -> 0.051995974 | O74: ='Simião Guerreiro'!M74+'Antônio de Oliveira'!M74+'Cenêncio Ferreira'!M74+'Central Pres. Médice'!M74+'Av. Central do Jacuí'!M74+'Andrade Neves'!M74+'Av. Pio XII'!M74+'Av. Maia Filho'!M74 -> 389663.44 | P74: =M74-O74 -> 0 | S74: =TRUNC(F74*G74,2) -> 0
A75: 6.1 | D75: SINALIZAÇÃO HORIZONTAL PISTA | M75: =SUM(M76:M79) -> 136212.6 | N75: =M75 / $M$115 -> 0.018175959 | O75: ='Simião Guerreiro'!M75+'Antônio de Oliveira'!M75+'Cenêncio Ferreira'!M75+'Central Pres. Médice'!M75+'Av. Central do Jacuí'!M75+'Andrade Neves'!M75+'Av. Pio XII'!M75 -> 136212.6 | P75: =M75-O75 -> 0 | S75: =TRUNC(F75*G75,2) -> 0
A76: 6.1.1 | B76: 5213401 | C76: SICRO3 | D76: Pintura de faixa com tinta acrílica - espessura de 0,6 mm | E76: m² | F76: ='Simião Guerreiro'!F76+'Antônio de Oliveira'!F76+'Cenêncio Ferreira'!F76+'Central Pres. Médice'!F76+'Av. Central do Jacuí'!F76+'Andrade Neves'!F76+'Av. Pio XII'!F76+'Av. Maia Filho'!F76 -> 1562.12 | G76: 28.04 | H76: 1.01 | I76: 33.58 | J76: =TRUNC(G76 * (1 + 23.38 / 100), 2) -> 34.59 | K76: =TRUNC(F76 * H76, 2) -> 1577.74 | L76: =M76 - K76 -> 52455.99 | M76: =TRUNC(F76 * J76, 2) -> 54033.73 | N76: =M76 / $M$115 -> 0.0072101617 | S76: =TRUNC(F76*G76,2) -> 43801.84
A77: 6.1.2 | B77: 5213405 | C77: SICRO3 | D77: Pintura de setas e zebrados com tinta acrílica - espessura de 0,6 mm | E77: m² | F77: ='Simião Guerreiro'!F77+'Antônio de Oliveira'!F77+'Cenêncio Ferreira'!F77+'Central Pres. Médice'!F77+'Av. Central do Jacuí'!F77+'Andrade Neves'!F77+'Av. Pio XII'!F77+'Av. Maia Filho'!F77 -> 851.7 | G77: 43.57 | H77: 4.93 | I77: 48.82 | J77: =TRUNC(G77 * (1 + 23.38 / 100), 2) -> 53.75 | K77: =TRUNC(F77 * H77, 2) -> 4198.88 | L77: =M77 - K77 -> 41579.99 | M77: =TRUNC(F77 * J77, 2) -> 45778.87 | N77: =M77 / $M$115 -> 0.0061086484 | S77: =TRUNC(F77*G77,2) -> 37108.56
A78: 6.1.3 | B78: 5219643 | C78: SICRO3 | D78: Tachão refletivo em resina sintética - bidirecional - fornecimento e colocação | E78: un | F78: ='Simião Guerreiro'!F78+'Antônio de Oliveira'!F78+'Cenêncio Ferreira'!F78+'Central Pres. Médice'!F78+'Av. Central do Jacuí'!F78+'Andrade Neves'!F78+'Av. Pio XII'!F78+'Av. Maia Filho'!F78 -> 100 | G78: 83.93 | H78: 9.53 | I78: 94.02 | J78: =TRUNC(G78 * (1 + 23.38 / 100), 2) -> 103.55 | K78: =TRUNC(F78 * H78, 2) -> 953 | L78: =M78 - K78 -> 9402 | M78: =TRUNC(F78 * J78, 2) -> 10355 | N78: =M78 / $M$115 -> 0.0013817522 | S78: =TRUNC(F78*G78,2) -> 8393
A79: 6.1.4 | B79: 5219620 | C79: SICRO3 | D79: Tacha refletiva em resina sintética - bidirecional tipo I - fornecimento e colocação | E79: un | F79: ='Simião Guerreiro'!F79+'Antônio de Oliveira'!F79+'Cenêncio Ferreira'!F79+'Central Pres. Médice'!F79+'Av. Central do Jacuí'!F79+'Andrade Neves'!F79+'Av. Pio XII'!F79+'Av. Maia Filho'!F79 -> 500 | G79: 42.22 | H79: 3.88 | I79: 48.21 | J79: =TRUNC(G79 * (1 + 23.38 / 100), 2) -> 52.09 | K79: =TRUNC(F79 * H79, 2) -> 1940 | L79: =M79 - K79 -> 24105 | M79: =TRUNC(F79 * J79, 2) -> 26045 | N79: =M79 / $M$115 -> 0.003475397 | S79: =TRUNC(F79*G79,2) -> 21110
A80: 6.2 | D80: SINALIZAÇÃO HORIZONTAL CICLOVIA | M80: =SUM(M81:M82) -> 132294 | N80: =M80 / $M$115 -> 0.017653068 | O80: ='Simião Guerreiro'!M80+'Antônio de Oliveira'!M80+'Cenêncio Ferreira'!M80+'Central Pres. Médice'!M80+'Av. Central do Jacuí'!M80+'Andrade Neves'!M80+'Av. Pio XII'!M80+'Av. Maia Filho'!M80 -> 132294 | P80: =M80-O80 -> 0 | S80: =TRUNC(F80*G80,2) -> 0
A81: 6.2.3 | B81: 5219643 | C81: SICRO3 | D81: Tachão refletivo em resina sintética - bidirecional - fornecimento e colocação | E81: un | F81: ='Simião Guerreiro'!F81+'Antônio de Oliveira'!F81+'Cenêncio Ferreira'!F81+'Central Pres. Médice'!F81+'Av. Central do Jacuí'!F81+'Andrade Neves'!F81+'Av. Pio XII'!F81+'Av. Maia Filho'!F81 -> 850 | G81: 83.93 | H81: 9.53 | I81: 94.02 | J81: =TRUNC(G81 * (1 + 23.38 / 100), 2) -> 103.55 | K81: =TRUNC(F81 * H81, 2) -> 8100.5 | L81: =M81 - K81 -> 79917 | M81: =TRUNC(F81 * J81, 2) -> 88017.5 | N81: =M81 / $M$115 -> 0.011744894 | S81: =TRUNC(F81*G81,2) -> 71340.5
A82: 6.2.4 | B82: 5219620 | C82: SICRO3 | D82: Tacha refletiva em resina sintética - bidirecional tipo I - fornecimento e colocação | E82: un | F82: ='Simião Guerreiro'!F82+'Antônio de Oliveira'!F82+'Cenêncio Ferreira'!F82+'Central Pres. Médice'!F82+'Av. Central do Jacuí'!F82+'Andrade Neves'!F82+'Av. Pio XII'!F82+'Av. Maia Filho'!F82 -> 850 | G82: 42.22 | H82: 3.88 | I82: 48.21 | J82: =TRUNC(G82 * (1 + 23.38 / 100), 2) -> 52.09 | K82: =TRUNC(F82 * H82, 2) -> 3298 | L82: =M82 - K82 -> 40978.5 | M82: =TRUNC(F82 * J82, 2) -> 44276.5 | N82: =M82 / $M$115 -> 0.0059081749 | S82: =TRUNC(F82*G82,2) -> 35887
A83: 6.3 | D83: SINALIZAÇÃO VERTICAL | M83: =SUM(M84:M85) -> 121156.84 | N83: =M83 / $M$115 -> 0.016166946 | O83: ='Simião Guerreiro'!M83+'Antônio de Oliveira'!M83+'Cenêncio Ferreira'!M83+'Central Pres. Médice'!M83+'Av. Central do Jacuí'!M83+'Andrade Neves'!M83+'Av. Pio XII'!M83+'Av. Maia Filho'!M83 -> 121156.84 | P83: =M83-O83 -> 0 | S83: =TRUNC(F83*G83,2) -> 0
A84: 6.3.1 | B84: 5213465 | C84: SICRO3 | D84: Placa de advertência em aço, lado de 0,80 m - película retrorrefletiva tipo I + SI - fornecimento e implantação | E84: un | F84: ='Simião Guerreiro'!F84+'Antônio de Oliveira'!F84+'Cenêncio Ferreira'!F84+'Central Pres. Médice'!F84+'Av. Central do Jacuí'!F84+'Andrade Neves'!F84+'Av. Pio XII'!F84+'Av. Maia Filho'!F84 -> 103 | G84: 482.55 | H84: 72.01 | I84: 523.36 | J84: =TRUNC(G84 * (1 + 23.38 / 100), 2) -> 595.37 | K84: =TRUNC(F84 * H84, 2) -> 7417.03 | L84: =M84 - K84 -> 53906.08 | M84: =TRUNC(F84 * J84, 2) -> 61323.11 | N84: =M84 / $M$115 -> 0.0081828432 | S84: =TRUNC(F84*G84,2) -> 49702.65
A85: 6.3.2 | B85: 5213855 | C85: SICRO3 | D85: Suporte metálico galvanizado para placa de regulamentação - R1 - lado de 0,248 m - fornecimento e implantação | E85: un | F85: ='Simião Guerreiro'!F85+'Antônio de Oliveira'!F85+'Cenêncio Ferreira'!F85+'Central Pres. Médice'!F85+'Av. Central do Jacuí'!F85+'Andrade Neves'!F85+'Av. Pio XII'!F85+'Av. Maia Filho'!F85 -> 103 | G85: 470.83 | H85: 22.18 | I85: 558.73 | J85: =TRUNC(G85 * (1 + 23.38 / 100), 2) -> 580.91 | K85: =TRUNC(F85 * H85, 2) -> 2284.54 | L85: =M85 - K85 -> 57549.19 | M85: =TRUNC(F85 * J85, 2) -> 59833.73 | N85: =M85 / $M$115 -> 0.0079841031 | S85: =TRUNC(F85*G85,2) -> 48495.49
A86: 7 | D86: CONTROLE TECNOLÓGICO | M86: =M87 -> 49316.94 | N86: =M86 / $M$115 -> 0.0065807619 | O86: ='Simião Guerreiro'!M86+'Antônio de Oliveira'!M86+'Cenêncio Ferreira'!M86+'Central Pres. Médice'!M86+'Av. Central do Jacuí'!M86+'Andrade Neves'!M86+'Av. Pio XII'!M86 -> 49316.94 | P86: =M86-O86 -> 0 | S86: =TRUNC(F86*G86,2) -> 0
A87: 7.1 | D87: ENSAIOS PARA A CAMADA ASFÁLTICA APLICADA | M87: =SUM(M88:M93) -> 49316.94 | N87: =M87 / $M$115 -> 0.0065807619 | O87: ='Simião Guerreiro'!M87+'Antônio de Oliveira'!M87+'Cenêncio Ferreira'!M87+'Central Pres. Médice'!M87+'Av. Central do Jacuí'!M87+'Andrade Neves'!M87+'Av. Pio XII'!M87 -> 49316.94 | P87: =M87-O87 -> 0 | S87: =TRUNC(F87*G87,2) -> 0
A88: 7.1.1 | B88: 73900/001 | C88: SINAPI | D88: ENSAIOS DE IMPRIMACAO - ASFALTO DILUIDO | E88: m² | F88: ='Simião Guerreiro'!F88+'Antônio de Oliveira'!F88+'Cenêncio Ferreira'!F88+'Central Pres. Médice'!F88+'Av. Central do Jacuí'!F88+'Andrade Neves'!F88+'Av. Pio XII'!F88+'Av. Maia Filho'!F88 -> 7061.88 | G88: 0.07 | H88: 0.06 | I88: 0.02 | J88: =TRUNC(G88 * (1 + 23.38 / 100), 2) -> 0.08 | K88: =TRUNC(F88 * H88, 2) -> 423.71 | L88: =M88 - K88 -> 141.24 | M88: =TRUNC(F88 * J88, 2) -> 564.95 | N88: =M88 / $M$115 -> 7.5385891e-05 | S88: =TRUNC(F88*G88,2) -> 494.33
A89: 7.1.2 | B89: 74259 | C89: SINAPI | D89: ENSAIOS DE PINTURA DE LIGACAO | E89: m² | F89: ='Simião Guerreiro'!F89+'Antônio de Oliveira'!F89+'Cenêncio Ferreira'!F89+'Central Pres. Médice'!F89+'Av. Central do Jacuí'!F89+'Andrade Neves'!F89+'Av. Pio XII'!F89+'Av. Maia Filho'!F89 -> 64318.59 | G89: 0.03 | H89: 0.03 | I89: 0 | J89: =TRUNC(G89 * (1 + 23.38 / 100), 2) -> 0.03 | K89: =TRUNC(F89 * H89, 2) -> 1929.55 | L89: =M89 - K89 -> 0 | M89: =TRUNC(F89 * J89, 2) -> 1929.55 | N89: =M89 / $M$115 -> 0.00025747561 | S89: =TRUNC(F89*G89,2) -> 1929.55
A90: 7.1.3 | B90: 74022/052 | C90: SINAPI | D90: ENSAIO DE GRANULOMETRIA DO AGREGADO | E90: UN | F90: ='Simião Guerreiro'!F90+'Antônio de Oliveira'!F90+'Cenêncio Ferreira'!F90+'Central Pres. Médice'!F90+'Av. Central do Jacuí'!F90+'Andrade Neves'!F90+'Av. Pio XII'!F90+'Av. Maia Filho'!F90 -> 49 | G90: 112.25 | H90: 119.29 | I90: 19.2 | J90: =TRUNC(G90 * (1 + 23.38 / 100), 2) -> 138.49 | K90: =TRUNC(F90 * H90, 2) -> 5845.21 | L90: =M90 - K90 -> 940.8 | M90: =TRUNC(F90 * J90, 2) -> 6786.01 | N90: =M90 / $M$115 -> 0.00090551272 | S90: =TRUNC(F90*G90,2) -> 5500.25
A91: 7.1.4 | B91: 74022/040 | C91: SINAPI | D91: ENSAIO MARSHALL - MISTURA BETUMINOSA A QUENTE | E91: UN | F91: ='Simião Guerreiro'!F91+'Antônio de Oliveira'!F91+'Cenêncio Ferreira'!F91+'Central Pres. Médice'!F91+'Av. Central do Jacuí'!F91+'Andrade Neves'!F91+'Av. Pio XII'!F91+'Av. Maia Filho'!F91 -> 49 | G91: 392.87 | H91: 417.51 | I91: 67.21 | J91: =TRUNC(G91 * (1 + 23.38 / 100), 2) -> 484.72 | K91: =TRUNC(F91 * H91, 2) -> 20457.99 | L91: =M91 - K91 -> 3293.29 | M91: =TRUNC(F91 * J91, 2) -> 23751.28 | N91: =M91 / $M$115 -> 0.0031693272 | S91: =TRUNC(F91*G91,2) -> 19250.63
A92: 7.1.5 | B92: 74022/035 | C92: SINAPI | D92: ENSAIO DE PERCENTAGEM DE BETUME - MISTURAS BETUMINOSAS | E92: UN | F92: ='Simião Guerreiro'!F92+'Antônio de Oliveira'!F92+'Cenêncio Ferreira'!F92+'Central Pres. Médice'!F92+'Av. Central do Jacuí'!F92+'Andrade Neves'!F92+'Av. Pio XII'!F92+'Av. Maia Filho'!F92 -> 49 | G92: 168.37 | H92: 178.93 | I92: 28.8 | J92: =TRUNC(G92 * (1 + 23.38 / 100), 2) -> 207.73 | K92: =TRUNC(F92 * H92, 2) -> 8767.57 | L92: =M92 - K92 -> 1411.2 | M92: =TRUNC(F92 * J92, 2) -> 10178.77 | N92: =M92 / $M$115 -> 0.0013582364 | S92: =TRUNC(F92*G92,2) -> 8250.13
A93: 7.1.6 | B93: 74022/053 | C93: SINAPI | D93: ENSAIO DE CONTROLE DO GRAU DE COMPACTACAO DA MISTURA ASFALTICA | E93: UN | F93: ='Simião Guerreiro'!F93+'Antônio de Oliveira'!F93+'Cenêncio Ferreira'!F93+'Central Pres. Médice'!F93+'Av. Central do Jacuí'!F93+'Andrade Neves'!F93+'Av. Pio XII'!F93+'Av. Maia Filho'!F93 -> 49 | G93: 101.01 | H93: 107.35 | I93: 17.27 | J93: =TRUNC(G93 * (1 + 23.38 / 100), 2) -> 124.62 | K93: =TRUNC(F93 * H93, 2) -> 5260.15 | L93: =M93 - K93 -> 846.23 | M93: =TRUNC(F93 * J93, 2) -> 6106.38 | N93: =M93 / $M$115 -> 0.00081482414 | S93: =TRUNC(F93*G93,2) -> 4949.49
A94: 8 | D94: SINALIZAÇÃO DE OBRA | M94: =SUM(M95:M98) -> 8394.72 | N94: =M94 / $M$115 -> 0.001120176 | O94: ='Simião Guerreiro'!M94+'Antônio de Oliveira'!M94+'Cenêncio Ferreira'!M94+'Central Pres. Médice'!M94+'Av. Central do Jacuí'!M94+'Andrade Neves'!M94+'Av. Pio XII'!M94 -> 8394.72 | P94: =M94-O94 -> 0 | S94: =TRUNC(F94*G94,2) -> 0
A95: 8.1 | B95: 5213850 | C95: SICRO3 | D95: Operação de sinalização por bandeirola de tecido ou com placa metálica | E95: h | F95: ='Simião Guerreiro'!F95+'Antônio de Oliveira'!F95+'Cenêncio Ferreira'!F95+'Central Pres. Médice'!F95+'Av. Central do Jacuí'!F95+'Andrade Neves'!F95+'Av. Pio XII'!F95+'Av. Maia Filho'!F95 -> 96 | G95: 24.78 | H95: 29.34 | I95: 1.23 | J95: =TRUNC(G95 * (1 + 23.38 / 100), 2) -> 30.57 | K95: =TRUNC(F95 * H95, 2) -> 2816.64 | L95: =M95 - K95 -> 118.08 | M95: =TRUNC(F95 * J95, 2) -> 2934.72 | N95: =M95 / $M$115 -> 0.00039160365 | S95: =TRUNC(F95*G95,2) -> 2378.88
A96: 8.2 | B96: 5213835 | C96: SICRO3 | D96: Cone plástico para canalização de trânsito - utilização de 150 ciclos - fornecimento, 01 implantação e 01 retirada diária | E96: un.dia | F96: ='Simião Guerreiro'!F96+'Antônio de Oliveira'!F96+'Cenêncio Ferreira'!F96+'Central Pres. Médice'!F96+'Av. Central do Jacuí'!F96+'Andrade Neves'!F96+'Av. Pio XII'!F96+'Av. Maia Filho'!F96 -> 1200 | G96: 0.9 | H96: 0.05 | I96: 1.06 | J96: =TRUNC(G96 * (1 + 23.38 / 100), 2) -> 1.11 | K96: =TRUNC(F96 * H96, 2) -> 60 | L96: =M96 - K96 -> 1272 | M96: =TRUNC(F96 * J96, 2) -> 1332 | N96: =M96 / $M$115 -> 0.00017773963 | S96: =TRUNC(F96*G96,2) -> 1080
A97: 8.3 | B97: 5213349 | C97: SICRO3 | D97: Dispositivo de direcionamento ou bloqueio tipo tela plástica com suporte fixo - utilização de 150 ciclos - fornecimento, 01 implantação e 01 retirada diária | E97: m².dia | F97: ='Simião Guerreiro'!F97+'Antônio de Oliveira'!F97+'Cenêncio Ferreira'!F97+'Central Pres. Médice'!F97+'Av. Central do Jacuí'!F97+'Andrade Neves'!F97+'Av. Pio XII'!F97+'Av. Maia Filho'!F97 -> 1200 | G97: 0.8 | H97: 0.23 | I97: 0.75 | J97: =TRUNC(G97 * (1 + 23.38 / 100), 2) -> 0.98 | K97: =TRUNC(F97 * H97, 2) -> 276 | L97: =M97 - K97 -> 900 | M97: =TRUNC(F97 * J97, 2) -> 1176 | N97: =M97 / $M$115 -> 0.00015692328 | S97: =TRUNC(F97*G97,2) -> 960
A98: 8.4 | B98: 5212556 | C98: SICRO3 | D98: Placa para sinalização de obras montada em cavalete metálico - 1,00 x 1,00 m - utilização de 600 ciclos - fornecimento, 01 implantação e 01 retirada diária | E98: un.dia | F98: ='Simião Guerreiro'!F98+'Antônio de Oliveira'!F98+'Cenêncio Ferreira'!F98+'Central Pres. Médice'!F98+'Av. Central do Jacuí'!F98+'Andrade Neves'!F98+'Av. Pio XII'!F98+'Av. Maia Filho'!F98 -> 1200 | G98: 2 | H98: 0.51 | I98: 1.95 | J98: =TRUNC(G98 * (1 + 23.38 / 100), 2) -> 2.46 | K98: =TRUNC(F98 * H98, 2) -> 612 | L98: =M98 - K98 -> 2340 | M98: =TRUNC(F98 * J98, 2) -> 2952 | N98: =M98 / $M$115 -> 0.00039390946 | S98: =TRUNC(F98*G98,2) -> 2400
A99: 9 | D99: MELHORIAS NO PAISAGISMO E ILUMINAÇÃO | M99: =SUM(M100:M114) -> 1014790.1 | N99: =M99 / $M$115 -> 0.13541173 | S99: =TRUNC(F99*G99,2) -> 0
A100: 9.1 | B100: 100896 | C100: SINAPI | D100: ESTACA ESCAVADA MECANICAMENTE, SEM FLUIDO ESTABILIZANTE, COM 25CM DE DIÂMETRO, CONCRETO LANÇADO POR CAMINHÃO BETONEIRA (EXCLUSIVE MOBILIZAÇÃO E DESMOBILIZAÇÃO). AF_01/2020 | E100: M | F100: ='Simião Guerreiro'!F100+'Antônio de Oliveira'!F100+'Cenêncio Ferreira'!F100+'Central Pres. Médice'!F100+'Av. Central do Jacuí'!F100+'Andrade Neves'!F100+'Av. Pio XII'!F100+'Av. Maia Filho'!F100 -> 286 | G100: 66.77 | H100: 9.68 | I100: 72.7 | J100: =TRUNC(G100 * (1 + 23.38 / 100), 2) -> 82.38 | K100: =TRUNC(F100 * H100, 2) -> 2768.48 | L100: =M100 - K100 -> 20792.2 | M100: =TRUNC(F100 * J100, 2) -> 23560.68 | N100: =M100 / $M$115 -> 0.0031438939 | S100: =TRUNC(F100*G100,2) -> 19096.22
...

Sheet Simião Guerreiro
D1: Obra | E1: Bancos | H1: B.D.I. | K1: Encargos Sociais
D2: Rua Simião Guerreiro | E2: SINAPI - 03/2026 - RS SICRO3 - 01/2026 - RS | H2: 23,38% | K2: Não Desonerado: embutido nos preços unitário dos insumos de mão de obra, de acordo com as bases.
A3: Planilha Orçamentária Sintética Com Valor do Material e da Mão de Obra
A4: Item | B4: Código | C4: Banco | D4: Descrição | E4: Und | F4: Quant. | G4: Valor Unit | H4: Valor Unit com BDI | K4: Total | N4: Peso (%)
H5: M. O. | I5: MAT. | J5: Total | K5: M. O. | L5: MAT. | M5: Total
A6: 1 | D6: SERVIÇOS INICIAIS | M6: =SUM(M7:M11) -> 4060.13 | N6: =M6 / $M$115 -> 0.012645
A7: 1.1 | B7: 106168 | C7: SINAPI | D7: LIMPEZA DE RUA COM JATO DE ALTA PRESSÃO. AF_10/2025 | E7: m² | F7: 2827.4 | G7: ='Todas as Ruas'!G7 -> 0.67 | H7: ='Todas as Ruas'!H7 -> 0.25 | I7: ='Todas as Ruas'!I7 -> 0.57 | J7: ='Todas as Ruas'!J7 -> 0.82 | K7: =ROUND(F7 * H7, 2) -> 706.85 | L7: =M7 - K7 -> 1611.61 | M7: =TRUNC(F7 * J7, 2) -> 2318.46 | N7: =M7 / $M$115 -> 0.0072206868 | O7: =TRUNC(F7*G7,2) -> 1894.35
A8: 01.2 | B8: 4800412 | C8: SICRO3 | D8: Raspagem e limpeza de terreno plano | E8: m² | F8: =ROUND(F7*0.1,2) -> 282.74 | G8: ='Todas as Ruas'!G8 -> 5 | H8: ='Todas as Ruas'!H8 -> 5.86 | I8: ='Todas as Ruas'!I8 -> 0.3 | J8: ='Todas as Ruas'!J8 -> 6.16 | K8: =ROUND(F8 * H8, 2) -> 1656.86 | L8: =M8 - K8 -> 84.81 | M8: =TRUNC(F8 * J8, 2) -> 1741.67 | N8: =M8 / $M$115 -> 0.0054243134 | O8: =TRUNC(F8*G8,2) -> 1413.7
A9: 1.3 | B9: MOB01 | C9: Próprio | D9: MOBILIZAÇÃO E DESMOBILIZAÇÃO DE EQUIPAMENTOS | E9: UND | F9: 0 | G9: ='Todas as Ruas'!G9 -> 11428.163 | H9: ='Todas as Ruas'!H9 -> 461.45 | I9: ='Todas as Ruas'!I9 -> 10403.4 | J9: ='Todas as Ruas'!J9 -> 14100.06 | K9: =ROUND(F9 * H9, 2) -> 0 | L9: =M9 - K9 -> 0 | M9: =ROUND(F9 * J9, 2) -> 0 | N9: =M9 / $M$115 -> 0 | O9: =TRUNC(F9*G9,2) -> 0
A10: 1.4 | B10: 5213499 | C10: SICRO3 | D10: Placa em aço - 3,00 x 1,50 m - película retrorrefletiva tipo I + III - fornecimento e implantação | E10: un | F10: 0 | G10: ='Todas as Ruas'!G10 -> 1992.46 | H10: ='Todas as Ruas'!H10 -> 303.82 | I10: ='Todas as Ruas'!I10 -> 2154.47 | J10: ='Todas as Ruas'!J10 -> 2458.29 | K10: =ROUND(F10 * H10, 2) -> 0 | L10: =M10 - K10 -> 0 | M10: =ROUND(F10 * J10, 2) -> 0 | N10: =M10 / $M$115 -> 0 | O10: =TRUNC(F10*G10,2) -> 0
A11: 1.5 | B11: 5216111 | C11: SICRO3 | D11: Suporte para placa de sinalização em madeira de lei tratada 8 x 8 cm - fornecimento e implantação | E11: un | F11: 0 | G11: ='Todas as Ruas'!G11 -> 136.57 | H11: ='Todas as Ruas'!H11 -> 25.87 | I11: ='Todas as Ruas'!I11 -> 142.63 | J11: ='Todas as Ruas'!J11 -> 168.5 | K11: =ROUND(F11 * H11, 2) -> 0 | L11: =M11 - K11 -> 0 | M11: =ROUND(F11 * J11, 2) -> 0 | N11: =M11 / $M$115 -> 0 | O11: =TRUNC(F11*G11,2) -> 0
A12: 2 | D12: ADMINISTRAÇÃO LOCAL | M12: =SUM(M13:M23) -> 51776.79 | N12: =M12 / $M$115 -> 0.16125531 | O12: =TRUNC(F12*G12,2) -> 0
A13: 2.1 | B13: P9819 | C13: SICRO3 | D13: Engenheiro supervisor - mensalista | E13: mês | F13: =TRUNC(($F$7/'Todas as Ruas'!$F$7)*2,2) -> 0.15 | G13: ='Todas as Ruas'!G13 -> 30360.664 | H13: ='Todas as Ruas'!H13 -> 37458.98 | I13: ='Todas as Ruas'!I13 -> 0 | J13: ='Todas as Ruas'!J13 -> 37458.98 | K13: =M13 -> 5618.84 | L13: =M13 - K13 -> 0 | M13: =TRUNC(F13 * J13, 2) -> 5618.84 | N13: =M13 / $M$115 -> 0.017499497 | O13: =TRUNC(F13*G13,2) -> 4554.09
A14: 2.2 | B14: P9840 | C14: SICRO3 | D14: Encarregado geral - mensalista | E14: mês | F14: =TRUNC(($F$7/'Todas as Ruas'!$F$7)*6,2) -> 0.47 | G14: ='Todas as Ruas'!G14 -> 13144.488 | H14: ='Todas as Ruas'!H14 -> 16217.66 | I14: ='Todas as Ruas'!I14 -> 0 | J14: ='Todas as Ruas'!J14 -> 16217.66 | K14: =M14 -> 7622.3 | L14: =M14 - K14 -> 0 | M14: =TRUNC(F14 * J14, 2) -> 7622.3 | N14: =M14 / $M$115 -> 0.023739138 | O14: =TRUNC(F14*G14,2) -> 6177.9
A15: 02.3 | B15: P9949 | C15: SICRO3 | D15: Topógrafo - mensalista | E15: mês | F15: =TRUNC(($F$7/'Todas as Ruas'!$F$7)*6,2) -> 0.47 | G15: ='Todas as Ruas'!G15 -> 7296.3649 | H15: ='Todas as Ruas'!H15 -> 9002.25 | I15: ='Todas as Ruas'!I15 -> 0 | J15: ='Todas as Ruas'!J15 -> 9002.25 | K15: =M15 -> 4231.05 | L15: =M15 - K15 -> 0 | M15: =TRUNC(F15 * J15, 2) -> 4231.05 | N15: =M15 / $M$115 -> 0.013177319 | O15: =TRUNC(F15*G15,2) -> 3429.29
A16: 2.4 | B16: P9950 | C16: SICRO3 | D16: Auxiliar de topografia - mensalista | E16: mês | F16: =TRUNC(($F$7/'Todas as Ruas'!$F$7)*6,2) -> 0.47 | G16: ='Todas as Ruas'!G16 -> 5189.7538 | H16: ='Todas as Ruas'!H16 -> 6403.11 | I16: ='Todas as Ruas'!I16 -> 0 | J16: ='Todas as Ruas'!J16 -> 6403.11 | K16: =M16 -> 3009.46 | L16: =M16 - K16 -> 0 | M16: =TRUNC(F16 * J16, 2) -> 3009.46 | N16: =M16 / $M$115 -> 0.0093727596 | O16: =TRUNC(F16*G16,2) -> 2439.18
A17: 2.5 | B17: P9893 | C17: SICRO3 | D17: Encarregado de pavimentação - mensalista | E17: mês | F17: =TRUNC(($F$7/'Todas as Ruas'!$F$7)*6,2) -> 0.47 | G17: ='Todas as Ruas'!G17 -> 8605.0395 | H17: ='Todas as Ruas'!H17 -> 10616.88 | I17: ='Todas as Ruas'!I17 -> 0 | J17: ='Todas as Ruas'!J17 -> 10616.89 | K17: =M17 -> 4989.94 | L17: =M17 - K17 -> 0 | M17: =ROUND(F17 * J17, 2) -> 4989.94 | N17: =M17 / $M$115 -> 0.015540831 | O17: =TRUNC(F17*G17,2) -> 4044.36
A18: 2.6 | B18: P9875 | C18: SICRO3 | D18: Encarregado de turma - mensalista | E18: mês | F18: =TRUNC(($F$7/'Todas as Ruas'!$F$7)*2,2) -> 0.15 | G18: ='Todas as Ruas'!G18 -> 5778.4355 | H18: ='Todas as Ruas'!H18 -> 7129.42 | I18: ='Todas as Ruas'!I18 -> 0 | J18: ='Todas as Ruas'!J18 -> 7129.43 | K18: =ROUND(F18 * H18, 2) -> 1069.41 | L18: =M18 - K18 -> 0 | M18: =ROUND(F18 * J18, 2) -> 1069.41 | N18: =M18 / $M$115 -> 0.0033306051 | O18: =TRUNC(F18*G18,2) -> 866.76
A19: 2.7 | B19: P9804 | C19: SICRO3 | D19: Apontador - mensalista | E19: mês | F19: =TRUNC(($F$7/'Todas as Ruas'!$F$7)*6,2) -> 0.47 | G19: ='Todas as Ruas'!G19 -> 4987.0395 | H19: ='Todas as Ruas'!H19 -> 6152.99 | I19: ='Todas as Ruas'!I19 -> 0 | J19: ='Todas as Ruas'!J19 -> 6153 | K19: =M19 -> 2891.91 | L19: =M19 - K19 -> 0 | M19: =ROUND(F19 * J19, 2) -> 2891.91 | N19: =M19 / $M$115 -> 0.009006658 | O19: =TRUNC(F19*G19,2) -> 2343.9
A20: 2.8 | B20: P9876 | C20: SICRO3 | D20: Técnico de segurança do trabalho - mensalista | E20: mês | F20: =TRUNC(($F$7/'Todas as Ruas'!$F$7)*6,2) -> 0.47 | G20: ='Todas as Ruas'!G20 -> 7704.921 | H20: ='Todas as Ruas'!H20 -> 9506.33 | I20: ='Todas as Ruas'!I20 -> 0 | J20: ='Todas as Ruas'!J20 -> 9506.33 | K20: =ROUND(F20 * H20, 2) -> 4467.98 | L20: =M20 - K20 -> 0 | M20: =ROUND(F20 * J20, 2) -> 4467.98 | N20: =M20 / $M$115 -> 0.013915221 | O20: =TRUNC(F20*G20,2) -> 3621.31
A21: 2.9 | B21: E9134 | C21: SICRO3 | D21: Miniônibus com capacidade para 30 passageiros - 120 kW | E21: H | F21: =ROUND(($F$7/'Todas as Ruas'!$F$7)*320,2) -> 25.52 | G21: ='Todas as Ruas'!G21 -> 245.1778 | H21: ='Todas as Ruas'!H21 -> 0 | I21: ='Todas as Ruas'!I21 -> 302.49 | J21: ='Todas as Ruas'!J21 -> 302.5 | K21: =ROUND(F21 * H21, 2) -> 0 | L21: =M21 - K21 -> 7719.8 | M21: =ROUND(F21 * J21, 2) -> 7719.8 | N21: =M21 / $M$115 -> 0.024042795 | O21: =TRUNC(F21*G21,2) -> 6256.93 | P21: =9*4*20 -> 720
A22: 2.10 | B22: E9134 | C22: SICRO3 | D22: Miniônibus com capacidade para 30 passageiros - 120 kW | E22: H | F22: =TRUNC(($F$7/'Todas as Ruas'!$F$7)*120,2) -> 9.56 | G22: ='Todas as Ruas'!G22 -> 245.1778 | H22: ='Todas as Ruas'!H22 -> 0 | I22: ='Todas as Ruas'!I22 -> 302.49 | J22: ='Todas as Ruas'!J22 -> 302.5 | K22: =ROUND(F22 * H22, 2) -> 0 | L22: =M22 - K22 -> 2891.9 | M22: =ROUND(F22 * J22, 2) -> 2891.9 | N22: =M22 / $M$115 -> 0.0090066269 | O22: =TRUNC(F22*G22,2) -> 2343.89
A23: 2.11 | B23: M0295 | C23: SICRO3 | D23: Estrutura modular com revestimento térmico, janela e banheiro - L = 2,44 m e C = 6,06 m (1 TEU) | E23: un | F23: =ROUND(($F$7/'Todas as Ruas'!$F$7)*1,2) -> 0.08 | G23: ='Todas as Ruas'!G23 -> 73595.798 | H23: ='Todas as Ruas'!H23 -> 0 | I23: ='Todas as Ruas'!I23 -> 90802.48 | J23: ='Todas as Ruas'!J23 -> 90802.49 | K23: =ROUND(F23 * H23, 2) -> 0 | L23: =M23 - K23 -> 7264.2 | M23: =ROUND(F23 * J23, 2) -> 7264.2 | N23: =M23 / $M$115 -> 0.022623859 | O23: =TRUNC(F23*G23,2) -> 5887.66
A24: 3 | D24: DRENAGEM PLUVIAL | M24: =SUM(M25:M38) -> 0 | N24: =M24 / $M$115 -> 0 | O24: =TRUNC(F24*G24,2) -> 0
A25: 3.1 | B25: 4805757 | C25: SICRO3 | D25: Escavação mecânica de vala em material de 1ª categoria | E25: m³ | F25: 0 | G25: ='Todas as Ruas'!G25 -> 7.03 | H25: ='Todas as Ruas'!H25 -> 1.12 | I25: ='Todas as Ruas'!I25 -> 7.55 | J25: ='Todas as Ruas'!J25 -> 8.67 | K25: =TRUNC(F25 * H25, 2) -> 0 | L25: =M25 - K25 -> 0 | M25: =TRUNC(F25 * J25, 2) -> 0 | N25: =M25 / $M$115 -> 0 | O25: =TRUNC(F25*G25,2) -> 0
A26: 3.2 | B26: 2003850 | C26: SICRO3 | D26: Lastro de brita comercial compactado com soquete vibratório - espalhamento manual | E26: m³ | F26: 0 | G26: ='Todas as Ruas'!G26 -> 163.35 | H26: ='Todas as Ruas'!H26 -> 12.29 | I26: ='Todas as Ruas'!I26 -> 189.25 | J26: ='Todas as Ruas'!J26 -> 201.54 | K26: =TRUNC(F26 * H26, 2) -> 0 | L26: =M26 - K26 -> 0 | M26: =TRUNC(F26 * J26, 2) -> 0 | N26: =M26 / $M$115 -> 0 | O26: =TRUNC(F26*G26,2) -> 0
A27: 3.3 | B27: 0804021 | C27: SICRO3 | D27: Corpo de BSTC D = 0,60 m PA1 - areia, brita e pedra de mão comerciais | E27: m | F27: 0 | G27: ='Todas as Ruas'!G27 -> 470.66 | H27: ='Todas as Ruas'!H27 -> 66.45 | I27: ='Todas as Ruas'!I27 -> 514.25 | J27: ='Todas as Ruas'!J27 -> 580.7 | K27: =TRUNC(F27 * H27, 2) -> 0 | L27: =M27 - K27 -> 0 | M27: =TRUNC(F27 * J27, 2) -> 0 | N27: =M27 / $M$115 -> 0 | O27: =TRUNC(F27*G27,2) -> 0
A28: 3.4 | B28: 4815671 | C28: SICRO3 | D28: Reaterro e compactação com soquete vibratório | E28: m³ | F28: 0 | G28: ='Todas as Ruas'!G28 -> 20.21 | H28: ='Todas as Ruas'!H28 -> 18.85 | I28: ='Todas as Ruas'!I28 -> 6.08 | J28: ='Todas as Ruas'!J28 -> 24.93 | K28: =TRUNC(F28 * H28, 2) -> 0 | L28: =M28 - K28 -> 0 | M28: =TRUNC(F28 * J28, 2) -> 0 | N28: =M28 / $M$115 -> 0 | O28: =TRUNC(F28*G28,2) -> 0
A29: 3.5 | B29: 4011276 | C29: SICRO3 | D29: Base ou sub-base de brita graduada com brita comercial - 100% Proctor modificado | E29: m³ | F29: 0 | G29: ='Todas as Ruas'!G29 -> 240.05 | H29: ='Todas as Ruas'!H29 -> 1.03 | I29: ='Todas as Ruas'!I29 -> 295.14 | J29: ='Todas as Ruas'!J29 -> 296.17 | K29: =TRUNC(F29 * H29, 2) -> 0 | L29: =M29 - K29 -> 0 | M29: =TRUNC(F29 * J29, 2) -> 0 | N29: =M29 / $M$115 -> 0 | O29: =TRUNC(F29*G29,2) -> 0
A30: 3.6 | B30: 5914389 | C30: SICRO3 | D30: Transporte com caminhão basculante de 10 m³ - rodovia pavimentada | E30: tkm | F30: 0 | G30: ='Todas as Ruas'!G30 -> 0.82 | H30: ='Todas as Ruas'!H30 -> 0 | I30: ='Todas as Ruas'!I30 -> 1.01 | J30: ='Todas as Ruas'!J30 -> 1.01 | K30: =TRUNC(F30 * H30, 2) -> 0 | L30: =M30 - K30 -> 0 | M30: =TRUNC(F30 * J30, 2) -> 0 | N30: =M30 / $M$115 -> 0 | O30: =TRUNC(F30*G30,2) -> 0
A31: 3.7 | B31: 4011351 | C31: SICRO3 | D31: Imprimação com asfalto diluído | E31: m² | F31: 0 | G31: ='Todas as Ruas'!G31 -> 0.56 | H31: ='Todas as Ruas'!H31 -> 0.05 | I31: ='Todas as Ruas'!I31 -> 0.64 | J31: ='Todas as Ruas'!J31 -> 0.69 | K31: =TRUNC(F31 * H31, 2) -> 0 | L31: =M31 - K31 -> 0 | M31: =TRUNC(F31 * J31, 2) -> 0 | N31: =M31 / $M$115 -> 0 | O31: =TRUNC(F31*G31,2) -> 0
A32: 3.8 | B32: M0104 | C32: SICRO3 | D32: Asfalto diluído de petróleo - CM-30 | E32: t | F32: 0 | G32: ='Todas as Ruas'!G32 -> 3122.09 | H32: ='Todas as Ruas'!H32 -> 0 | I32: ='Todas as Ruas'!I32 -> 3590.4 | J32: ='Todas as Ruas'!J32 -> 3590,4 (15.0%) | K32: =TRUNC(F32 * H32, 2) -> 0 | L32: =M32 - K32 -> 0 | M32: =TRUNC((F32 * 1 ) * TRUNC(G32 * (1 + 15 / 100), 2), 2) -> 0 | N32: =M32 / $M$115 -> 0 | O32: =TRUNC(F32*G32,2) -> 0
A33: 3.9 | B33: 102330 | C33: SINAPI | D33: TRANSPORTE COM CAMINHÃO TANQUE DE TRANSPORTE DE MATERIAL ASFÁLTICO DE 30000 L, EM VIA URBANA PAVIMENTADA, DMT ATÉ 30KM (UNIDADE: TXKM). AF_02/2026 | E33: TXKM | F33: 0 | G33: ='Todas as Ruas'!G33 -> 1.69 | H33: ='Todas as Ruas'!H33 -> 0.13 | I33: ='Todas as Ruas'!I33 -> 1.95 | J33: ='Todas as Ruas'!J33 -> 2.08 | K33: =TRUNC(F33 * H33, 2) -> 0 | L33: =M33 - K33 -> 0 | M33: =TRUNC(F33 * J33, 2) -> 0 | N33: =M33 / $M$115 -> 0 | O33: =TRUNC(F33*G33,2) -> 0
A34: 3.10 | B34: 102331 | C34: SINAPI | D34: TRANSPORTE COM CAMINHÃO TANQUE DE TRANSPORTE DE MATERIAL ASFÁLTICO DE 30000 L, EM VIA URBANA PAVIMENTADA, ADICIONAL PARA DMT EXCEDENTE A 30 KM (UNIDADE: TXKM). AF_02/2026 | E34: TXKM | F34: 0 | G34: ='Todas as Ruas'!G34 -> 0.64 | H34: ='Todas as Ruas'!H34 -> 0.05 | I34: ='Todas as Ruas'!I34 -> 0.73 | J34: ='Todas as Ruas'!J34 -> 0.78 | K34: =TRUNC(F34 * H34, 2) -> 0 | L34: =M34 - K34 -> 0 | M34: =TRUNC(F34 * J34, 2) -> 0 | N34: =M34 / $M$115 -> 0 | O34: =TRUNC(F34*G34,2) -> 0
A35: 3.11 | B35: 2003517 | C35: SICRO3 | D35: Caixa coletora de sarjeta - CCS 200-60 B - com grelha de aço - areia e brita comerciais | E35: un | F35: 0 | G35: ='Todas as Ruas'!G35 -> 4969.53 | H35: ='Todas as Ruas'!H35 -> 2317.22 | I35: ='Todas as Ruas'!I35 -> 3814.18 | J35: ='Todas as Ruas'!J35 -> 6131.4 | K35: =TRUNC(F35 * H35, 2) -> 0 | L35: =M35 - K35 -> 0 | M35: =TRUNC(F35 * J35, 2) -> 0 | N35: =M35 / $M$115 -> 0 | O35: =TRUNC(F35*G35,2) -> 0
A36: 3.12 | B36: 1023 | C36: Próprio | D36: REFORMA E NIVELAMENTO BOCA DE LOBO EXISTENTE COM GRELHA DE FERRO (COM DIMENSÕES ATÉ 1,40 X 1,40 m) | E36: un | F36: 0 | G36: 1900.28 | H36: =J36-I36 -> 468.91 | I36: =ROUND(J36*0.8,2) -> 1875.65 | J36: ='Todas as Ruas'!J36 -> 2344.56 | K36: =TRUNC(F36 * H36, 2) -> 0 | L36: =M36 - K36 -> 0 | M36: =TRUNC(F36 * J36, 2) -> 0 | N36: =M36 / $M$115 -> 0
A37: 3.13 | B37: 2003261 | C37: SICRO3 | D37: Sarjeta triangular de concreto - STC 80-15 - escavação mecânica - areia e brita comerciais | E37: m | F37: 0 | G37: ='Todas as Ruas'!G37 -> 51.88 | H37: ='Todas as Ruas'!H37 -> 13.89 | I37: ='Todas as Ruas'!I37 -> 50.11 | J37: ='Todas as Ruas'!J37 -> 64 | K37: =TRUNC(F37 * H37, 2) -> 0 | L37: =M37 - K37 -> 0 | M37: =TRUNC(F37 * J37, 2) -> 0 | N37: =M37 / $M$115 -> 0 | O37: =TRUNC(F37*G37,2) -> 0
A38: 3.14 | B38: 0804081 | C38: SICRO3 | D38: Boca de BSTC D = 0,60 m - esconsidade 0° - areia e brita comerciais - alas retas | E38: un | F38: 0 | G38: ='Todas as Ruas'!G38 -> 798.59 | H38: ='Todas as Ruas'!H38 -> 324.84 | I38: ='Todas as Ruas'!I38 -> 660.46 | J38: ='Todas as Ruas'!J38 -> 985.3 | K38: =TRUNC(F38 * H38, 2) -> 0 | L38: =M38 - K38 -> 0 | M38: =TRUNC(F38 * J38, 2) -> 0 | N38: =M38 / $M$115 -> 0 | O38: =TRUNC(F38*G38,2) -> 0
A39: 4 | D39: PAVIMENTAÇÃO ASFÁLTICA | M39: =M40+M50+M60 -> 249664.05 | N39: =M39 / $M$115 -> 0.77756179 | O39: =TRUNC(F39*G39,2) -> 0
A40: 4.1 | D40: REPERFILAGEM | M40: =SUM(M41:M49) -> 114107.5 | N40: =M40 / $M$115 -> 0.35538009 | O40: =TRUNC(F40*G40,2) -> 0
A41: 4.1.1 | B41: 4011353 | C41: SICRO3 | D41: Pintura de ligação | E41: m² | F41: =F7 -> 2827.4 | G41: ='Todas as Ruas'!G41 -> 0.42 | H41: ='Todas as Ruas'!H41 -> 0.03 | I41: ='Todas as Ruas'!I41 -> 0.48 | J41: ='Todas as Ruas'!J41 -> 0.51 | K41: =ROUND(F41 * H41, 2) -> 84.82 | L41: =M41 - K41 -> 1357.15 | M41: =ROUND(F41 * J41, 2) -> 1441.97 | N41: =M41 / $M$115 -> 0.004490918 | O41: =TRUNC(F41*G41,2) -> 1187.5
A42: 4.1.2 | B42: M1946 | C42: SICRO3 | D42: Emulsão asfáltica - RR-1C | E42: t | F42: =ROUND(F41*0.0005,2) -> 1.41 | G42: ='Todas as Ruas'!G42 -> 3133.24 | H42: ='Todas as Ruas'!H42 -> 0 | I42: ='Todas as Ruas'!I42 -> 3603.22 | J42: ='Todas as Ruas'!J42 -> 3603,22 (15.0%) | K42: =TRUNC(F42 * H42, 2) -> 0 | L42: =M42 - K42 -> 5080.54 | M42: =ROUND((F42 * 1 ) * TRUNC(G42 * (1 + 15 / 100), 2), 2) -> 5080.54 | N42: =M42 / $M$115 -> 0.015822998 | O42: =TRUNC(F42*G42,2) -> 4417.86
A43: 4.1.3 | B43: 102330 | C43: SINAPI | D43: TRANSPORTE COM CAMINHÃO TANQUE DE TRANSPORTE DE MATERIAL ASFÁLTICO DE 30000 L, EM VIA URBANA PAVIMENTADA, DMT ATÉ 30KM (UNIDADE: TXKM). AF_02/2026 | E43: TXKM | F43: =ROUND(F42*30,2) -> 42.3 | G43: ='Todas as Ruas'!G43 -> 1.69 | H43: ='Todas as Ruas'!H43 -> 0.13 | I43: ='Todas as Ruas'!I43 -> 1.95 | J43: ='Todas as Ruas'!J43 -> 2.08 | K43: =ROUND(F43 * H43, 2) -> 5.5 | L43: =M43 - K43 -> 82.48 | M43: =ROUND(F43 * J43, 2) -> 87.98 | N43: =M43 / $M$115 -> 0.00027400776 | O43: =TRUNC(F43*G43,2) -> 71.48
A44: 4.1.4 | B44: 102331 | C44: SINAPI | D44: TRANSPORTE COM CAMINHÃO TANQUE DE TRANSPORTE DE MATERIAL ASFÁLTICO DE 30000 L, EM VIA URBANA PAVIMENTADA, ADICIONAL PARA DMT EXCEDENTE A 30 KM (UNIDADE: TXKM). AF_02/2026 | E44: TXKM | F44: =ROUND(F42*(DMT!$H$31-30),2) -> 435.69 | G44: ='Todas as Ruas'!G44 -> 0.64 | H44: ='Todas as Ruas'!H44 -> 0.05 | I44: ='Todas as Ruas'!I44 -> 0.73 | J44: ='Todas as Ruas'!J44 -> 0.78 | K44: =ROUND(F44 * H44, 2) -> 21.78 | L44: =M44 - K44 -> 318.06 | M44: =ROUND(F44 * J44, 2) -> 339.84 | N44: =M44 / $M$115 -> 0.0010584087 | O44: =TRUNC(F44*G44,2) -> 278.84
A45: 4.1.5 | B45: 4011463 | C45: SICRO3 | D45: Concreto asfáltico - faixa C-12,5 - areia e brita comerciais | E45: t | F45: =ROUND(F41*0.025*2.5548,2) -> 180.59 | G45: ='Todas as Ruas'!G45 -> 191.74 | H45: ='Todas as Ruas'!H45 -> 3.53 | I45: ='Todas as Ruas'!I45 -> 233.03 | J45: ='Todas as Ruas'!J45 -> 236.56 | K45: =ROUND(F45 * H45, 2) -> 637.48 | L45: =M45 - K45 -> 42082.89 | M45: =ROUND(F45 * J45, 2) -> 42720.37 | N45: =M45 / $M$115 -> 0.1330497 | O45: =TRUNC(F45*G45,2) -> 34626.32
A46: 4.1.6 | B46: M1943 | C46: SICRO3 | D46: Cimento asfáltico de petróleo - CAP 50/70 | E46: t | F46: =ROUND(F45*0.055,2) -> 9.93 | G46: ='Todas as Ruas'!G46 -> 4117.58 | H46: ='Todas as Ruas'!H46 -> 0 | I46: ='Todas as Ruas'!I46 -> 4735.21 | J46: ='Todas as Ruas'!J46 -> 4735,21 (15.0%) | K46: =TRUNC(F46 * H46, 2) -> 0 | L46: =M46 - K46 -> 47020.64 | M46: =ROUND((F46 * 1 ) * TRUNC(G46 * (1 + 15 / 100), 2), 2) -> 47020.64 | N46: =M46 / $M$115 -> 0.1464426 | O46: =TRUNC(F46*G46,2) -> 40887.56
A47: 4.1.7 | B47: 102330 | C47: SINAPI | D47: TRANSPORTE COM CAMINHÃO TANQUE DE TRANSPORTE DE MATERIAL ASFÁLTICO DE 30000 L, EM VIA URBANA PAVIMENTADA, DMT ATÉ 30KM (UNIDADE: TXKM). AF_02/2026 | E47: TXKM | F47: =ROUND(F46*30,2) -> 297.9 | G47: ='Todas as Ruas'!G47 -> 1.69 | H47: ='Todas as Ruas'!H47 -> 0.13 | I47: ='Todas as Ruas'!I47 -> 1.95 | J47: ='Todas as Ruas'!J47 -> 2.08 | K47: =ROUND(F47 * H47, 2) -> 38.73 | L47: =M47 - K47 -> 580.9 | M47: =ROUND(F47 * J47, 2) -> 619.63 | N47: =M47 / $M$115 -> 0.0019297957 | O47: =TRUNC(F47*G47,2) -> 503.45
A48: 4.1.8 | B48: 102331 | C48: SINAPI | D48: TRANSPORTE COM CAMINHÃO TANQUE DE TRANSPORTE DE MATERIAL ASFÁLTICO DE 30000 L, EM VIA URBANA PAVIMENTADA, ADICIONAL PARA DMT EXCEDENTE A 30 KM (UNIDADE: TXKM). AF_02/2026 | E48: TXKM | F48: =ROUND(F46*(DMT!$H$31-30),2) -> 3068.37 | G48: ='Todas as Ruas'!G48 -> 0.64 | H48: ='Todas as Ruas'!H48 -> 0.05 | I48: ='Todas as Ruas'!I48 -> 0.73 | J48: ='Todas as Ruas'!J48 -> 0.78 | K48: =ROUND(F48 * H48, 2) -> 153.42 | L48: =M48 - K48 -> 2239.91 | M48: =ROUND(F48 * J48, 2) -> 2393.33 | N48: =M48 / $M$115 -> 0.0074538644 | O48: =TRUNC(F48*G48,2) -> 1963.75
A49: 4.1.9 | B49: 5914389 | C49: SICRO3 | D49: Transporte com caminhão basculante de 10 m³ - rodovia pavimentada | E49: tkm | F49: =ROUND(F45*DMT!$H$20,2) -> 14260.59 | G49: ='Todas as Ruas'!G49 -> 0.82 | H49: ='Todas as Ruas'!H49 -> 0 | I49: ='Todas as Ruas'!I49 -> 1.01 | J49: ='Todas as Ruas'!J49 -> 1.01 | K49: =ROUND(F49 * H49, 2) -> 0 | L49: =M49 - K49 -> 14403.2 | M49: =ROUND(F49 * J49, 2) -> 14403.2 | N49: =M49 / $M$115 -> 0.044857792 | O49: =TRUNC(F49*G49,2) -> 11693.68
A50: 4.2 | D50: CAPA ASFÁLTICA | M50: =SUM(M51:M59) -> 135556.55 | N50: =M50 / $M$115 -> 0.4221817 | O50: =TRUNC(F50*G50,2) -> 0
A51: 4.2.1 | B51: 4011353 | C51: SICRO3 | D51: Pintura de ligação | E51: m² | F51: =F7 -> 2827.4 | G51: ='Todas as Ruas'!G51 -> 0.42 | H51: ='Todas as Ruas'!H51 -> 0.03 | I51: ='Todas as Ruas'!I51 -> 0.48 | J51: ='Todas as Ruas'!J51 -> 0.51 | K51: =ROUND(F51 * H51, 2) -> 84.82 | L51: =M51 - K51 -> 1357.15 | M51: =ROUND(F51 * J51, 2) -> 1441.97 | N51: =M51 / $M$115 -> 0.004490918 | O51: =TRUNC(F51*G51,2) -> 1187.5
A52: 4.2.2 | B52: M1946 | C52: SICRO3 | D52: Emulsão asfáltica - RR-1C | E52: t | F52: =ROUND(F51*0.0005,2) -> 1.41 | G52: ='Todas as Ruas'!G52 -> 3133.24 | H52: ='Todas as Ruas'!H52 -> 0 | I52: ='Todas as Ruas'!I52 -> 3603.22 | J52: ='Todas as Ruas'!J52 -> 3603,22 (15.0%) | K52: =TRUNC(F52 * H52, 2) -> 0 | L52: =M52 - K52 -> 5080.54 | M52: =ROUND((F52 * 1 ) * TRUNC(G52 * (1 + 15 / 100), 2), 2) -> 5080.54 | N52: =M52 / $M$115 -> 0.015822998 | O52: =TRUNC(F52*G52,2) -> 4417.86
A53: 4.2.3 | B53: 102330 | C53: SINAPI | D53: TRANSPORTE COM CAMINHÃO TANQUE DE TRANSPORTE DE MATERIAL ASFÁLTICO DE 30000 L, EM VIA URBANA PAVIMENTADA, DMT ATÉ 30KM (UNIDADE: TXKM). AF_02/2026 | E53: TXKM | F53: =ROUND(F52*30,2) -> 42.3 | G53: ='Todas as Ruas'!G53 -> 1.69 | H53: ='Todas as Ruas'!H53 -> 0.13 | I53: ='Todas as Ruas'!I53 -> 1.95 | J53: ='Todas as Ruas'!J53 -> 2.08 | K53: =ROUND(F53 * H53, 2) -> 5.5 | L53: =M53 - K53 -> 82.48 | M53: =ROUND(F53 * J53, 2) -> 87.98 | N53: =M53 / $M$115 -> 0.00027400776 | O53: =TRUNC(F53*G53,2) -> 71.48
A54: 4.2.4 | B54: 102331 | C54: SINAPI | D54: TRANSPORTE COM CAMINHÃO TANQUE DE TRANSPORTE DE MATERIAL ASFÁLTICO DE 30000 L, EM VIA URBANA PAVIMENTADA, ADICIONAL PARA DMT EXCEDENTE A 30 KM (UNIDADE: TXKM). AF_02/2026 | E54: TXKM | F54: =ROUND(F52*(DMT!$H$31-30),2) -> 435.69 | G54: ='Todas as Ruas'!G54 -> 0.64 | H54: ='Todas as Ruas'!H54 -> 0.05 | I54: ='Todas as Ruas'!I54 -> 0.73 | J54: ='Todas as Ruas'!J54 -> 0.78 | K54: =ROUND(F54 * H54, 2) -> 21.78 | L54: =M54 - K54 -> 318.06 | M54: =ROUND(F54 * J54, 2) -> 339.84 | N54: =M54 / $M$115 -> 0.0010584087 | O54: =TRUNC(F54*G54,2) -> 278.84
A55: 4.2.5 | B55: 4011463 | C55: SICRO3 | D55: Concreto asfáltico - faixa C-12,5 - areia e brita comerciais | E55: t | F55: =ROUND(F51*0.03*2.5548,2) -> 216.7 | G55: ='Todas as Ruas'!G55 -> 191.74 | H55: ='Todas as Ruas'!H55 -> 3.53 | I55: ='Todas as Ruas'!I55 -> 233.03 | J55: ='Todas as Ruas'!J55 -> 236.56 | K55: =ROUND(F55 * H55, 2) -> 764.95 | L55: =M55 - K55 -> 50497.6 | M55: =ROUND(F55 * J55, 2) -> 51262.55 | N55: =M55 / $M$115 -> 0.15965374 | O55: =TRUNC(F55*G55,2) -> 41550.05
A56: 4.2.6 | B56: M1943 | C56: SICRO3 | D56: Cimento asfáltico de petróleo - CAP 50/70 | E56: t | F56: =ROUND(F55*0.055,2) -> 11.92 | G56: ='Todas as Ruas'!G56 -> 4117.58 | H56: ='Todas as Ruas'!H56 -> 0 | I56: ='Todas as Ruas'!I56 -> 4735.21 | J56: ='Todas as Ruas'!J56 -> 4735,21 (15.0%) | K56: =TRUNC(F56 * H56, 2) -> 0 | L56: =M56 - K56 -> 56443.7 | M56: =ROUND((F56 * 1 ) * TRUNC(G56 * (1 + 15 / 100), 2), 2) -> 56443.7 | N56: =M56 / $M$115 -> 0.17579008 | O56: =TRUNC(F56*G56,2) -> 49081.55
A57: 4.2.7 | B57: 102330 | C57: SINAPI | D57: TRANSPORTE COM CAMINHÃO TANQUE DE TRANSPORTE DE MATERIAL ASFÁLTICO DE 30000 L, EM VIA URBANA PAVIMENTADA, DMT ATÉ 30KM (UNIDADE: TXKM). AF_02/2026 | E57: TXKM | F57: =ROUND(F56*30,2) -> 357.6 | G57: ='Todas as Ruas'!G57 -> 1.69 | H57: ='Todas as Ruas'!H57 -> 0.13 | I57: ='Todas as Ruas'!I57 -> 1.95 | J57: ='Todas as Ruas'!J57 -> 2.08 | K57: =ROUND(F57 * H57, 2) -> 46.49 | L57: =M57 - K57 -> 697.32 | M57: =ROUND(F57 * J57, 2) -> 743.81 | N57: =M57 / $M$115 -> 0.0023165459 | O57: =TRUNC(F57*G57,2) -> 604.34
A58: 4.2.8 | B58: 102331 | C58: SINAPI | D58: TRANSPORTE COM CAMINHÃO TANQUE DE TRANSPORTE DE MATERIAL ASFÁLTICO DE 30000 L, EM VIA URBANA PAVIMENTADA, ADICIONAL PARA DMT EXCEDENTE A 30 KM (UNIDADE: TXKM). AF_02/2026 | E58: TXKM | F58: =ROUND(F56*(DMT!$H$31-30),2) -> 3683.28 | G58: ='Todas as Ruas'!G58 -> 0.64 | H58: ='Todas as Ruas'!H58 -> 0.05 | I58: ='Todas as Ruas'!I58 -> 0.73 | J58: ='Todas as Ruas'!J58 -> 0.78 | K58: =ROUND(F58 * H58, 2) -> 184.16 | L58: =M58 - K58 -> 2688.8 | M58: =ROUND(F58 * J58, 2) -> 2872.96 | N58: =M58 / $M$115 -> 0.0089476395 | O58: =TRUNC(F58*G58,2) -> 2357.29
A59: 4.2.9 | B59: 5914389 | C59: SICRO3 | D59: Transporte com caminhão basculante de 10 m³ - rodovia pavimentada | E59: tkm | F59: =ROUND(F55*DMT!$H$20,2) -> 17112.08 | G59: ='Todas as Ruas'!G59 -> 0.82 | H59: ='Todas as Ruas'!H59 -> 0 | I59: ='Todas as Ruas'!I59 -> 1.01 | J59: ='Todas as Ruas'!J59 -> 1.01 | K59: =ROUND(F59 * H59, 2) -> 0 | L59: =M59 - K59 -> 17283.2 | M59: =ROUND(F59 * J59, 2) -> 17283.2 | N59: =M59 / $M$115 -> 0.053827357 | O59: =TRUNC(F59*G59,2) -> 14031.9
A60: 4.3 | D60: REPAROS LOCALIZADOS E ALARGAMENTO | M60: =SUM(M61:M71) -> 0 | N60: =M60 / $M$115 -> 0 | O60: =TRUNC(F60*G60,2) -> 0
A61: 4.3.1 | B61: 4805757 | C61: SICRO3 | D61: Escavação mecânica de vala em material de 1ª categoria | E61: m³ | F61: 0 | G61: ='Todas as Ruas'!G61 -> 7.03 | H61: ='Todas as Ruas'!H61 -> 1.12 | I61: ='Todas as Ruas'!I61 -> 7.55 | J61: ='Todas as Ruas'!J61 -> 8.67 | K61: =TRUNC(F61 * H61, 2) -> 0 | L61: =M61 - K61 -> 0 | M61: =TRUNC(F61 * J61, 2) -> 0 | N61: =M61 / $M$115 -> 0 | O61: =TRUNC(F61*G61,2) -> 0
A62: 4.3.2 | B62: 4011209 | C62: SICRO3 | D62: Regularização do subleito - 100% Proctor intermediário | E62: m² | F62: 0 | G62: ='Todas as Ruas'!G62 -> 1.85 | H62: ='Todas as Ruas'!H62 -> 0.04 | I62: ='Todas as Ruas'!I62 -> 2.24 | J62: ='Todas as Ruas'!J62 -> 2.28 | K62: =TRUNC(F62 * H62, 2) -> 0 | L62: =M62 - K62 -> 0 | M62: =TRUNC(F62 * J62, 2) -> 0 | N62: =M62 / $M$115 -> 0 | O62: =TRUNC(F62*G62,2) -> 0
A63: 4.3.3 | B63: 4011279 | C63: SICRO3 | D63: Base ou sub-base de macadame seco com brita comercial - 100% Proctor modificado | E63: m³ | F63: 0 | G63: ='Todas as Ruas'!G63 -> 199.52 | H63: ='Todas as Ruas'!H63 -> 0.69 | I63: ='Todas as Ruas'!I63 -> 245.47 | J63: ='Todas as Ruas'!J63 -> 246.16 | K63: =TRUNC(F63 * H63, 2) -> 0 | L63: =M63 - K63 -> 0 | M63: =TRUNC(F63 * J63, 2) -> 0 | N63: =M63 / $M$115 -> 0 | O63: =TRUNC(F63*G63,2) -> 0
A64: 4.3.4 | B64: 5914389 | C64: SICRO3 | D64: Transporte com caminhão basculante de 10 m³ - rodovia pavimentada | E64: tkm | F64: 0 | G64: ='Todas as Ruas'!G64 -> 0.82 | H64: ='Todas as Ruas'!H64 -> 0 | I64: ='Todas as Ruas'!I64 -> 1.01 | J64: ='Todas as Ruas'!J64 -> 1.01 | K64: =TRUNC(F64 * H64, 2) -> 0 | L64: =M64 - K64 -> 0 | M64: =TRUNC(F64 * J64, 2) -> 0 | N64: =M64 / $M$115 -> 0 | O64: =TRUNC(F64*G64,2) -> 0
A65: 4.3.5 | B65: 4011276 | C65: SICRO3 | D65: Base ou sub-base de brita graduada com brita comercial - 100% Proctor modificado | E65: m³ | F65: 0 | G65: ='Todas as Ruas'!G65 -> 240.05 | H65: ='Todas as Ruas'!H65 -> 1.03 | I65: ='Todas as Ruas'!I65 -> 295.14 | J65: ='Todas as Ruas'!J65 -> 296.17 | K65: =TRUNC(F65 * H65, 2) -> 0 | L65: =M65 - K65 -> 0 | M65: =TRUNC(F65 * J65, 2) -> 0 | N65: =M65 / $M$115 -> 0 | O65: =TRUNC(F65*G65,2) -> 0
A66: 4.3.6 | B66: 5914389 | C66: SICRO3 | D66: Transporte com caminhão basculante de 10 m³ - rodovia pavimentada | E66: tkm | F66: 0 | G66: ='Todas as Ruas'!G66 -> 0.82 | H66: ='Todas as Ruas'!H66 -> 0 | I66: ='Todas as Ruas'!I66 -> 1.01 | J66: ='Todas as Ruas'!J66 -> 1.01 | K66: =TRUNC(F66 * H66, 2) -> 0 | L66: =M66 - K66 -> 0 | M66: =TRUNC(F66 * J66, 2) -> 0 | N66: =M66 / $M$115 -> 0 | O66: =TRUNC(F66*G66,2) -> 0
A67: 4.3.7 | B67: 4011351 | C67: SICRO3 | D67: Imprimação com asfalto diluído | E67: m² | F67: 0 | G67: ='Todas as Ruas'!G67 -> 0.56 | H67: ='Todas as Ruas'!H67 -> 0.05 | I67: ='Todas as Ruas'!I67 -> 0.64 | J67: ='Todas as Ruas'!J67 -> 0.69 | K67: =TRUNC(F67 * H67, 2) -> 0 | L67: =M67 - K67 -> 0 | M67: =TRUNC(F67 * J67, 2) -> 0 | N67: =M67 / $M$115 -> 0 | O67: =TRUNC(F67*G67,2) -> 0
A68: 4.3.8 | B68: M0104 | C68: SICRO3 | D68: Asfalto diluído de petróleo - CM-30 | E68: t | F68: 0 | G68: ='Todas as Ruas'!G68 -> 3122.09 | H68: ='Todas as Ruas'!H68 -> 0 | I68: ='Todas as Ruas'!I68 -> 3590.4 | J68: ='Todas as Ruas'!J68 -> 3590,4 (15.0%) | K68: =TRUNC(F68 * H68, 2) -> 0 | L68: =M68 - K68 -> 0 | M68: =TRUNC((F68 * 1 ) * TRUNC(G68 * (1 + 15 / 100), 2), 2) -> 0 | N68: =M68 / $M$115 -> 0 | O68: =TRUNC(F68*G68,2) -> 0
A69: 4.3.9 | B69: 102330 | C69: SINAPI | D69: TRANSPORTE COM CAMINHÃO TANQUE DE TRANSPORTE DE MATERIAL ASFÁLTICO DE 30000 L, EM VIA URBANA PAVIMENTADA, DMT ATÉ 30KM (UNIDADE: TXKM). AF_02/2026 | E69: TXKM | F69: 0 | G69: ='Todas as Ruas'!G69 -> 1.69 | H69: ='Todas as Ruas'!H69 -> 0.13 | I69: ='Todas as Ruas'!I69 -> 1.95 | J69: ='Todas as Ruas'!J69 -> 2.08 | K69: =TRUNC(F69 * H69, 2) -> 0 | L69: =M69 - K69 -> 0 | M69: =TRUNC(F69 * J69, 2) -> 0 | N69: =M69 / $M$115 -> 0 | O69: =TRUNC(F69*G69,2) -> 0
A70: 4.3.10 | B70: 102331 | C70: SINAPI | D70: TRANSPORTE COM CAMINHÃO TANQUE DE TRANSPORTE DE MATERIAL ASFÁLTICO DE 30000 L, EM VIA URBANA PAVIMENTADA, ADICIONAL PARA DMT EXCEDENTE A 30 KM (UNIDADE: TXKM). AF_02/2026 | E70: TXKM | F70: 0 | G70: ='Todas as Ruas'!G70 -> 0.64 | H70: ='Todas as Ruas'!H70 -> 0.05 | I70: ='Todas as Ruas'!I70 -> 0.73 | J70: ='Todas as Ruas'!J70 -> 0.78 | K70: =TRUNC(F70 * H70, 2) -> 0 | L70: =M70 - K70 -> 0 | M70: =TRUNC(F70 * J70, 2) -> 0 | N70: =M70 / $M$115 -> 0 | O70: =TRUNC(F70*G70,2) -> 0
A71: 4.3.11 | B71: 4915657 | C71: SICRO3 | D71: Fresagem contínua de revestimento asfáltico - espessura de 5 cm | E71: m³ | F71: 0 | G71: ='Todas as Ruas'!G71 -> 75.46 | H71: ='Todas as Ruas'!H71 -> 1.63 | I71: ='Todas as Ruas'!I71 -> 91.47 | J71: ='Todas as Ruas'!J71 -> 93.1 | K71: =TRUNC(F71 * H71, 2) -> 0 | L71: =M71 - K71 -> 0 | M71: =TRUNC(F71 * J71, 2) -> 0 | N71: =M71 / $M$115 -> 0 | O71: =TRUNC(F71*G71,2) -> 0
A72: 5 | D72: OBRAS COMPLEMENTARES | M72: =SUM(M73:M73) -> 0 | N72: =M72 / $M$115 -> 0 | O72: =TRUNC(F72*G72,2) -> 0
A73: 5.1 | B73: 2003377 | C73: SICRO3 | D73: Meio-fio de concreto - MFC 05 - areia e brita comerciais - fôrma de madeira | E73: m | F73: 0 | G73: ='Todas as Ruas'!G73 -> 56.33 | H73: ='Todas as Ruas'!H73 -> 34.56 | I73: ='Todas as Ruas'!I73 -> 34.93 | J73: ='Todas as Ruas'!J73 -> 69.49 | K73: =TRUNC(F73 * H73, 2) -> 0 | L73: =M73 - K73 -> 0 | M73: =TRUNC(F73 * J73, 2) -> 0 | N73: =M73 / $M$115 -> 0 | O73: =TRUNC(F73*G73,2) -> 0
A74: 6 | D74: SINALIZAÇÃO VIÁRIA | M74: =M75+M80+M83 -> 11592.95 | N74: =M74 / $M$115 -> 0.036105458 | O74: =TRUNC(F74*G74,2) -> 0
A75: 6.1 | D75: SINALIZAÇÃO HORIZONTAL PISTA | M75: =SUM(M76:M79) -> 6887.83 | N75: =M75 / $M$115 -> 0.021451681 | O75: =TRUNC(F75*G75,2) -> 0
A76: 6.1.1 | B76: 5213401 | C76: SICRO3 | D76: Pintura de faixa com tinta acrílica - espessura de 0,6 mm | E76: m² | F76: =ROUND(422*0.12*3,2) -> 151.92 | G76: ='Todas as Ruas'!G76 -> 28.04 | H76: ='Todas as Ruas'!H76 -> 1.01 | I76: ='Todas as Ruas'!I76 -> 33.58 | J76: ='Todas as Ruas'!J76 -> 34.59 | K76: =TRUNC(F76 * H76, 2) -> 153.43 | L76: =M76 - K76 -> 5101.48 | M76: =TRUNC(F76 * J76, 2) -> 5254.91 | N76: =M76 / $M$115 -> 0.016366062 | O76: =TRUNC(F76*G76,2) -> 4259.83
A77: 6.1.2 | B77: 5213405 | C77: SICRO3 | D77: Pintura de setas e zebrados com tinta acrílica - espessura de 0,6 mm | E77: m² | F77: =ROUND(F76*0.2,2) -> 30.38 | G77: ='Todas as Ruas'!G77 -> 43.57 | H77: ='Todas as Ruas'!H77 -> 4.93 | I77: ='Todas as Ruas'!I77 -> 48.82 | J77: ='Todas as Ruas'!J77 -> 53.75 | K77: =TRUNC(F77 * H77, 2) -> 149.77 | L77: =M77 - K77 -> 1483.15 | M77: =TRUNC(F77 * J77, 2) -> 1632.92 | N77: =M77 / $M$115 -> 0.0050856189 | O77: =TRUNC(F77*G77,2) -> 1323.65
A78: 6.1.3 | B78: 5219643 | C78: SICRO3 | D78: Tachão refletivo em resina sintética - bidirecional - fornecimento e colocação | E78: un | F78: 0 | G78: ='Todas as Ruas'!G78 -> 83.93 | H78: ='Todas as Ruas'!H78 -> 9.53 | I78: ='Todas as Ruas'!I78 -> 94.02 | J78: ='Todas as Ruas'!J78 -> 103.55 | K78: =TRUNC(F78 * H78, 2) -> 0 | L78: =M78 - K78 -> 0 | M78: =TRUNC(F78 * J78, 2) -> 0 | N78: =M78 / $M$115 -> 0 | O78: =TRUNC(F78*G78,2) -> 0
A79: 6.1.4 | B79: 5219620 | C79: SICRO3 | D79: Tacha refletiva em resina sintética - bidirecional tipo I - fornecimento e colocação | E79: un | F79: 0 | G79: ='Todas as Ruas'!G79 -> 42.22 | H79: ='Todas as Ruas'!H79 -> 3.88 | I79: ='Todas as Ruas'!I79 -> 48.21 | J79: ='Todas as Ruas'!J79 -> 52.09 | K79: =TRUNC(F79 * H79, 2) -> 0 | L79: =M79 - K79 -> 0 | M79: =TRUNC(F79 * J79, 2) -> 0 | N79: =M79 / $M$115 -> 0 | O79: =TRUNC(F79*G79,2) -> 0
A80: 6.2 | D80: SINALIZAÇÃO HORIZONTAL CICLOVIA | M80: =SUM(M81:M82) -> 0 | N80: =M80 / $M$115 -> 0 | O80: =TRUNC(F80*G80,2) -> 0
A81: 6.2.3 | B81: 5219643 | C81: SICRO3 | D81: Tachão refletivo em resina sintética - bidirecional - fornecimento e colocação | E81: un | F81: 0 | G81: ='Todas as Ruas'!G81 -> 83.93 | H81: ='Todas as Ruas'!H81 -> 9.53 | I81: ='Todas as Ruas'!I81 -> 94.02 | J81: ='Todas as Ruas'!J81 -> 103.55 | K81: =TRUNC(F81 * H81, 2) -> 0 | L81: =M81 - K81 -> 0 | M81: =TRUNC(F81 * J81, 2) -> 0 | N81: =M81 / $M$115 -> 0 | O81: =TRUNC(F81*G81,2) -> 0
A82: 6.2.4 | B82: 5219620 | C82: SICRO3 | D82: Tacha refletiva em resina sintética - bidirecional tipo I - fornecimento e colocação | E82: un | F82: 0 | G82: ='Todas as Ruas'!G82 -> 42.22 | H82: ='Todas as Ruas'!H82 -> 3.88 | I82: ='Todas as Ruas'!I82 -> 48.21 | J82: ='Todas as Ruas'!J82 -> 52.09 | K82: =TRUNC(F82 * H82, 2) -> 0 | L82: =M82 - K82 -> 0 | M82: =TRUNC(F82 * J82, 2) -> 0 | N82: =M82 / $M$115 -> 0 | O82: =TRUNC(F82*G82,2) -> 0
A83: 6.3 | D83: SINALIZAÇÃO VERTICAL | M83: =SUM(M84:M85) -> 4705.12 | N83: =M83 / $M$115 -> 0.014653778 | O83: =TRUNC(F83*G83,2) -> 0
A84: 6.3.1 | B84: 5213465 | C84: SICRO3 | D84: Placa de advertência em aço, lado de 0,80 m - película retrorrefletiva tipo I + SI - fornecimento e implantação | E84: un | F84: 4 | G84: ='Todas as Ruas'!G84 -> 482.55 | H84: ='Todas as Ruas'!H84 -> 72.01 | I84: ='Todas as Ruas'!I84 -> 523.36 | J84: ='Todas as Ruas'!J84 -> 595.37 | K84: =TRUNC(F84 * H84, 2) -> 288.04 | L84: =M84 - K84 -> 2093.44 | M84: =TRUNC(F84 * J84, 2) -> 2381.48 | N84: =M84 / $M$115 -> 0.0074169583 | O84: =TRUNC(F84*G84,2) -> 1930.2
A85: 6.3.2 | B85: 5213855 | C85: SICRO3 | D85: Suporte metálico galvanizado para placa de regulamentação - R1 - lado de 0,248 m - fornecimento e implantação | E85: un | F85: 4 | G85: ='Todas as Ruas'!G85 -> 470.83 | H85: ='Todas as Ruas'!H85 -> 22.18 | I85: ='Todas as Ruas'!I85 -> 558.73 | J85: ='Todas as Ruas'!J85 -> 580.91 | K85: =TRUNC(F85 * H85, 2) -> 88.72 | L85: =M85 - K85 -> 2234.92 | M85: =TRUNC(F85 * J85, 2) -> 2323.64 | N85: =M85 / $M$115 -> 0.0072368196 | O85: =TRUNC(F85*G85,2) -> 1883.32
A86: 7 | D86: CONTROLE TECNOLÓGICO | M86: =M87 -> 3991.88 | N86: =M86 / $M$115 -> 0.01243244 | O86: =TRUNC(F86*G86,2) -> 0
A87: 7.1 | D87: ENSAIOS PARA A CAMADA ASFÁLTICA APLICADA | M87: =SUM(M88:M93) -> 3991.88 | N87: =M87 / $M$115 -> 0.01243244 | O87: =TRUNC(F87*G87,2) -> 0
A88: 7.1.1 | B88: 73900/001 | C88: SINAPI | D88: ENSAIOS DE IMPRIMACAO - ASFALTO DILUIDO | E88: m² | F88: =F31+F67 -> 0 | G88: ='Todas as Ruas'!G88 -> 0.07 | H88: ='Todas as Ruas'!H88 -> 0.06 | I88: ='Todas as Ruas'!I88 -> 0.02 | J88: ='Todas as Ruas'!J88 -> 0.08 | K88: =TRUNC(F88 * H88, 2) -> 0 | L88: =M88 - K88 -> 0 | M88: =TRUNC(F88 * J88, 2) -> 0 | N88: =M88 / $M$115 -> 0 | O88: =TRUNC(F88*G88,2) -> 0
A89: 7.1.2 | B89: 74259 | C89: SINAPI | D89: ENSAIOS DE PINTURA DE LIGACAO | E89: m² | F89: =F51+F41 -> 5654.8 | G89: ='Todas as Ruas'!G89 -> 0.03 | H89: ='Todas as Ruas'!H89 -> 0.03 | I89: ='Todas as Ruas'!I89 -> 0 | J89: ='Todas as Ruas'!J89 -> 0.03 | K89: =TRUNC(F89 * H89, 2) -> 169.64 | L89: =M89 - K89 -> 0 | M89: =TRUNC(F89 * J89, 2) -> 169.64 | N89: =M89 / $M$115 -> 0.0005283323 | O89: =TRUNC(F89*G89,2) -> 169.64
A90: 7.1.3 | B90: 74022/052 | C90: SINAPI | D90: ENSAIO DE GRANULOMETRIA DO AGREGADO | E90: UN | F90: =ROUNDUP((F55+F45)/100,0) -> 4 | G90: ='Todas as Ruas'!G90 -> 112.25 | H90: ='Todas as Ruas'!H90 -> 119.29 | I90: ='Todas as Ruas'!I90 -> 19.2 | J90: ='Todas as Ruas'!J90 -> 138.49 | K90: =TRUNC(F90 * H90, 2) -> 477.16 | L90: =M90 - K90 -> 76.8 | M90: =TRUNC(F90 * J90, 2) -> 553.96 | N90: =M90 / $M$115 -> 0.0017252709 | O90: =TRUNC(F90*G90,2) -> 449
A91: 7.1.4 | B91: 74022/040 | C91: SINAPI | D91: ENSAIO MARSHALL - MISTURA BETUMINOSA A QUENTE | E91: UN | F91: =F90 -> 4 | G91: ='Todas as Ruas'!G91 -> 392.87 | H91: ='Todas as Ruas'!H91 -> 417.51 | I91: ='Todas as Ruas'!I91 -> 67.21 | J91: ='Todas as Ruas'!J91 -> 484.72 | K91: =TRUNC(F91 * H91, 2) -> 1670.04 | L91: =M91 - K91 -> 268.84 | M91: =TRUNC(F91 * J91, 2) -> 1938.88 | N91: =M91 / $M$115 -> 0.0060385106 | O91: =TRUNC(F91*G91,2) -> 1571.48
A92: 7.1.5 | B92: 74022/035 | C92: SINAPI | D92: ENSAIO DE PERCENTAGEM DE BETUME - MISTURAS BETUMINOSAS | E92: UN | F92: =F91 -> 4 | G92: ='Todas as Ruas'!G92 -> 168.37 | H92: ='Todas as Ruas'!H92 -> 178.93 | I92: ='Todas as Ruas'!I92 -> 28.8 | J92: ='Todas as Ruas'!J92 -> 207.73 | K92: =TRUNC(F92 * H92, 2) -> 715.72 | L92: =M92 - K92 -> 115.2 | M92: =TRUNC(F92 * J92, 2) -> 830.92 | N92: =M92 / $M$115 -> 0.0025878441 | O92: =TRUNC(F92*G92,2) -> 673.48
A93: 7.1.6 | B93: 74022/053 | C93: SINAPI | D93: ENSAIO DE CONTROLE DO GRAU DE COMPACTACAO DA MISTURA ASFALTICA | E93: UN | F93: =F92 -> 4 | G93: ='Todas as Ruas'!G93 -> 101.01 | H93: ='Todas as Ruas'!H93 -> 107.35 | I93: ='Todas as Ruas'!I93 -> 17.27 | J93: ='Todas as Ruas'!J93 -> 124.62 | K93: =TRUNC(F93 * H93, 2) -> 429.4 | L93: =M93 - K93 -> 69.08 | M93: =TRUNC(F93 * J93, 2) -> 498.48 | N93: =M93 / $M$115 -> 0.0015524822 | O93: =TRUNC(F93*G93,2) -> 404.04
A94: 8 | D94: SINALIZAÇÃO DE OBRA | M94: =SUM(M95:M98) -> 0 | N94: =M94 / $M$115 -> 0 | O94: =TRUNC(F94*G94,2) -> 0
A95: 8.1 | B95: 5213850 | C95: SICRO3 | D95: Operação de sinalização por bandeirola de tecido ou com placa metálica | E95: h | F95: 0 | G95: ='Todas as Ruas'!G95 -> 24.78 | H95: ='Todas as Ruas'!H95 -> 29.34 | I95: ='Todas as Ruas'!I95 -> 1.23 | J95: ='Todas as Ruas'!J95 -> 30.57 | K95: =TRUNC(F95 * H95, 2) -> 0 | L95: =M95 - K95 -> 0 | M95: =TRUNC(F95 * J95, 2) -> 0 | N95: =M95 / $M$115 -> 0 | O95: =TRUNC(F95*G95,2) -> 0
A96: 8.2 | B96: 5213835 | C96: SICRO3 | D96: Cone plástico para canalização de trânsito - utilização de 150 ciclos - fornecimento, 01 implantação e 01 retirada diária | E96: un.dia | F96: 0 | G96: ='Todas as Ruas'!G96 -> 0.9 | H96: ='Todas as Ruas'!H96 -> 0.05 | I96: ='Todas as Ruas'!I96 -> 1.06 | J96: ='Todas as Ruas'!J96 -> 1.11 | K96: =TRUNC(F96 * H96, 2) -> 0 | L96: =M96 - K96 -> 0 | M96: =TRUNC(F96 * J96, 2) -> 0 | N96: =M96 / $M$115 -> 0 | O96: =TRUNC(F96*G96,2) -> 0
A97: 8.3 | B97: 5213349 | C97: SICRO3 | D97: Dispositivo de direcionamento ou bloqueio tipo tela plástica com suporte fixo - utilização de 150 ciclos - fornecimento, 01 implantação e 01 retirada diária | E97: m².dia | F97: 0 | G97: ='Todas as Ruas'!G97 -> 0.8 | H97: ='Todas as Ruas'!H97 -> 0.23 | I97: ='Todas as Ruas'!I97 -> 0.75 | J97: ='Todas as Ruas'!J97 -> 0.98 | K97: =TRUNC(F97 * H97, 2) -> 0 | L97: =M97 - K97 -> 0 | M97: =TRUNC(F97 * J97, 2) -> 0 | N97: =M97 / $M$115 -> 0 | O97: =TRUNC(F97*G97,2) -> 0
A98: 8.4 | B98: 5212556 | C98: SICRO3 | D98: Placa para sinalização de obras montada em cavalete metálico - 1,00 x 1,00 m - utilização de 600 ciclos - fornecimento, 01 implantação e 01 retirada diária | E98: un.dia | F98: 0 | G98: ='Todas as Ruas'!G98 -> 2 | H98: ='Todas as Ruas'!H98 -> 0.51 | I98: ='Todas as Ruas'!I98 -> 1.95 | J98: ='Todas as Ruas'!J98 -> 2.46 | K98: =TRUNC(F98 * H98, 2) -> 0 | L98: =M98 - K98 -> 0 | M98: =TRUNC(F98 * J98, 2) -> 0 | N98: =M98 / $M$115 -> 0 | O98: =TRUNC(F98*G98,2) -> 0
A99: 9 | D99: MELHORIAS NO PAISAGISMO E ILUMINAÇÃO | M99: =SUM(M100:M114) -> 0 | N99: =M99 / $M$115 -> 0 | O99: =TRUNC(F99*G99,2) -> 0 | S99: =TRUNC(F99*G99,2) -> 0
A100: 9.1 | B100: 100896 | C100: SINAPI | D100: ESTACA ESCAVADA MECANICAMENTE, SEM FLUIDO ESTABILIZANTE, COM 25CM DE DIÂMETRO, CONCRETO LANÇADO POR CAMINHÃO BETONEIRA (EXCLUSIVE MOBILIZAÇÃO E DESMOBILIZAÇÃO). AF_01/2020 | E100: M | F100: 0 | G100: 66.77 | H100: 9.68 | I100: 72.7 | J100: =TRUNC(G100 * (1 + 23.38 / 100), 2) -> 82.38 | K100: =TRUNC(F100 * H100, 2) -> 0 | L100: =M100 - K100 -> 0 | M100: =TRUNC(F100 * J100, 2) -> 0 | N100: =M100 / $M$115 -> 0 | O100: =TRUNC(F100*G100,2) -> 0 | S100: =TRUNC(F100*G100,2) -> 0
...

Sheet Antônio de Oliveira
D1: Obra | E1: Bancos | H1: B.D.I. | K1: Encargos Sociais
D2: Rua Antônio de Oliveira | E2: SINAPI - 03/2026 - RS SICRO3 - 01/2026 - RS | H2: 23,38% | K2: Não Desonerado: embutido nos preços unitário dos insumos de mão de obra, de acordo com as bases.
A3: Planilha Orçamentária Sintética Com Valor do Material e da Mão de Obra
A4: Item | B4: Código | C4: Banco | D4: Descrição | E4: Und | F4: Quant. | G4: Valor Unit | H4: Valor Unit com BDI | K4: Total | N4: Peso (%)
H5: M. O. | I5: MAT. | J5: Total | K5: M. O. | L5: MAT. | M5: Total
A6: 1 | D6: SERVIÇOS INICIAIS | M6: =SUM(M7:M11) -> 578.38 | N6: =M6 / $M$115 -> 0.012010793
A7: 1.1 | B7: 106168 | C7: SINAPI | D7: LIMPEZA DE RUA COM JATO DE ALTA PRESSÃO. AF_10/2025 | E7: m² | F7: 402.75 | G7: ='Todas as Ruas'!G7 -> 0.67 | H7: ='Todas as Ruas'!H7 -> 0.25 | I7: ='Todas as Ruas'!I7 -> 0.57 | J7: ='Todas as Ruas'!J7 -> 0.82 | K7: =ROUND(F7 * H7, 2) -> 100.69 | L7: =M7 - K7 -> 229.57 | M7: =ROUND(F7 * J7, 2) -> 330.26 | N7: =M7 / $M$115 -> 0.0068582673 | O7: =TRUNC(F7*G7,2) -> 269.84
A8: 01.2 | B8: 4800412 | C8: SICRO3 | D8: Raspagem e limpeza de terreno plano | E8: m² | F8: =ROUND(F7*0.1,2) -> 40.28 | G8: ='Todas as Ruas'!G8 -> 5 | H8: ='Todas as Ruas'!H8 -> 5.86 | I8: ='Todas as Ruas'!I8 -> 0.3 | J8: ='Todas as Ruas'!J8 -> 6.16 | K8: =ROUND(F8 * H8, 2) -> 236.04 | L8: =M8 - K8 -> 12.08 | M8: =ROUND(F8 * J8, 2) -> 248.12 | N8: =M8 / $M$115 -> 0.0051525262 | O8: =TRUNC(F8*G8,2) -> 201.4
A9: 1.3 | B9: MOB01 | C9: Próprio | D9: MOBILIZAÇÃO E DESMOBILIZAÇÃO DE EQUIPAMENTOS | E9: UND | F9: 0 | G9: ='Todas as Ruas'!G9 -> 11428.163 | H9: ='Todas as Ruas'!H9 -> 461.45 | I9: ='Todas as Ruas'!I9 -> 10403.4 | J9: ='Todas as Ruas'!J9 -> 14100.06 | K9: =ROUND(F9 * H9, 2) -> 0 | L9: =M9 - K9 -> 0 | M9: =ROUND(F9 * J9, 2) -> 0 | N9: =M9 / $M$115 -> 0 | O9: =TRUNC(F9*G9,2) -> 0
A10: 1.4 | B10: 5213499 | C10: SICRO3 | D10: Placa em aço - 3,00 x 1,50 m - película retrorrefletiva tipo I + III - fornecimento e implantação | E10: un | F10: 0 | G10: ='Todas as Ruas'!G10 -> 1992.46 | H10: ='Todas as Ruas'!H10 -> 303.82 | I10: ='Todas as Ruas'!I10 -> 2154.47 | J10: ='Todas as Ruas'!J10 -> 2458.29 | K10: =ROUND(F10 * H10, 2) -> 0 | L10: =M10 - K10 -> 0 | M10: =ROUND(F10 * J10, 2) -> 0 | N10: =M10 / $M$115 -> 0 | O10: =TRUNC(F10*G10,2) -> 0
A11: 1.5 | B11: 5216111 | C11: SICRO3 | D11: Suporte para placa de sinalização em madeira de lei tratada 8 x 8 cm - fornecimento e implantação | E11: un | F11: 0 | G11: ='Todas as Ruas'!G11 -> 136.57 | H11: ='Todas as Ruas'!H11 -> 25.87 | I11: ='Todas as Ruas'!I11 -> 142.63 | J11: ='Todas as Ruas'!J11 -> 168.5 | K11: =ROUND(F11 * H11, 2) -> 0 | L11: =M11 - K11 -> 0 | M11: =ROUND(F11 * J11, 2) -> 0 | N11: =M11 / $M$115 -> 0 | O11: =TRUNC(F11*G11,2) -> 0
A12: 2 | D12: ADMINISTRAÇÃO LOCAL | M12: =SUM(M13:M23) -> 7362.22 | N12: =M12 / $M$115 -> 0.15288583 | O12: =TRUNC(F12*G12,2) -> 0
A13: 2.1 | B13: P9819 | C13: SICRO3 | D13: Engenheiro supervisor - mensalista | E13: mês | F13: =ROUND(($F$7/'Todas as Ruas'!$F$7)*2,2) -> 0.02 | G13: ='Todas as Ruas'!G13 -> 30360.664 | H13: ='Todas as Ruas'!H13 -> 37458.98 | I13: ='Todas as Ruas'!I13 -> 0 | J13: ='Todas as Ruas'!J13 -> 37458.98 | K13: =ROUND(F13 * H13, 2) -> 749.18 | L13: =M13 - K13 -> 0 | M13: =ROUND(F13 * J13, 2) -> 749.18 | N13: =M13 / $M$115 -> 0.015557672 | O13: =TRUNC(F13*G13,2) -> 607.21
A14: 2.2 | B14: P9840 | C14: SICRO3 | D14: Encarregado geral - mensalista | E14: mês | F14: =ROUND(($F$7/'Todas as Ruas'!$F$7)*6,2) -> 0.07 | G14: ='Todas as Ruas'!G14 -> 13144.488 | H14: ='Todas as Ruas'!H14 -> 16217.66 | I14: ='Todas as Ruas'!I14 -> 0 | J14: ='Todas as Ruas'!J14 -> 16217.66 | K14: =ROUND(F14 * H14, 2) -> 1135.24 | L14: =M14 - K14 -> 0 | M14: =ROUND(F14 * J14, 2) -> 1135.24 | N14: =M14 / $M$115 -> 0.023574697 | O14: =TRUNC(F14*G14,2) -> 920.11
A15: 02.3 | B15: P9949 | C15: SICRO3 | D15: Topógrafo - mensalista | E15: mês | F15: =ROUND(($F$7/'Todas as Ruas'!$F$7)*6,2) -> 0.07 | G15: ='Todas as Ruas'!G15 -> 7296.3649 | H15: ='Todas as Ruas'!H15 -> 9002.25 | I15: ='Todas as Ruas'!I15 -> 0 | J15: ='Todas as Ruas'!J15 -> 9002.25 | K15: =ROUND(F15 * H15, 2) -> 630.16 | L15: =M15 - K15 -> 0 | M15: =ROUND(F15 * J15, 2) -> 630.16 | N15: =M15 / $M$115 -> 0.013086071 | O15: =TRUNC(F15*G15,2) -> 510.74
A16: 2.4 | B16: P9950 | C16: SICRO3 | D16: Auxiliar de topografia - mensalista | E16: mês | F16: =ROUND(($F$7/'Todas as Ruas'!$F$7)*6,2) -> 0.07 | G16: ='Todas as Ruas'!G16 -> 5189.7538 | H16: ='Todas as Ruas'!H16 -> 6403.11 | I16: ='Todas as Ruas'!I16 -> 0 | J16: ='Todas as Ruas'!J16 -> 6403.11 | K16: =ROUND(F16 * H16, 2) -> 448.22 | L16: =M16 - K16 -> 0 | M16: =ROUND(F16 * J16, 2) -> 448.22 | N16: =M16 / $M$115 -> 0.0093078562 | O16: =TRUNC(F16*G16,2) -> 363.28
A17: 2.5 | B17: P9893 | C17: SICRO3 | D17: Encarregado de pavimentação - mensalista | E17: mês | F17: =ROUND(($F$7/'Todas as Ruas'!$F$7)*6,2) -> 0.07 | G17: ='Todas as Ruas'!G17 -> 8605.0395 | H17: ='Todas as Ruas'!H17 -> 10616.88 | I17: ='Todas as Ruas'!I17 -> 0 | J17: ='Todas as Ruas'!J17 -> 10616.89 | K17: =ROUND(F17 * H17, 2) -> 743.18 | L17: =M17 - K17 -> 0 | M17: =ROUND(F17 * J17, 2) -> 743.18 | N17: =M17 / $M$115 -> 0.015433074 | O17: =TRUNC(F17*G17,2) -> 602.35
A18: 2.6 | B18: P9875 | C18: SICRO3 | D18: Encarregado de turma - mensalista | E18: mês | F18: =ROUND(($F$7/'Todas as Ruas'!$F$7)*2,2) -> 0.02 | G18: ='Todas as Ruas'!G18 -> 5778.4355 | H18: ='Todas as Ruas'!H18 -> 7129.42 | I18: ='Todas as Ruas'!I18 -> 0 | J18: ='Todas as Ruas'!J18 -> 7129.43 | K18: =ROUND(F18 * H18, 2) -> 142.59 | L18: =M18 - K18 -> 0 | M18: =ROUND(F18 * J18, 2) -> 142.59 | N18: =M18 / $M$115 -> 0.002961062 | O18: =TRUNC(F18*G18,2) -> 115.56
A19: 2.7 | B19: P9804 | C19: SICRO3 | D19: Apontador - mensalista | E19: mês | F19: =ROUND(($F$7/'Todas as Ruas'!$F$7)*6,2) -> 0.07 | G19: ='Todas as Ruas'!G19 -> 4987.0395 | H19: ='Todas as Ruas'!H19 -> 6152.99 | I19: ='Todas as Ruas'!I19 -> 0 | J19: ='Todas as Ruas'!J19 -> 6153 | K19: =ROUND(F19 * H19, 2) -> 430.71 | L19: =M19 - K19 -> 0 | M19: =ROUND(F19 * J19, 2) -> 430.71 | N19: =M19 / $M$115 -> 0.0089442388 | O19: =TRUNC(F19*G19,2) -> 349.09
A20: 2.8 | B20: P9876 | C20: SICRO3 | D20: Técnico de segurança do trabalho - mensalista | E20: mês | F20: =ROUND(($F$7/'Todas as Ruas'!$F$7)*6,2) -> 0.07 | G20: ='Todas as Ruas'!G20 -> 7704.921 | H20: ='Todas as Ruas'!H20 -> 9506.33 | I20: ='Todas as Ruas'!I20 -> 0 | J20: ='Todas as Ruas'!J20 -> 9506.33 | K20: =ROUND(F20 * H20, 2) -> 665.44 | L20: =M20 - K20 -> 0 | M20: =ROUND(F20 * J20, 2) -> 665.44 | N20: =M20 / $M$115 -> 0.013818705 | O20: =TRUNC(F20*G20,2) -> 539.34
A21: 2.9 | B21: E9134 | C21: SICRO3 | D21: Miniônibus com capacidade para 30 passageiros - 120 kW | E21: H | F21: =ROUND(($F$7/'Todas as Ruas'!$F$7)*320,2) -> 3.63 | G21: ='Todas as Ruas'!G21 -> 245.1778 | H21: ='Todas as Ruas'!H21 -> 0 | I21: ='Todas as Ruas'!I21 -> 302.49 | J21: ='Todas as Ruas'!J21 -> 302.5 | K21: =ROUND(F21 * H21, 2) -> 0 | L21: =M21 - K21 -> 1098.08 | M21: =ROUND(F21 * J21, 2) -> 1098.08 | N21: =M21 / $M$115 -> 0.022803022 | O21: =TRUNC(F21*G21,2) -> 889.99
A22: 2.10 | B22: E9134 | C22: SICRO3 | D22: Miniônibus com capacidade para 30 passageiros - 120 kW | E22: H | F22: =TRUNC(($F$7/'Todas as Ruas'!$F$7)*120,2) -> 1.36 | G22: ='Todas as Ruas'!G22 -> 245.1778 | H22: ='Todas as Ruas'!H22 -> 0 | I22: ='Todas as Ruas'!I22 -> 302.49 | J22: ='Todas as Ruas'!J22 -> 302.5 | K22: =ROUND(F22 * H22, 2) -> 0 | L22: =M22 - K22 -> 411.4 | M22: =ROUND(F22 * J22, 2) -> 411.4 | N22: =M22 / $M$115 -> 0.0085432422 | O22: =TRUNC(F22*G22,2) -> 333.44
A23: 2.11 | B23: M0295 | C23: SICRO3 | D23: Estrutura modular com revestimento térmico, janela e banheiro - L = 2,44 m e C = 6,06 m (1 TEU) | E23: un | F23: =ROUND(($F$7/'Todas as Ruas'!$F$7)*1,2) -> 0.01 | G23: ='Todas as Ruas'!G23 -> 73595.798 | H23: ='Todas as Ruas'!H23 -> 0 | I23: ='Todas as Ruas'!I23 -> 90802.48 | J23: ='Todas as Ruas'!J23 -> 90802.49 | K23: =ROUND(F23 * H23, 2) -> 0 | L23: =M23 - K23 -> 908.02 | M23: =ROUND(F23 * J23, 2) -> 908.02 | N23: =M23 / $M$115 -> 0.018856186 | O23: =TRUNC(F23*G23,2) -> 735.95
A24: 3 | D24: DRENAGEM PLUVIAL | M24: =SUM(M25:M38) -> 0 | N24: =M24 / $M$115 -> 0 | O24: =TRUNC(F24*G24,2) -> 0
A25: 3.1 | B25: 4805757 | C25: SICRO3 | D25: Escavação mecânica de vala em material de 1ª categoria | E25: m³ | F25: 0 | G25: ='Todas as Ruas'!G25 -> 7.03 | H25: ='Todas as Ruas'!H25 -> 1.12 | I25: ='Todas as Ruas'!I25 -> 7.55 | J25: ='Todas as Ruas'!J25 -> 8.67 | K25: =TRUNC(F25 * H25, 2) -> 0 | L25: =M25 - K25 -> 0 | M25: =TRUNC(F25 * J25, 2) -> 0 | N25: =M25 / $M$115 -> 0 | O25: =TRUNC(F25*G25,2) -> 0
A26: 3.2 | B26: 2003850 | C26: SICRO3 | D26: Lastro de brita comercial compactado com soquete vibratório - espalhamento manual | E26: m³ | F26: 0 | G26: ='Todas as Ruas'!G26 -> 163.35 | H26: ='Todas as Ruas'!H26 -> 12.29 | I26: ='Todas as Ruas'!I26 -> 189.25 | J26: ='Todas as Ruas'!J26 -> 201.54 | K26: =TRUNC(F26 * H26, 2) -> 0 | L26: =M26 - K26 -> 0 | M26: =TRUNC(F26 * J26, 2) -> 0 | N26: =M26 / $M$115 -> 0 | O26: =TRUNC(F26*G26,2) -> 0
A27: 3.3 | B27: 0804021 | C27: SICRO3 | D27: Corpo de BSTC D = 0,60 m PA1 - areia, brita e pedra de mão comerciais | E27: m | F27: 0 | G27: ='Todas as Ruas'!G27 -> 470.66 | H27: ='Todas as Ruas'!H27 -> 66.45 | I27: ='Todas as Ruas'!I27 -> 514.25 | J27: ='Todas as Ruas'!J27 -> 580.7 | K27: =TRUNC(F27 * H27, 2) -> 0 | L27: =M27 - K27 -> 0 | M27: =TRUNC(F27 * J27, 2) -> 0 | N27: =M27 / $M$115 -> 0 | O27: =TRUNC(F27*G27,2) -> 0
A28: 3.4 | B28: 4815671 | C28: SICRO3 | D28: Reaterro e compactação com soquete vibratório | E28: m³ | F28: 0 | G28: ='Todas as Ruas'!G28 -> 20.21 | H28: ='Todas as Ruas'!H28 -> 18.85 | I28: ='Todas as Ruas'!I28 -> 6.08 | J28: ='Todas as Ruas'!J28 -> 24.93 | K28: =TRUNC(F28 * H28, 2) -> 0 | L28: =M28 - K28 -> 0 | M28: =TRUNC(F28 * J28, 2) -> 0 | N28: =M28 / $M$115 -> 0 | O28: =TRUNC(F28*G28,2) -> 0
A29: 3.5 | B29: 4011276 | C29: SICRO3 | D29: Base ou sub-base de brita graduada com brita comercial - 100% Proctor modificado | E29: m³ | F29: 0 | G29: ='Todas as Ruas'!G29 -> 240.05 | H29: ='Todas as Ruas'!H29 -> 1.03 | I29: ='Todas as Ruas'!I29 -> 295.14 | J29: ='Todas as Ruas'!J29 -> 296.17 | K29: =TRUNC(F29 * H29, 2) -> 0 | L29: =M29 - K29 -> 0 | M29: =TRUNC(F29 * J29, 2) -> 0 | N29: =M29 / $M$115 -> 0 | O29: =TRUNC(F29*G29,2) -> 0
A30: 3.6 | B30: 5914389 | C30: SICRO3 | D30: Transporte com caminhão basculante de 10 m³ - rodovia pavimentada | E30: tkm | F30: 0 | G30: ='Todas as Ruas'!G30 -> 0.82 | H30: ='Todas as Ruas'!H30 -> 0 | I30: ='Todas as Ruas'!I30 -> 1.01 | J30: ='Todas as Ruas'!J30 -> 1.01 | K30: =TRUNC(F30 * H30, 2) -> 0 | L30: =M30 - K30 -> 0 | M30: =TRUNC(F30 * J30, 2) -> 0 | N30: =M30 / $M$115 -> 0 | O30: =TRUNC(F30*G30,2) -> 0
A31: 3.7 | B31: 4011351 | C31: SICRO3 | D31: Imprimação com asfalto diluído | E31: m² | F31: 0 | G31: ='Todas as Ruas'!G31 -> 0.56 | H31: ='Todas as Ruas'!H31 -> 0.05 | I31: ='Todas as Ruas'!I31 -> 0.64 | J31: ='Todas as Ruas'!J31 -> 0.69 | K31: =TRUNC(F31 * H31, 2) -> 0 | L31: =M31 - K31 -> 0 | M31: =TRUNC(F31 * J31, 2) -> 0 | N31: =M31 / $M$115 -> 0 | O31: =TRUNC(F31*G31,2) -> 0
A32: 3.8 | B32: M0104 | C32: SICRO3 | D32: Asfalto diluído de petróleo - CM-30 | E32: t | F32: 0 | G32: ='Todas as Ruas'!G32 -> 3122.09 | H32: ='Todas as Ruas'!H32 -> 0 | I32: ='Todas as Ruas'!I32 -> 3590.4 | J32: ='Todas as Ruas'!J32 -> 3590,4 (15.0%) | K32: =TRUNC(F32 * H32, 2) -> 0 | L32: =M32 - K32 -> 0 | M32: =TRUNC((F32 * 1 ) * TRUNC(G32 * (1 + 15 / 100), 2), 2) -> 0 | N32: =M32 / $M$115 -> 0 | O32: =TRUNC(F32*G32,2) -> 0
A33: 3.9 | B33: 102330 | C33: SINAPI | D33: TRANSPORTE COM CAMINHÃO TANQUE DE TRANSPORTE DE MATERIAL ASFÁLTICO DE 30000 L, EM VIA URBANA PAVIMENTADA, DMT ATÉ 30KM (UNIDADE: TXKM). AF_02/2026 | E33: TXKM | F33: 0 | G33: ='Todas as Ruas'!G33 -> 1.69 | H33: ='Todas as Ruas'!H33 -> 0.13 | I33: ='Todas as Ruas'!I33 -> 1.95 | J33: ='Todas as Ruas'!J33 -> 2.08 | K33: =TRUNC(F33 * H33, 2) -> 0 | L33: =M33 - K33 -> 0 | M33: =TRUNC(F33 * J33, 2) -> 0 | N33: =M33 / $M$115 -> 0 | O33: =TRUNC(F33*G33,2) -> 0
A34: 3.10 | B34: 102331 | C34: SINAPI | D34: TRANSPORTE COM CAMINHÃO TANQUE DE TRANSPORTE DE MATERIAL ASFÁLTICO DE 30000 L, EM VIA URBANA PAVIMENTADA, ADICIONAL PARA DMT EXCEDENTE A 30 KM (UNIDADE: TXKM). AF_02/2026 | E34: TXKM | F34: 0 | G34: ='Todas as Ruas'!G34 -> 0.64 | H34: ='Todas as Ruas'!H34 -> 0.05 | I34: ='Todas as Ruas'!I34 -> 0.73 | J34: ='Todas as Ruas'!J34 -> 0.78 | K34: =TRUNC(F34 * H34, 2) -> 0 | L34: =M34 - K34 -> 0 | M34: =TRUNC(F34 * J34, 2) -> 0 | N34: =M34 / $M$115 -> 0 | O34: =TRUNC(F34*G34,2) -> 0
A35: 3.11 | B35: 2003517 | C35: SICRO3 | D35: Caixa coletora de sarjeta - CCS 200-60 B - com grelha de aço - areia e brita comerciais | E35: un | F35: 0 | G35: ='Todas as Ruas'!G35 -> 4969.53 | H35: ='Todas as Ruas'!H35 -> 2317.22 | I35: ='Todas as Ruas'!I35 -> 3814.18 | J35: ='Todas as Ruas'!J35 -> 6131.4 | K35: =TRUNC(F35 * H35, 2) -> 0 | L35: =M35 - K35 -> 0 | M35: =TRUNC(F35 * J35, 2) -> 0 | N35: =M35 / $M$115 -> 0 | O35: =TRUNC(F35*G35,2) -> 0
A36: 3.12 | B36: 1023 | C36: Próprio | D36: REFORMA E NIVELAMENTO BOCA DE LOBO EXISTENTE COM GRELHA DE FERRO (COM DIMENSÕES ATÉ 1,40 X 1,40 m) | E36: un | F36: 0 | G36: 1900.28 | H36: =J36-I36 -> 468.91 | I36: =ROUND(J36*0.8,2) -> 1875.65 | J36: ='Todas as Ruas'!J36 -> 2344.56 | K36: =TRUNC(F36 * H36, 2) -> 0 | L36: =M36 - K36 -> 0 | M36: =TRUNC(F36 * J36, 2) -> 0 | N36: =M36 / $M$115 -> 0
A37: 3.13 | B37: 2003261 | C37: SICRO3 | D37: Sarjeta triangular de concreto - STC 80-15 - escavação mecânica - areia e brita comerciais | E37: m | F37: 0 | G37: ='Todas as Ruas'!G37 -> 51.88 | H37: ='Todas as Ruas'!H37 -> 13.89 | I37: ='Todas as Ruas'!I37 -> 50.11 | J37: ='Todas as Ruas'!J37 -> 64 | K37: =TRUNC(F37 * H37, 2) -> 0 | L37: =M37 - K37 -> 0 | M37: =TRUNC(F37 * J37, 2) -> 0 | N37: =M37 / $M$115 -> 0 | O37: =TRUNC(F37*G37,2) -> 0
A38: 3.14 | B38: 0804081 | C38: SICRO3 | D38: Boca de BSTC D = 0,60 m - esconsidade 0° - areia e brita comerciais - alas retas | E38: un | F38: 0 | G38: ='Todas as Ruas'!G38 -> 798.59 | H38: ='Todas as Ruas'!H38 -> 324.84 | I38: ='Todas as Ruas'!I38 -> 660.46 | J38: ='Todas as Ruas'!J38 -> 985.3 | K38: =TRUNC(F38 * H38, 2) -> 0 | L38: =M38 - K38 -> 0 | M38: =TRUNC(F38 * J38, 2) -> 0 | N38: =M38 / $M$115 -> 0 | O38: =TRUNC(F38*G38,2) -> 0
A39: 4 | D39: PAVIMENTAÇÃO ASFÁLTICA | M39: =M40+M50+M60 -> 35543.92 | N39: =M39 / $M$115 -> 0.73811453 | O39: =TRUNC(F39*G39,2) -> 0
A40: 4.1 | D40: REPERFILAGEM | M40: =SUM(M41:M49) -> 16226.84 | N40: =M40 / $M$115 -> 0.33697089 | O40: =TRUNC(F40*G40,2) -> 0
A41: 4.1.1 | B41: 4011353 | C41: SICRO3 | D41: Pintura de ligação | E41: m² | F41: =F7 -> 402.75 | G41: ='Todas as Ruas'!G41 -> 0.42 | H41: ='Todas as Ruas'!H41 -> 0.03 | I41: ='Todas as Ruas'!I41 -> 0.48 | J41: ='Todas as Ruas'!J41 -> 0.51 | K41: =ROUND(F41 * H41, 2) -> 12.08 | L41: =M41 - K41 -> 193.32 | M41: =ROUND(F41 * J41, 2) -> 205.4 | N41: =M41 / $M$115 -> 0.0042653912 | O41: =TRUNC(F41*G41,2) -> 169.15
A42: 4.1.2 | B42: M1946 | C42: SICRO3 | D42: Emulsão asfáltica - RR-1C | E42: t | F42: =ROUND(F41*0.0005,2) -> 0.2 | G42: ='Todas as Ruas'!G42 -> 3133.24 | H42: ='Todas as Ruas'!H42 -> 0 | I42: ='Todas as Ruas'!I42 -> 3603.22 | J42: ='Todas as Ruas'!J42 -> 3603,22 (15.0%) | K42: =TRUNC(F42 * H42, 2) -> 0 | L42: =M42 - K42 -> 720.64 | M42: =ROUND((F42 * 1 ) * TRUNC(G42 * (1 + 15 / 100), 2), 2) -> 720.64 | N42: =M42 / $M$115 -> 0.014965003 | O42: =TRUNC(F42*G42,2) -> 626.64
A43: 4.1.3 | B43: 102330 | C43: SINAPI | D43: TRANSPORTE COM CAMINHÃO TANQUE DE TRANSPORTE DE MATERIAL ASFÁLTICO DE 30000 L, EM VIA URBANA PAVIMENTADA, DMT ATÉ 30KM (UNIDADE: TXKM). AF_02/2026 | E43: TXKM | F43: =ROUND(F42*30,2) -> 6 | G43: ='Todas as Ruas'!G43 -> 1.69 | H43: ='Todas as Ruas'!H43 -> 0.13 | I43: ='Todas as Ruas'!I43 -> 1.95 | J43: ='Todas as Ruas'!J43 -> 2.08 | K43: =ROUND(F43 * H43, 2) -> 0.78 | L43: =M43 - K43 -> 11.7 | M43: =ROUND(F43 * J43, 2) -> 12.48 | N43: =M43 / $M$115 -> 0.00025916301 | O43: =TRUNC(F43*G43,2) -> 10.14
A44: 4.1.4 | B44: 102331 | C44: SINAPI | D44: TRANSPORTE COM CAMINHÃO TANQUE DE TRANSPORTE DE MATERIAL ASFÁLTICO DE 30000 L, EM VIA URBANA PAVIMENTADA, ADICIONAL PARA DMT EXCEDENTE A 30 KM (UNIDADE: TXKM). AF_02/2026 | E44: TXKM | F44: =ROUND(F42*(DMT!$H$31-30),2) -> 61.8 | G44: ='Todas as Ruas'!G44 -> 0.64 | H44: ='Todas as Ruas'!H44 -> 0.05 | I44: ='Todas as Ruas'!I44 -> 0.73 | J44: ='Todas as Ruas'!J44 -> 0.78 | K44: =ROUND(F44 * H44, 2) -> 3.09 | L44: =M44 - K44 -> 45.11 | M44: =ROUND(F44 * J44, 2) -> 48.2 | N44: =M44 / $M$115 -> 0.0010009341 | O44: =TRUNC(F44*G44,2) -> 39.55
A45: 4.1.5 | B45: 4011463 | C45: SICRO3 | D45: Concreto asfáltico - faixa C-12,5 - areia e brita comerciais | E45: t | F45: =ROUND(F41*0.025*2.5548,2) -> 25.72 | G45: ='Todas as Ruas'!G45 -> 191.74 | H45: ='Todas as Ruas'!H45 -> 3.53 | I45: ='Todas as Ruas'!I45 -> 233.03 | J45: ='Todas as Ruas'!J45 -> 236.56 | K45: =ROUND(F45 * H45, 2) -> 90.79 | L45: =M45 - K45 -> 5993.53 | M45: =ROUND(F45 * J45, 2) -> 6084.32 | N45: =M45 / $M$115 -> 0.12634861 | O45: =TRUNC(F45*G45,2) -> 4931.55
A46: 4.1.6 | B46: M1943 | C46: SICRO3 | D46: Cimento asfáltico de petróleo - CAP 50/70 | E46: t | F46: =ROUND(F45*0.055,2) -> 1.41 | G46: ='Todas as Ruas'!G46 -> 4117.58 | H46: ='Todas as Ruas'!H46 -> 0 | I46: ='Todas as Ruas'!I46 -> 4735.21 | J46: ='Todas as Ruas'!J46 -> 4735,21 (15.0%) | K46: =TRUNC(F46 * H46, 2) -> 0 | L46: =M46 - K46 -> 6676.65 | M46: =ROUND((F46 * 1 ) * TRUNC(G46 * (1 + 15 / 100), 2), 2) -> 6676.65 | N46: =M46 / $M$115 -> 0.1386491 | O46: =TRUNC(F46*G46,2) -> 5805.78
A47: 4.1.7 | B47: 102330 | C47: SINAPI | D47: TRANSPORTE COM CAMINHÃO TANQUE DE TRANSPORTE DE MATERIAL ASFÁLTICO DE 30000 L, EM VIA URBANA PAVIMENTADA, DMT ATÉ 30KM (UNIDADE: TXKM). AF_02/2026 | E47: TXKM | F47: =ROUND(F46*30,2) -> 42.3 | G47: ='Todas as Ruas'!G47 -> 1.69 | H47: ='Todas as Ruas'!H47 -> 0.13 | I47: ='Todas as Ruas'!I47 -> 1.95 | J47: ='Todas as Ruas'!J47 -> 2.08 | K47: =ROUND(F47 * H47, 2) -> 5.5 | L47: =M47 - K47 -> 82.48 | M47: =ROUND(F47 * J47, 2) -> 87.98 | N47: =M47 / $M$115 -> 0.0018270162 | O47: =TRUNC(F47*G47,2) -> 71.48
A48: 4.1.8 | B48: 102331 | C48: SINAPI | D48: TRANSPORTE COM CAMINHÃO TANQUE DE TRANSPORTE DE MATERIAL ASFÁLTICO DE 30000 L, EM VIA URBANA PAVIMENTADA, ADICIONAL PARA DMT EXCEDENTE A 30 KM (UNIDADE: TXKM). AF_02/2026 | E48: TXKM | F48: =ROUND(F46*(DMT!$H$31-30),2) -> 435.69 | G48: ='Todas as Ruas'!G48 -> 0.64 | H48: ='Todas as Ruas'!H48 -> 0.05 | I48: ='Todas as Ruas'!I48 -> 0.73 | J48: ='Todas as Ruas'!J48 -> 0.78 | K48: =ROUND(F48 * H48, 2) -> 21.78 | L48: =M48 - K48 -> 318.06 | M48: =ROUND(F48 * J48, 2) -> 339.84 | N48: =M48 / $M$115 -> 0.0070572082 | O48: =TRUNC(F48*G48,2) -> 278.84
A49: 4.1.9 | B49: 5914389 | C49: SICRO3 | D49: Transporte com caminhão basculante de 10 m³ - rodovia pavimentada | E49: tkm | F49: =ROUND(F45*DMT!$H$20,2) -> 2031.02 | G49: ='Todas as Ruas'!G49 -> 0.82 | H49: ='Todas as Ruas'!H49 -> 0 | I49: ='Todas as Ruas'!I49 -> 1.01 | J49: ='Todas as Ruas'!J49 -> 1.01 | K49: =ROUND(F49 * H49, 2) -> 0 | L49: =M49 - K49 -> 2051.33 | M49: =ROUND(F49 * J49, 2) -> 2051.33 | N49: =M49 / $M$115 -> 0.042598466 | O49: =TRUNC(F49*G49,2) -> 1665.43
A50: 4.2 | D50: CAPA ASFÁLTICA | M50: =SUM(M51:M59) -> 19317.08 | N50: =M50 / $M$115 -> 0.40114364 | O50: =TRUNC(F50*G50,2) -> 0
A51: 4.2.1 | B51: 4011353 | C51: SICRO3 | D51: Pintura de ligação | E51: m² | F51: =F7 -> 402.75 | G51: ='Todas as Ruas'!G51 -> 0.42 | H51: ='Todas as Ruas'!H51 -> 0.03 | I51: ='Todas as Ruas'!I51 -> 0.48 | J51: ='Todas as Ruas'!J51 -> 0.51 | K51: =ROUND(F51 * H51, 2) -> 12.08 | L51: =M51 - K51 -> 193.32 | M51: =ROUND(F51 * J51, 2) -> 205.4 | N51: =M51 / $M$115 -> 0.0042653912 | O51: =TRUNC(F51*G51,2) -> 169.15
A52: 4.2.2 | B52: M1946 | C52: SICRO3 | D52: Emulsão asfáltica - RR-1C | E52: t | F52: =ROUND(F51*0.0005,2) -> 0.2 | G52: ='Todas as Ruas'!G52 -> 3133.24 | H52: ='Todas as Ruas'!H52 -> 0 | I52: ='Todas as Ruas'!I52 -> 3603.22 | J52: ='Todas as Ruas'!J52 -> 3603,22 (15.0%) | K52: =TRUNC(F52 * H52, 2) -> 0 | L52: =M52 - K52 -> 720.64 | M52: =ROUND((F52 * 1 ) * TRUNC(G52 * (1 + 15 / 100), 2), 2) -> 720.64 | N52: =M52 / $M$115 -> 0.014965003 | O52: =TRUNC(F52*G52,2) -> 626.64
A53: 4.2.3 | B53: 102330 | C53: SINAPI | D53: TRANSPORTE COM CAMINHÃO TANQUE DE TRANSPORTE DE MATERIAL ASFÁLTICO DE 30000 L, EM VIA URBANA PAVIMENTADA, DMT ATÉ 30KM (UNIDADE: TXKM). AF_02/2026 | E53: TXKM | F53: =ROUND(F52*30,2) -> 6 | G53: ='Todas as Ruas'!G53 -> 1.69 | H53: ='Todas as Ruas'!H53 -> 0.13 | I53: ='Todas as Ruas'!I53 -> 1.95 | J53: ='Todas as Ruas'!J53 -> 2.08 | K53: =ROUND(F53 * H53, 2) -> 0.78 | L53: =M53 - K53 -> 11.7 | M53: =ROUND(F53 * J53, 2) -> 12.48 | N53: =M53 / $M$115 -> 0.00025916301 | O53: =TRUNC(F53*G53,2) -> 10.14
A54: 4.2.4 | B54: 102331 | C54: SINAPI | D54: TRANSPORTE COM CAMINHÃO TANQUE DE TRANSPORTE DE MATERIAL ASFÁLTICO DE 30000 L, EM VIA URBANA PAVIMENTADA, ADICIONAL PARA DMT EXCEDENTE A 30 KM (UNIDADE: TXKM). AF_02/2026 | E54: TXKM | F54: =ROUND(F52*(DMT!$H$31-30),2) -> 61.8 | G54: ='Todas as Ruas'!G54 -> 0.64 | H54: ='Todas as Ruas'!H54 -> 0.05 | I54: ='Todas as Ruas'!I54 -> 0.73 | J54: ='Todas as Ruas'!J54 -> 0.78 | K54: =ROUND(F54 * H54, 2) -> 3.09 | L54: =M54 - K54 -> 45.11 | M54: =ROUND(F54 * J54, 2) -> 48.2 | N54: =M54 / $M$115 -> 0.0010009341 | O54: =TRUNC(F54*G54,2) -> 39.55
A55: 4.2.5 | B55: 4011463 | C55: SICRO3 | D55: Concreto asfáltico - faixa C-12,5 - areia e brita comerciais | E55: t | F55: =ROUND(F51*0.03*2.5548,2) -> 30.87 | G55: ='Todas as Ruas'!G55 -> 191.74 | H55: ='Todas as Ruas'!H55 -> 3.53 | I55: ='Todas as Ruas'!I55 -> 233.03 | J55: ='Todas as Ruas'!J55 -> 236.56 | K55: =ROUND(F55 * H55, 2) -> 108.97 | L55: =M55 - K55 -> 7193.64 | M55: =ROUND(F55 * J55, 2) -> 7302.61 | N55: =M55 / $M$115 -> 0.15164795 | O55: =TRUNC(F55*G55,2) -> 5919.01
A56: 4.2.6 | B56: M1943 | C56: SICRO3 | D56: Cimento asfáltico de petróleo - CAP 50/70 | E56: t | F56: =ROUND(F55*0.055,2) -> 1.7 | G56: ='Todas as Ruas'!G56 -> 4117.58 | H56: ='Todas as Ruas'!H56 -> 0 | I56: ='Todas as Ruas'!I56 -> 4735.21 | J56: ='Todas as Ruas'!J56 -> 4735,21 (15.0%) | K56: =TRUNC(F56 * H56, 2) -> 0 | L56: =M56 - K56 -> 8049.86 | M56: =ROUND((F56 * 1 ) * TRUNC(G56 * (1 + 15 / 100), 2), 2) -> 8049.86 | N56: =M56 / $M$115 -> 0.16716554 | O56: =TRUNC(F56*G56,2) -> 6999.88
A57: 4.2.7 | B57: 102330 | C57: SINAPI | D57: TRANSPORTE COM CAMINHÃO TANQUE DE TRANSPORTE DE MATERIAL ASFÁLTICO DE 30000 L, EM VIA URBANA PAVIMENTADA, DMT ATÉ 30KM (UNIDADE: TXKM). AF_02/2026 | E57: TXKM | F57: =ROUND(F56*30,2) -> 51 | G57: ='Todas as Ruas'!G57 -> 1.69 | H57: ='Todas as Ruas'!H57 -> 0.13 | I57: ='Todas as Ruas'!I57 -> 1.95 | J57: ='Todas as Ruas'!J57 -> 2.08 | K57: =ROUND(F57 * H57, 2) -> 6.63 | L57: =M57 - K57 -> 99.45 | M57: =ROUND(F57 * J57, 2) -> 106.08 | N57: =M57 / $M$115 -> 0.0022028856 | O57: =TRUNC(F57*G57,2) -> 86.19
A58: 4.2.8 | B58: 102331 | C58: SINAPI | D58: TRANSPORTE COM CAMINHÃO TANQUE DE TRANSPORTE DE MATERIAL ASFÁLTICO DE 30000 L, EM VIA URBANA PAVIMENTADA, ADICIONAL PARA DMT EXCEDENTE A 30 KM (UNIDADE: TXKM). AF_02/2026 | E58: TXKM | F58: =ROUND(F56*(DMT!$H$31-30),2) -> 525.3 | G58: ='Todas as Ruas'!G58 -> 0.64 | H58: ='Todas as Ruas'!H58 -> 0.05 | I58: ='Todas as Ruas'!I58 -> 0.73 | J58: ='Todas as Ruas'!J58 -> 0.78 | K58: =ROUND(F58 * H58, 2) -> 26.27 | L58: =M58 - K58 -> 383.46 | M58: =ROUND(F58 * J58, 2) -> 409.73 | N58: =M58 / $M$115 -> 0.0085085626 | O58: =TRUNC(F58*G58,2) -> 336.19
A59: 4.2.9 | B59: 5914389 | C59: SICRO3 | D59: Transporte com caminhão basculante de 10 m³ - rodovia pavimentada | E59: tkm | F59: =ROUND(F55*DMT!$H$20,2) -> 2437.7 | G59: ='Todas as Ruas'!G59 -> 0.82 | H59: ='Todas as Ruas'!H59 -> 0 | I59: ='Todas as Ruas'!I59 -> 1.01 | J59: ='Todas as Ruas'!J59 -> 1.01 | K59: =ROUND(F59 * H59, 2) -> 0 | L59: =M59 - K59 -> 2462.08 | M59: =ROUND(F59 * J59, 2) -> 2462.08 | N59: =M59 / $M$115 -> 0.051128211 | O59: =TRUNC(F59*G59,2) -> 1998.91
A60: 4.3 | D60: REPAROS LOCALIZADOS E ALARGAMENTO | M60: =SUM(M61:M71) -> 0 | N60: =M60 / $M$115 -> 0 | O60: =TRUNC(F60*G60,2) -> 0
A61: 4.3.1 | B61: 4805757 | C61: SICRO3 | D61: Escavação mecânica de vala em material de 1ª categoria | E61: m³ | F61: 0 | G61: ='Todas as Ruas'!G61 -> 7.03 | H61: ='Todas as Ruas'!H61 -> 1.12 | I61: ='Todas as Ruas'!I61 -> 7.55 | J61: ='Todas as Ruas'!J61 -> 8.67 | K61: =TRUNC(F61 * H61, 2) -> 0 | L61: =M61 - K61 -> 0 | M61: =TRUNC(F61 * J61, 2) -> 0 | N61: =M61 / $M$115 -> 0 | O61: =TRUNC(F61*G61,2) -> 0
A62: 4.3.2 | B62: 4011209 | C62: SICRO3 | D62: Regularização do subleito - 100% Proctor intermediário | E62: m² | F62: 0 | G62: ='Todas as Ruas'!G62 -> 1.85 | H62: ='Todas as Ruas'!H62 -> 0.04 | I62: ='Todas as Ruas'!I62 -> 2.24 | J62: ='Todas as Ruas'!J62 -> 2.28 | K62: =TRUNC(F62 * H62, 2) -> 0 | L62: =M62 - K62 -> 0 | M62: =TRUNC(F62 * J62, 2) -> 0 | N62: =M62 / $M$115 -> 0 | O62: =TRUNC(F62*G62,2) -> 0
A63: 4.3.3 | B63: 4011279 | C63: SICRO3 | D63: Base ou sub-base de macadame seco com brita comercial - 100% Proctor modificado | E63: m³ | F63: 0 | G63: ='Todas as Ruas'!G63 -> 199.52 | H63: ='Todas as Ruas'!H63 -> 0.69 | I63: ='Todas as Ruas'!I63 -> 245.47 | J63: ='Todas as Ruas'!J63 -> 246.16 | K63: =TRUNC(F63 * H63, 2) -> 0 | L63: =M63 - K63 -> 0 | M63: =TRUNC(F63 * J63, 2) -> 0 | N63: =M63 / $M$115 -> 0 | O63: =TRUNC(F63*G63,2) -> 0
A64: 4.3.4 | B64: 5914389 | C64: SICRO3 | D64: Transporte com caminhão basculante de 10 m³ - rodovia pavimentada | E64: tkm | F64: 0 | G64: ='Todas as Ruas'!G64 -> 0.82 | H64: ='Todas as Ruas'!H64 -> 0 | I64: ='Todas as Ruas'!I64 -> 1.01 | J64: ='Todas as Ruas'!J64 -> 1.01 | K64: =TRUNC(F64 * H64, 2) -> 0 | L64: =M64 - K64 -> 0 | M64: =TRUNC(F64 * J64, 2) -> 0 | N64: =M64 / $M$115 -> 0 | O64: =TRUNC(F64*G64,2) -> 0
A65: 4.3.5 | B65: 4011276 | C65: SICRO3 | D65: Base ou sub-base de brita graduada com brita comercial - 100% Proctor modificado | E65: m³ | F65: 0 | G65: ='Todas as Ruas'!G65 -> 240.05 | H65: ='Todas as Ruas'!H65 -> 1.03 | I65: ='Todas as Ruas'!I65 -> 295.14 | J65: ='Todas as Ruas'!J65 -> 296.17 | K65: =TRUNC(F65 * H65, 2) -> 0 | L65: =M65 - K65 -> 0 | M65: =TRUNC(F65 * J65, 2) -> 0 | N65: =M65 / $M$115 -> 0 | O65: =TRUNC(F65*G65,2) -> 0
A66: 4.3.6 | B66: 5914389 | C66: SICRO3 | D66: Transporte com caminhão basculante de 10 m³ - rodovia pavimentada | E66: tkm | F66: 0 | G66: ='Todas as Ruas'!G66 -> 0.82 | H66: ='Todas as Ruas'!H66 -> 0 | I66: ='Todas as Ruas'!I66 -> 1.01 | J66: ='Todas as Ruas'!J66 -> 1.01 | K66: =TRUNC(F66 * H66, 2) -> 0 | L66: =M66 - K66 -> 0 | M66: =TRUNC(F66 * J66, 2) -> 0 | N66: =M66 / $M$115 -> 0 | O66: =TRUNC(F66*G66,2) -> 0
A67: 4.3.7 | B67: 4011351 | C67: SICRO3 | D67: Imprimação com asfalto diluído | E67: m² | F67: 0 | G67: ='Todas as Ruas'!G67 -> 0.56 | H67: ='Todas as Ruas'!H67 -> 0.05 | I67: ='Todas as Ruas'!I67 -> 0.64 | J67: ='Todas as Ruas'!J67 -> 0.69 | K67: =TRUNC(F67 * H67, 2) -> 0 | L67: =M67 - K67 -> 0 | M67: =TRUNC(F67 * J67, 2) -> 0 | N67: =M67 / $M$115 -> 0 | O67: =TRUNC(F67*G67,2) -> 0
A68: 4.3.8 | B68: M0104 | C68: SICRO3 | D68: Asfalto diluído de petróleo - CM-30 | E68: t | F68: 0 | G68: ='Todas as Ruas'!G68 -> 3122.09 | H68: ='Todas as Ruas'!H68 -> 0 | I68: ='Todas as Ruas'!I68 -> 3590.4 | J68: ='Todas as Ruas'!J68 -> 3590,4 (15.0%) | K68: =TRUNC(F68 * H68, 2) -> 0 | L68: =M68 - K68 -> 0 | M68: =TRUNC((F68 * 1 ) * TRUNC(G68 * (1 + 15 / 100), 2), 2) -> 0 | N68: =M68 / $M$115 -> 0 | O68: =TRUNC(F68*G68,2) -> 0
A69: 4.3.9 | B69: 102330 | C69: SINAPI | D69: TRANSPORTE COM CAMINHÃO TANQUE DE TRANSPORTE DE MATERIAL ASFÁLTICO DE 30000 L, EM VIA URBANA PAVIMENTADA, DMT ATÉ 30KM (UNIDADE: TXKM). AF_02/2026 | E69: TXKM | F69: 0 | G69: ='Todas as Ruas'!G69 -> 1.69 | H69: ='Todas as Ruas'!H69 -> 0.13 | I69: ='Todas as Ruas'!I69 -> 1.95 | J69: ='Todas as Ruas'!J69 -> 2.08 | K69: =TRUNC(F69 * H69, 2) -> 0 | L69: =M69 - K69 -> 0 | M69: =TRUNC(F69 * J69, 2) -> 0 | N69: =M69 / $M$115 -> 0 | O69: =TRUNC(F69*G69,2) -> 0
A70: 4.3.10 | B70: 102331 | C70: SINAPI | D70: TRANSPORTE COM CAMINHÃO TANQUE DE TRANSPORTE DE MATERIAL ASFÁLTICO DE 30000 L, EM VIA URBANA PAVIMENTADA, ADICIONAL PARA DMT EXCEDENTE A 30 KM (UNIDADE: TXKM). AF_02/2026 | E70: TXKM | F70: 0 | G70: ='Todas as Ruas'!G70 -> 0.64 | H70: ='Todas as Ruas'!H70 -> 0.05 | I70: ='Todas as Ruas'!I70 -> 0.73 | J70: ='Todas as Ruas'!J70 -> 0.78 | K70: =TRUNC(F70 * H70, 2) -> 0 | L70: =M70 - K70 -> 0 | M70: =TRUNC(F70 * J70, 2) -> 0 | N70: =M70 / $M$115 -> 0 | O70: =TRUNC(F70*G70,2) -> 0
A71: 4.3.11 | B71: 4915657 | C71: SICRO3 | D71: Fresagem contínua de revestimento asfáltico - espessura de 5 cm | E71: m³ | F71: 0 | G71: ='Todas as Ruas'!G71 -> 75.46 | H71: ='Todas as Ruas'!H71 -> 1.63 | I71: ='Todas as Ruas'!I71 -> 91.47 | J71: ='Todas as Ruas'!J71 -> 93.1 | K71: =TRUNC(F71 * H71, 2) -> 0 | L71: =M71 - K71 -> 0 | M71: =TRUNC(F71 * J71, 2) -> 0 | N71: =M71 / $M$115 -> 0 | O71: =TRUNC(F71*G71,2) -> 0
A72: 5 | D72: OBRAS COMPLEMENTARES | M72: =SUM(M73:M73) -> 0 | N72: =M72 / $M$115 -> 0 | O72: =TRUNC(F72*G72,2) -> 0
A73: 5.1 | B73: 2003377 | C73: SICRO3 | D73: Meio-fio de concreto - MFC 05 - areia e brita comerciais - fôrma de madeira | E73: m | F73: 0 | G73: ='Todas as Ruas'!G73 -> 56.33 | H73: ='Todas as Ruas'!H73 -> 34.56 | I73: ='Todas as Ruas'!I73 -> 34.93 | J73: ='Todas as Ruas'!J73 -> 69.49 | K73: =TRUNC(F73 * H73, 2) -> 0 | L73: =M73 - K73 -> 0 | M73: =TRUNC(F73 * J73, 2) -> 0 | N73: =M73 / $M$115 -> 0 | O73: =TRUNC(F73*G73,2) -> 0
A74: 6 | D74: SINALIZAÇÃO VIÁRIA | M74: =M75+M80+M83 -> 3690.78 | N74: =M74 / $M$115 -> 0.076643723 | O74: =TRUNC(F74*G74,2) -> 0
A75: 6.1 | D75: SINALIZAÇÃO HORIZONTAL PISTA | M75: =SUM(M76:M79) -> 1338.22 | N75: =M75 / $M$115 -> 0.027789834 | O75: =TRUNC(F75*G75,2) -> 0
A76: 6.1.1 | B76: 5213401 | C76: SICRO3 | D76: Pintura de faixa com tinta acrílica - espessura de 0,6 mm | E76: m² | F76: =ROUND(82*0.12*3,2) -> 29.52 | G76: ='Todas as Ruas'!G76 -> 28.04 | H76: ='Todas as Ruas'!H76 -> 1.01 | I76: ='Todas as Ruas'!I76 -> 33.58 | J76: ='Todas as Ruas'!J76 -> 34.59 | K76: =ROUND(F76 * H76, 2) -> 29.82 | L76: =M76 - K76 -> 991.28 | M76: =ROUND(F76 * J76, 2) -> 1021.1 | N76: =M76 / $M$115 -> 0.021204435 | O76: =TRUNC(F76*G76,2) -> 827.74
A77: 6.1.2 | B77: 5213405 | C77: SICRO3 | D77: Pintura de setas e zebrados com tinta acrílica - espessura de 0,6 mm | E77: m² | F77: =ROUND(F76*0.2,2) -> 5.9 | G77: ='Todas as Ruas'!G77 -> 43.57 | H77: ='Todas as Ruas'!H77 -> 4.93 | I77: ='Todas as Ruas'!I77 -> 48.82 | J77: ='Todas as Ruas'!J77 -> 53.75 | K77: =TRUNC(F77 * H77, 2) -> 29.08 | L77: =M77 - K77 -> 288.04 | M77: =TRUNC(F77 * J77, 2) -> 317.12 | N77: =M77 / $M$115 -> 0.0065853986 | O77: =TRUNC(F77*G77,2) -> 257.06
A78: 6.1.3 | B78: 5219643 | C78: SICRO3 | D78: Tachão refletivo em resina sintética - bidirecional - fornecimento e colocação | E78: un | F78: 0 | G78: ='Todas as Ruas'!G78 -> 83.93 | H78: ='Todas as Ruas'!H78 -> 9.53 | I78: ='Todas as Ruas'!I78 -> 94.02 | J78: ='Todas as Ruas'!J78 -> 103.55 | K78: =TRUNC(F78 * H78, 2) -> 0 | L78: =M78 - K78 -> 0 | M78: =TRUNC(F78 * J78, 2) -> 0 | N78: =M78 / $M$115 -> 0 | O78: =TRUNC(F78*G78,2) -> 0
A79: 6.1.4 | B79: 5219620 | C79: SICRO3 | D79: Tacha refletiva em resina sintética - bidirecional tipo I - fornecimento e colocação | E79: un | F79: 0 | G79: ='Todas as Ruas'!G79 -> 42.22 | H79: ='Todas as Ruas'!H79 -> 3.88 | I79: ='Todas as Ruas'!I79 -> 48.21 | J79: ='Todas as Ruas'!J79 -> 52.09 | K79: =TRUNC(F79 * H79, 2) -> 0 | L79: =M79 - K79 -> 0 | M79: =TRUNC(F79 * J79, 2) -> 0 | N79: =M79 / $M$115 -> 0 | O79: =TRUNC(F79*G79,2) -> 0
A80: 6.2 | D80: SINALIZAÇÃO HORIZONTAL CICLOVIA | M80: =SUM(M81:M82) -> 0 | N80: =M80 / $M$115 -> 0 | O80: =TRUNC(F80*G80,2) -> 0
A81: 6.2.3 | B81: 5219643 | C81: SICRO3 | D81: Tachão refletivo em resina sintética - bidirecional - fornecimento e colocação | E81: un | F81: 0 | G81: ='Todas as Ruas'!G81 -> 83.93 | H81: ='Todas as Ruas'!H81 -> 9.53 | I81: ='Todas as Ruas'!I81 -> 94.02 | J81: ='Todas as Ruas'!J81 -> 103.55 | K81: =TRUNC(F81 * H81, 2) -> 0 | L81: =M81 - K81 -> 0 | M81: =TRUNC(F81 * J81, 2) -> 0 | N81: =M81 / $M$115 -> 0 | O81: =TRUNC(F81*G81,2) -> 0
A82: 6.2.4 | B82: 5219620 | C82: SICRO3 | D82: Tacha refletiva em resina sintética - bidirecional tipo I - fornecimento e colocação | E82: un | F82: 0 | G82: ='Todas as Ruas'!G82 -> 42.22 | H82: ='Todas as Ruas'!H82 -> 3.88 | I82: ='Todas as Ruas'!I82 -> 48.21 | J82: ='Todas as Ruas'!J82 -> 52.09 | K82: =TRUNC(F82 * H82, 2) -> 0 | L82: =M82 - K82 -> 0 | M82: =TRUNC(F82 * J82, 2) -> 0 | N82: =M82 / $M$115 -> 0 | O82: =TRUNC(F82*G82,2) -> 0
A83: 6.3 | D83: SINALIZAÇÃO VERTICAL | M83: =SUM(M84:M85) -> 2352.56 | N83: =M83 / $M$115 -> 0.048853889 | O83: =TRUNC(F83*G83,2) -> 0
A84: 6.3.1 | B84: 5213465 | C84: SICRO3 | D84: Placa de advertência em aço, lado de 0,80 m - película retrorrefletiva tipo I + SI - fornecimento e implantação | E84: un | F84: 2 | G84: ='Todas as Ruas'!G84 -> 482.55 | H84: ='Todas as Ruas'!H84 -> 72.01 | I84: ='Todas as Ruas'!I84 -> 523.36 | J84: ='Todas as Ruas'!J84 -> 595.37 | K84: =TRUNC(F84 * H84, 2) -> 144.02 | L84: =M84 - K84 -> 1046.72 | M84: =TRUNC(F84 * J84, 2) -> 1190.74 | N84: =M84 / $M$115 -> 0.024727225 | O84: =TRUNC(F84*G84,2) -> 965.1
A85: 6.3.2 | B85: 5213855 | C85: SICRO3 | D85: Suporte metálico galvanizado para placa de regulamentação - R1 - lado de 0,248 m - fornecimento e implantação | E85: un | F85: =F84 -> 2 | G85: ='Todas as Ruas'!G85 -> 470.83 | H85: ='Todas as Ruas'!H85 -> 22.18 | I85: ='Todas as Ruas'!I85 -> 558.73 | J85: ='Todas as Ruas'!J85 -> 580.91 | K85: =TRUNC(F85 * H85, 2) -> 44.36 | L85: =M85 - K85 -> 1117.46 | M85: =TRUNC(F85 * J85, 2) -> 1161.82 | N85: =M85 / $M$115 -> 0.024126664 | O85: =TRUNC(F85*G85,2) -> 941.66
A86: 7 | D86: CONTROLE TECNOLÓGICO | M86: =M87 -> 979.72 | N86: =M86 / $M$115 -> 0.020345127 | O86: =TRUNC(F86*G86,2) -> 0
A87: 7.1 | D87: ENSAIOS PARA A CAMADA ASFÁLTICA APLICADA | M87: =SUM(M88:M93) -> 979.72 | N87: =M87 / $M$115 -> 0.020345127 | O87: =TRUNC(F87*G87,2) -> 0
A88: 7.1.1 | B88: 73900/001 | C88: SINAPI | D88: ENSAIOS DE IMPRIMACAO - ASFALTO DILUIDO | E88: m² | F88: =F31+F67 -> 0 | G88: ='Todas as Ruas'!G88 -> 0.07 | H88: ='Todas as Ruas'!H88 -> 0.06 | I88: ='Todas as Ruas'!I88 -> 0.02 | J88: ='Todas as Ruas'!J88 -> 0.08 | K88: =TRUNC(F88 * H88, 2) -> 0 | L88: =M88 - K88 -> 0 | M88: =TRUNC(F88 * J88, 2) -> 0 | N88: =M88 / $M$115 -> 0 | O88: =TRUNC(F88*G88,2) -> 0
A89: 7.1.2 | B89: 74259 | C89: SINAPI | D89: ENSAIOS DE PINTURA DE LIGACAO | E89: m² | F89: =F51+F41 -> 805.5 | G89: ='Todas as Ruas'!G89 -> 0.03 | H89: ='Todas as Ruas'!H89 -> 0.03 | I89: ='Todas as Ruas'!I89 -> 0 | J89: ='Todas as Ruas'!J89 -> 0.03 | K89: =TRUNC(F89 * H89, 2) -> 24.16 | L89: =M89 - K89 -> 0 | M89: =TRUNC(F89 * J89, 2) -> 24.16 | N89: =M89 / $M$115 -> 0.00050171301 | O89: =TRUNC(F89*G89,2) -> 24.16
A90: 7.1.3 | B90: 74022/052 | C90: SINAPI | D90: ENSAIO DE GRANULOMETRIA DO AGREGADO | E90: UN | F90: =ROUNDUP((F55+F45)/100,0) -> 1 | G90: ='Todas as Ruas'!G90 -> 112.25 | H90: ='Todas as Ruas'!H90 -> 119.29 | I90: ='Todas as Ruas'!I90 -> 19.2 | J90: ='Todas as Ruas'!J90 -> 138.49 | K90: =TRUNC(F90 * H90, 2) -> 119.29 | L90: =M90 - K90 -> 19.2 | M90: =TRUNC(F90 * J90, 2) -> 138.49 | N90: =M90 / $M$115 -> 0.0028759203 | O90: =TRUNC(F90*G90,2) -> 112.25
A91: 7.1.4 | B91: 74022/040 | C91: SINAPI | D91: ENSAIO MARSHALL - MISTURA BETUMINOSA A QUENTE | E91: UN | F91: =F90 -> 1 | G91: ='Todas as Ruas'!G91 -> 392.87 | H91: ='Todas as Ruas'!H91 -> 417.51 | I91: ='Todas as Ruas'!I91 -> 67.21 | J91: ='Todas as Ruas'!J91 -> 484.72 | K91: =TRUNC(F91 * H91, 2) -> 417.51 | L91: =M91 - K91 -> 67.21 | M91: =TRUNC(F91 * J91, 2) -> 484.72 | N91: =M91 / $M$115 -> 0.010065825 | O91: =TRUNC(F91*G91,2) -> 392.87
A92: 7.1.5 | B92: 74022/035 | C92: SINAPI | D92: ENSAIO DE PERCENTAGEM DE BETUME - MISTURAS BETUMINOSAS | E92: UN | F92: =F91 -> 1 | G92: ='Todas as Ruas'!G92 -> 168.37 | H92: ='Todas as Ruas'!H92 -> 178.93 | I92: ='Todas as Ruas'!I92 -> 28.8 | J92: ='Todas as Ruas'!J92 -> 207.73 | K92: =TRUNC(F92 * H92, 2) -> 178.93 | L92: =M92 - K92 -> 28.8 | M92: =TRUNC(F92 * J92, 2) -> 207.73 | N92: =M92 / $M$115 -> 0.0043137766 | O92: =TRUNC(F92*G92,2) -> 168.37
A93: 7.1.6 | B93: 74022/053 | C93: SINAPI | D93: ENSAIO DE CONTROLE DO GRAU DE COMPACTACAO DA MISTURA ASFALTICA | E93: UN | F93: =F92 -> 1 | G93: ='Todas as Ruas'!G93 -> 101.01 | H93: ='Todas as Ruas'!H93 -> 107.35 | I93: ='Todas as Ruas'!I93 -> 17.27 | J93: ='Todas as Ruas'!J93 -> 124.62 | K93: =TRUNC(F93 * H93, 2) -> 107.35 | L93: =M93 - K93 -> 17.27 | M93: =TRUNC(F93 * J93, 2) -> 124.62 | N93: =M93 / $M$115 -> 0.0025878922 | O93: =TRUNC(F93*G93,2) -> 101.01
A94: 8 | D94: SINALIZAÇÃO DE OBRA | M94: =SUM(M95:M98) -> 0 | N94: =M94 / $M$115 -> 0 | O94: =TRUNC(F94*G94,2) -> 0
A95: 8.1 | B95: 5213850 | C95: SICRO3 | D95: Operação de sinalização por bandeirola de tecido ou com placa metálica | E95: h | F95: 0 | G95: ='Todas as Ruas'!G95 -> 24.78 | H95: ='Todas as Ruas'!H95 -> 29.34 | I95: ='Todas as Ruas'!I95 -> 1.23 | J95: ='Todas as Ruas'!J95 -> 30.57 | K95: =TRUNC(F95 * H95, 2) -> 0 | L95: =M95 - K95 -> 0 | M95: =TRUNC(F95 * J95, 2) -> 0 | N95: =M95 / $M$115 -> 0 | O95: =TRUNC(F95*G95,2) -> 0
A96: 8.2 | B96: 5213835 | C96: SICRO3 | D96: Cone plástico para canalização de trânsito - utilização de 150 ciclos - fornecimento, 01 implantação e 01 retirada diária | E96: un.dia | F96: 0 | G96: ='Todas as Ruas'!G96 -> 0.9 | H96: ='Todas as Ruas'!H96 -> 0.05 | I96: ='Todas as Ruas'!I96 -> 1.06 | J96: ='Todas as Ruas'!J96 -> 1.11 | K96: =TRUNC(F96 * H96, 2) -> 0 | L96: =M96 - K96 -> 0 | M96: =TRUNC(F96 * J96, 2) -> 0 | N96: =M96 / $M$115 -> 0 | O96: =TRUNC(F96*G96,2) -> 0
A97: 8.3 | B97: 5213349 | C97: SICRO3 | D97: Dispositivo de direcionamento ou bloqueio tipo tela plástica com suporte fixo - utilização de 150 ciclos - fornecimento, 01 implantação e 01 retirada diária | E97: m².dia | F97: 0 | G97: ='Todas as Ruas'!G97 -> 0.8 | H97: ='Todas as Ruas'!H97 -> 0.23 | I97: ='Todas as Ruas'!I97 -> 0.75 | J97: ='Todas as Ruas'!J97 -> 0.98 | K97: =TRUNC(F97 * H97, 2) -> 0 | L97: =M97 - K97 -> 0 | M97: =TRUNC(F97 * J97, 2) -> 0 | N97: =M97 / $M$115 -> 0 | O97: =TRUNC(F97*G97,2) -> 0
A98: 8.4 | B98: 5212556 | C98: SICRO3 | D98: Placa para sinalização de obras montada em cavalete metálico - 1,00 x 1,00 m - utilização de 600 ciclos - fornecimento, 01 implantação e 01 retirada diária | E98: un.dia | F98: 0 | G98: ='Todas as Ruas'!G98 -> 2 | H98: ='Todas as Ruas'!H98 -> 0.51 | I98: ='Todas as Ruas'!I98 -> 1.95 | J98: ='Todas as Ruas'!J98 -> 2.46 | K98: =TRUNC(F98 * H98, 2) -> 0 | L98: =M98 - K98 -> 0 | M98: =TRUNC(F98 * J98, 2) -> 0 | N98: =M98 / $M$115 -> 0 | O98: =TRUNC(F98*G98,2) -> 0
A99: 9 | D99: MELHORIAS NO PAISAGISMO E ILUMINAÇÃO | M99: =SUM(M100:M114) -> 0 | N99: =M99 / $M$115 -> 0 | O99: =TRUNC(F99*G99,2) -> 0 | S99: =TRUNC(F99*G99,2) -> 0
A100: 9.1 | B100: 100896 | C100: SINAPI | D100: ESTACA ESCAVADA MECANICAMENTE, SEM FLUIDO ESTABILIZANTE, COM 25CM DE DIÂMETRO, CONCRETO LANÇADO POR CAMINHÃO BETONEIRA (EXCLUSIVE MOBILIZAÇÃO E DESMOBILIZAÇÃO). AF_01/2020 | E100: M | F100: 0 | G100: 66.77 | H100: 9.68 | I100: 72.7 | J100: =TRUNC(G100 * (1 + 23.38 / 100), 2) -> 82.38 | K100: =TRUNC(F100 * H100, 2) -> 0 | L100: =M100 - K100 -> 0 | M100: =TRUNC(F100 * J100, 2) -> 0 | N100: =M100 / $M$115 -> 0 | O100: =TRUNC(F100*G100,2) -> 0 | S100: =TRUNC(F100*G100,2) -> 0
...

Sheet Cenêncio Ferreira
D1: Obra | E1: Bancos | H1: B.D.I. | K1: Encargos Sociais
D2: Rua Cenêncio Ferreira | E2: SINAPI - 03/2026 - RS SICRO3 - 01/2026 - RS | H2: 23,38% | K2: Não Desonerado: embutido nos preços unitário dos insumos de mão de obra, de acordo com as bases.
A3: Planilha Orçamentária Sintética Com Valor do Material e da Mão de Obra
A4: Item | B4: Código | C4: Banco | D4: Descrição | E4: Und | F4: Quant. | G4: Valor Unit | H4: Valor Unit com BDI | K4: Total | N4: Peso (%)
H5: M. O. | I5: MAT. | J5: Total | K5: M. O. | L5: MAT. | M5: Total
A6: 1 | D6: SERVIÇOS INICIAIS | M6: =SUM(M7:M11) -> 1536.52 | N6: =M6 / $M$115 -> 0.012313742
A7: 1.1 | B7: 106168 | C7: SINAPI | D7: LIMPEZA DE RUA COM JATO DE ALTA PRESSÃO. AF_10/2025 | E7: m² | F7: 1070 | G7: ='Todas as Ruas'!G7 -> 0.67 | H7: ='Todas as Ruas'!H7 -> 0.25 | I7: ='Todas as Ruas'!I7 -> 0.57 | J7: ='Todas as Ruas'!J7 -> 0.82 | K7: =ROUND(F7 * H7, 2) -> 267.5 | L7: =M7 - K7 -> 609.9 | M7: =ROUND(F7 * J7, 2) -> 877.4 | N7: =M7 / $M$115 -> 0.0070315237 | O7: =TRUNC(F7*G7,2) -> 716.9
A8: 01.2 | B8: 4800412 | C8: SICRO3 | D8: Raspagem e limpeza de terreno plano | E8: m² | F8: =ROUND(F7*0.1,2) -> 107 | G8: ='Todas as Ruas'!G8 -> 5 | H8: ='Todas as Ruas'!H8 -> 5.86 | I8: ='Todas as Ruas'!I8 -> 0.3 | J8: ='Todas as Ruas'!J8 -> 6.16 | K8: =ROUND(F8 * H8, 2) -> 627.02 | L8: =M8 - K8 -> 32.1 | M8: =ROUND(F8 * J8, 2) -> 659.12 | N8: =M8 / $M$115 -> 0.0052822178 | O8: =TRUNC(F8*G8,2) -> 535
A9: 1.3 | B9: MOB01 | C9: Próprio | D9: MOBILIZAÇÃO E DESMOBILIZAÇÃO DE EQUIPAMENTOS | E9: UND | F9: 0 | G9: ='Todas as Ruas'!G9 -> 11428.163 | H9: ='Todas as Ruas'!H9 -> 461.45 | I9: ='Todas as Ruas'!I9 -> 10403.4 | J9: ='Todas as Ruas'!J9 -> 14100.06 | K9: =ROUND(F9 * H9, 2) -> 0 | L9: =M9 - K9 -> 0 | M9: =ROUND(F9 * J9, 2) -> 0 | N9: =M9 / $M$115 -> 0 | O9: =TRUNC(F9*G9,2) -> 0
A10: 1.4 | B10: 5213499 | C10: SICRO3 | D10: Placa em aço - 3,00 x 1,50 m - película retrorrefletiva tipo I + III - fornecimento e implantação | E10: un | F10: 0 | G10: ='Todas as Ruas'!G10 -> 1992.46 | H10: ='Todas as Ruas'!H10 -> 303.82 | I10: ='Todas as Ruas'!I10 -> 2154.47 | J10: ='Todas as Ruas'!J10 -> 2458.29 | K10: =ROUND(F10 * H10, 2) -> 0 | L10: =M10 - K10 -> 0 | M10: =ROUND(F10 * J10, 2) -> 0 | N10: =M10 / $M$115 -> 0 | O10: =TRUNC(F10*G10,2) -> 0
A11: 1.5 | B11: 5216111 | C11: SICRO3 | D11: Suporte para placa de sinalização em madeira de lei tratada 8 x 8 cm - fornecimento e implantação | E11: un | F11: 0 | G11: ='Todas as Ruas'!G11 -> 136.57 | H11: ='Todas as Ruas'!H11 -> 25.87 | I11: ='Todas as Ruas'!I11 -> 142.63 | J11: ='Todas as Ruas'!J11 -> 168.5 | K11: =ROUND(F11 * H11, 2) -> 0 | L11: =M11 - K11 -> 0 | M11: =ROUND(F11 * J11, 2) -> 0 | N11: =M11 / $M$115 -> 0 | O11: =TRUNC(F11*G11,2) -> 0
A12: 2 | D12: ADMINISTRAÇÃO LOCAL | M12: =SUM(M13:M23) -> 19838.45 | N12: =M12 / $M$115 -> 0.15898625 | O12: =TRUNC(F12*G12,2) -> 0
A13: 2.1 | B13: P9819 | C13: SICRO3 | D13: Engenheiro supervisor - mensalista | E13: mês | F13: =ROUND(($F$7/'Todas as Ruas'!$F$7)*2,2) -> 0.06 | G13: ='Todas as Ruas'!G13 -> 30360.664 | H13: ='Todas as Ruas'!H13 -> 37458.98 | I13: ='Todas as Ruas'!I13 -> 0 | J13: ='Todas as Ruas'!J13 -> 37458.98 | K13: =ROUND(F13 * H13, 2) -> 2247.54 | L13: =M13 - K13 -> 0 | M13: =ROUND(F13 * J13, 2) -> 2247.54 | N13: =M13 / $M$115 -> 0.018011888 | O13: =TRUNC(F13*G13,2) -> 1821.63
A14: 2.2 | B14: P9840 | C14: SICRO3 | D14: Encarregado geral - mensalista | E14: mês | F14: =ROUND(($F$7/'Todas as Ruas'!$F$7)*6,2) -> 0.18 | G14: ='Todas as Ruas'!G14 -> 13144.488 | H14: ='Todas as Ruas'!H14 -> 16217.66 | I14: ='Todas as Ruas'!I14 -> 0 | J14: ='Todas as Ruas'!J14 -> 16217.66 | K14: =ROUND(F14 * H14, 2) -> 2919.18 | L14: =M14 - K14 -> 0 | M14: =ROUND(F14 * J14, 2) -> 2919.18 | N14: =M14 / $M$115 -> 0.023394442 | O14: =TRUNC(F14*G14,2) -> 2366
A15: 02.3 | B15: P9949 | C15: SICRO3 | D15: Topógrafo - mensalista | E15: mês | F15: =ROUND(($F$7/'Todas as Ruas'!$F$7)*6,2) -> 0.18 | G15: ='Todas as Ruas'!G15 -> 7296.3649 | H15: ='Todas as Ruas'!H15 -> 9002.25 | I15: ='Todas as Ruas'!I15 -> 0 | J15: ='Todas as Ruas'!J15 -> 9002.25 | K15: =ROUND(F15 * H15, 2) -> 1620.41 | L15: =M15 - K15 -> 0 | M15: =ROUND(F15 * J15, 2) -> 1620.41 | N15: =M15 / $M$115 -> 0.01298604 | O15: =TRUNC(F15*G15,2) -> 1313.34
A16: 2.4 | B16: P9950 | C16: SICRO3 | D16: Auxiliar de topografia - mensalista | E16: mês | F16: =ROUND(($F$7/'Todas as Ruas'!$F$7)*6,2) -> 0.18 | G16: ='Todas as Ruas'!G16 -> 5189.7538 | H16: ='Todas as Ruas'!H16 -> 6403.11 | I16: ='Todas as Ruas'!I16 -> 0 | J16: ='Todas as Ruas'!J16 -> 6403.11 | K16: =ROUND(F16 * H16, 2) -> 1152.56 | L16: =M16 - K16 -> 0 | M16: =ROUND(F16 * J16, 2) -> 1152.56 | N16: =M16 / $M$115 -> 0.0092366686 | O16: =TRUNC(F16*G16,2) -> 934.15
A17: 2.5 | B17: P9893 | C17: SICRO3 | D17: Encarregado de pavimentação - mensalista | E17: mês | F17: =ROUND(($F$7/'Todas as Ruas'!$F$7)*6,2) -> 0.18 | G17: ='Todas as Ruas'!G17 -> 8605.0395 | H17: ='Todas as Ruas'!H17 -> 10616.88 | I17: ='Todas as Ruas'!I17 -> 0 | J17: ='Todas as Ruas'!J17 -> 10616.89 | K17: =ROUND(F17 * H17, 2) -> 1911.04 | L17: =M17 - K17 -> 0 | M17: =ROUND(F17 * J17, 2) -> 1911.04 | N17: =M17 / $M$115 -> 0.015315162 | O17: =TRUNC(F17*G17,2) -> 1548.9
A18: 2.6 | B18: P9875 | C18: SICRO3 | D18: Encarregado de turma - mensalista | E18: mês | F18: =ROUND(($F$7/'Todas as Ruas'!$F$7)*2,2) -> 0.06 | G18: ='Todas as Ruas'!G18 -> 5778.4355 | H18: ='Todas as Ruas'!H18 -> 7129.42 | I18: ='Todas as Ruas'!I18 -> 0 | J18: ='Todas as Ruas'!J18 -> 7129.43 | K18: =ROUND(F18 * H18, 2) -> 427.77 | L18: =M18 - K18 -> 0 | M18: =ROUND(F18 * J18, 2) -> 427.77 | N18: =M18 / $M$115 -> 0.0034281683 | O18: =TRUNC(F18*G18,2) -> 346.7
A19: 2.7 | B19: P9804 | C19: SICRO3 | D19: Apontador - mensalista | E19: mês | F19: =ROUND(($F$7/'Todas as Ruas'!$F$7)*6,2) -> 0.18 | G19: ='Todas as Ruas'!G19 -> 4987.0395 | H19: ='Todas as Ruas'!H19 -> 6152.99 | I19: ='Todas as Ruas'!I19 -> 0 | J19: ='Todas as Ruas'!J19 -> 6153 | K19: =ROUND(F19 * H19, 2) -> 1107.54 | L19: =M19 - K19 -> 0 | M19: =ROUND(F19 * J19, 2) -> 1107.54 | N19: =M19 / $M$115 -> 0.0088758762 | O19: =TRUNC(F19*G19,2) -> 897.66
A20: 2.8 | B20: P9876 | C20: SICRO3 | D20: Técnico de segurança do trabalho - mensalista | E20: mês | F20: =ROUND(($F$7/'Todas as Ruas'!$F$7)*6,2) -> 0.18 | G20: ='Todas as Ruas'!G20 -> 7704.921 | H20: ='Todas as Ruas'!H20 -> 9506.33 | I20: ='Todas as Ruas'!I20 -> 0 | J20: ='Todas as Ruas'!J20 -> 9506.33 | K20: =ROUND(F20 * H20, 2) -> 1711.14 | L20: =M20 - K20 -> 0 | M20: =ROUND(F20 * J20, 2) -> 1711.14 | N20: =M20 / $M$115 -> 0.013713154 | O20: =TRUNC(F20*G20,2) -> 1386.88
A21: 2.9 | B21: E9134 | C21: SICRO3 | D21: Miniônibus com capacidade para 30 passageiros - 120 kW | E21: H | F21: =ROUND(($F$7/'Todas as Ruas'!$F$7)*320,2) -> 9.66 | G21: ='Todas as Ruas'!G21 -> 245.1778 | H21: ='Todas as Ruas'!H21 -> 0 | I21: ='Todas as Ruas'!I21 -> 302.49 | J21: ='Todas as Ruas'!J21 -> 302.5 | K21: =ROUND(F21 * H21, 2) -> 0 | L21: =M21 - K21 -> 2922.15 | M21: =ROUND(F21 * J21, 2) -> 2922.15 | N21: =M21 / $M$115 -> 0.023418244 | O21: =TRUNC(F21*G21,2) -> 2368.41
A22: 2.10 | B22: E9134 | C22: SICRO3 | D22: Miniônibus com capacidade para 30 passageiros - 120 kW | E22: H | F22: =TRUNC(($F$7/'Todas as Ruas'!$F$7)*120,2) -> 3.62 | G22: ='Todas as Ruas'!G22 -> 245.1778 | H22: ='Todas as Ruas'!H22 -> 0 | I22: ='Todas as Ruas'!I22 -> 302.49 | J22: ='Todas as Ruas'!J22 -> 302.5 | K22: =ROUND(F22 * H22, 2) -> 0 | L22: =M22 - K22 -> 1095.05 | M22: =ROUND(F22 * J22, 2) -> 1095.05 | N22: =M22 / $M$115 -> 0.0087757808 | O22: =TRUNC(F22*G22,2) -> 887.54
A23: 2.11 | B23: M0295 | C23: SICRO3 | D23: Estrutura modular com revestimento térmico, janela e banheiro - L = 2,44 m e C = 6,06 m (1 TEU) | E23: un | F23: =ROUND(($F$7/'Todas as Ruas'!$F$7)*1,2) -> 0.03 | G23: ='Todas as Ruas'!G23 -> 73595.798 | H23: ='Todas as Ruas'!H23 -> 0 | I23: ='Todas as Ruas'!I23 -> 90802.48 | J23: ='Todas as Ruas'!J23 -> 90802.49 | K23: =ROUND(F23 * H23, 2) -> 0 | L23: =M23 - K23 -> 2724.07 | M23: =ROUND(F23 * J23, 2) -> 2724.07 | N23: =M23 / $M$115 -> 0.021830822 | O23: =TRUNC(F23*G23,2) -> 2207.87
A24: 3 | D24: DRENAGEM PLUVIAL | M24: =SUM(M25:M38) -> 0 | N24: =M24 / $M$115 -> 0 | O24: =TRUNC(F24*G24,2) -> 0
A25: 3.1 | B25: 4805757 | C25: SICRO3 | D25: Escavação mecânica de vala em material de 1ª categoria | E25: m³ | F25: 0 | G25: ='Todas as Ruas'!G25 -> 7.03 | H25: ='Todas as Ruas'!H25 -> 1.12 | I25: ='Todas as Ruas'!I25 -> 7.55 | J25: ='Todas as Ruas'!J25 -> 8.67 | K25: =TRUNC(F25 * H25, 2) -> 0 | L25: =M25 - K25 -> 0 | M25: =TRUNC(F25 * J25, 2) -> 0 | N25: =M25 / $M$115 -> 0 | O25: =TRUNC(F25*G25,2) -> 0
A26: 3.2 | B26: 2003850 | C26: SICRO3 | D26: Lastro de brita comercial compactado com soquete vibratório - espalhamento manual | E26: m³ | F26: 0 | G26: ='Todas as Ruas'!G26 -> 163.35 | H26: ='Todas as Ruas'!H26 -> 12.29 | I26: ='Todas as Ruas'!I26 -> 189.25 | J26: ='Todas as Ruas'!J26 -> 201.54 | K26: =TRUNC(F26 * H26, 2) -> 0 | L26: =M26 - K26 -> 0 | M26: =TRUNC(F26 * J26, 2) -> 0 | N26: =M26 / $M$115 -> 0 | O26: =TRUNC(F26*G26,2) -> 0
A27: 3.3 | B27: 0804021 | C27: SICRO3 | D27: Corpo de BSTC D = 0,60 m PA1 - areia, brita e pedra de mão comerciais | E27: m | F27: 0 | G27: ='Todas as Ruas'!G27 -> 470.66 | H27: ='Todas as Ruas'!H27 -> 66.45 | I27: ='Todas as Ruas'!I27 -> 514.25 | J27: ='Todas as Ruas'!J27 -> 580.7 | K27: =TRUNC(F27 * H27, 2) -> 0 | L27: =M27 - K27 -> 0 | M27: =TRUNC(F27 * J27, 2) -> 0 | N27: =M27 / $M$115 -> 0 | O27: =TRUNC(F27*G27,2) -> 0
A28: 3.4 | B28: 4815671 | C28: SICRO3 | D28: Reaterro e compactação com soquete vibratório | E28: m³ | F28: 0 | G28: ='Todas as Ruas'!G28 -> 20.21 | H28: ='Todas as Ruas'!H28 -> 18.85 | I28: ='Todas as Ruas'!I28 -> 6.08 | J28: ='Todas as Ruas'!J28 -> 24.93 | K28: =TRUNC(F28 * H28, 2) -> 0 | L28: =M28 - K28 -> 0 | M28: =TRUNC(F28 * J28, 2) -> 0 | N28: =M28 / $M$115 -> 0 | O28: =TRUNC(F28*G28,2) -> 0
A29: 3.5 | B29: 4011276 | C29: SICRO3 | D29: Base ou sub-base de brita graduada com brita comercial - 100% Proctor modificado | E29: m³ | F29: 0 | G29: ='Todas as Ruas'!G29 -> 240.05 | H29: ='Todas as Ruas'!H29 -> 1.03 | I29: ='Todas as Ruas'!I29 -> 295.14 | J29: ='Todas as Ruas'!J29 -> 296.17 | K29: =TRUNC(F29 * H29, 2) -> 0 | L29: =M29 - K29 -> 0 | M29: =TRUNC(F29 * J29, 2) -> 0 | N29: =M29 / $M$115 -> 0 | O29: =TRUNC(F29*G29,2) -> 0
A30: 3.6 | B30: 5914389 | C30: SICRO3 | D30: Transporte com caminhão basculante de 10 m³ - rodovia pavimentada | E30: tkm | F30: 0 | G30: ='Todas as Ruas'!G30 -> 0.82 | H30: ='Todas as Ruas'!H30 -> 0 | I30: ='Todas as Ruas'!I30 -> 1.01 | J30: ='Todas as Ruas'!J30 -> 1.01 | K30: =TRUNC(F30 * H30, 2) -> 0 | L30: =M30 - K30 -> 0 | M30: =TRUNC(F30 * J30, 2) -> 0 | N30: =M30 / $M$115 -> 0 | O30: =TRUNC(F30*G30,2) -> 0
A31: 3.7 | B31: 4011351 | C31: SICRO3 | D31: Imprimação com asfalto diluído | E31: m² | F31: 0 | G31: ='Todas as Ruas'!G31 -> 0.56 | H31: ='Todas as Ruas'!H31 -> 0.05 | I31: ='Todas as Ruas'!I31 -> 0.64 | J31: ='Todas as Ruas'!J31 -> 0.69 | K31: =TRUNC(F31 * H31, 2) -> 0 | L31: =M31 - K31 -> 0 | M31: =TRUNC(F31 * J31, 2) -> 0 | N31: =M31 / $M$115 -> 0 | O31: =TRUNC(F31*G31,2) -> 0
A32: 3.8 | B32: M0104 | C32: SICRO3 | D32: Asfalto diluído de petróleo - CM-30 | E32: t | F32: 0 | G32: ='Todas as Ruas'!G32 -> 3122.09 | H32: ='Todas as Ruas'!H32 -> 0 | I32: ='Todas as Ruas'!I32 -> 3590.4 | J32: ='Todas as Ruas'!J32 -> 3590,4 (15.0%) | K32: =TRUNC(F32 * H32, 2) -> 0 | L32: =M32 - K32 -> 0 | M32: =TRUNC((F32 * 1 ) * TRUNC(G32 * (1 + 15 / 100), 2), 2) -> 0 | N32: =M32 / $M$115 -> 0 | O32: =TRUNC(F32*G32,2) -> 0
A33: 3.9 | B33: 102330 | C33: SINAPI | D33: TRANSPORTE COM CAMINHÃO TANQUE DE TRANSPORTE DE MATERIAL ASFÁLTICO DE 30000 L, EM VIA URBANA PAVIMENTADA, DMT ATÉ 30KM (UNIDADE: TXKM). AF_02/2026 | E33: TXKM | F33: 0 | G33: ='Todas as Ruas'!G33 -> 1.69 | H33: ='Todas as Ruas'!H33 -> 0.13 | I33: ='Todas as Ruas'!I33 -> 1.95 | J33: ='Todas as Ruas'!J33 -> 2.08 | K33: =TRUNC(F33 * H33, 2) -> 0 | L33: =M33 - K33 -> 0 | M33: =TRUNC(F33 * J33, 2) -> 0 | N33: =M33 / $M$115 -> 0 | O33: =TRUNC(F33*G33,2) -> 0
A34: 3.10 | B34: 102331 | C34: SINAPI | D34: TRANSPORTE COM CAMINHÃO TANQUE DE TRANSPORTE DE MATERIAL ASFÁLTICO DE 30000 L, EM VIA URBANA PAVIMENTADA, ADICIONAL PARA DMT EXCEDENTE A 30 KM (UNIDADE: TXKM). AF_02/2026 | E34: TXKM | F34: 0 | G34: ='Todas as Ruas'!G34 -> 0.64 | H34: ='Todas as Ruas'!H34 -> 0.05 | I34: ='Todas as Ruas'!I34 -> 0.73 | J34: ='Todas as Ruas'!J34 -> 0.78 | K34: =TRUNC(F34 * H34, 2) -> 0 | L34: =M34 - K34 -> 0 | M34: =TRUNC(F34 * J34, 2) -> 0 | N34: =M34 / $M$115 -> 0 | O34: =TRUNC(F34*G34,2) -> 0
A35: 3.11 | B35: 2003517 | C35: SICRO3 | D35: Caixa coletora de sarjeta - CCS 200-60 B - com grelha de aço - areia e brita comerciais | E35: un | F35: 0 | G35: ='Todas as Ruas'!G35 -> 4969.53 | H35: ='Todas as Ruas'!H35 -> 2317.22 | I35: ='Todas as Ruas'!I35 -> 3814.18 | J35: ='Todas as Ruas'!J35 -> 6131.4 | K35: =TRUNC(F35 * H35, 2) -> 0 | L35: =M35 - K35 -> 0 | M35: =TRUNC(F35 * J35, 2) -> 0 | N35: =M35 / $M$115 -> 0 | O35: =TRUNC(F35*G35,2) -> 0
A36: 3.12 | B36: 1023 | C36: Próprio | D36: REFORMA E NIVELAMENTO BOCA DE LOBO EXISTENTE COM GRELHA DE FERRO (COM DIMENSÕES ATÉ 1,40 X 1,40 m) | E36: un | F36: 0 | G36: 1900.28 | H36: =J36-I36 -> 468.91 | I36: =ROUND(J36*0.8,2) -> 1875.65 | J36: ='Todas as Ruas'!J36 -> 2344.56 | K36: =TRUNC(F36 * H36, 2) -> 0 | L36: =M36 - K36 -> 0 | M36: =TRUNC(F36 * J36, 2) -> 0 | N36: =M36 / $M$115 -> 0
A37: 3.13 | B37: 2003261 | C37: SICRO3 | D37: Sarjeta triangular de concreto - STC 80-15 - escavação mecânica - areia e brita comerciais | E37: m | F37: 0 | G37: ='Todas as Ruas'!G37 -> 51.88 | H37: ='Todas as Ruas'!H37 -> 13.89 | I37: ='Todas as Ruas'!I37 -> 50.11 | J37: ='Todas as Ruas'!J37 -> 64 | K37: =TRUNC(F37 * H37, 2) -> 0 | L37: =M37 - K37 -> 0 | M37: =TRUNC(F37 * J37, 2) -> 0 | N37: =M37 / $M$115 -> 0 | O37: =TRUNC(F37*G37,2) -> 0
A38: 3.14 | B38: 0804081 | C38: SICRO3 | D38: Boca de BSTC D = 0,60 m - esconsidade 0° - areia e brita comerciais - alas retas | E38: un | F38: 0 | G38: ='Todas as Ruas'!G38 -> 798.59 | H38: ='Todas as Ruas'!H38 -> 324.84 | I38: ='Todas as Ruas'!I38 -> 660.46 | J38: ='Todas as Ruas'!J38 -> 985.3 | K38: =TRUNC(F38 * H38, 2) -> 0 | L38: =M38 - K38 -> 0 | M38: =TRUNC(F38 * J38, 2) -> 0 | N38: =M38 / $M$115 -> 0 | O38: =TRUNC(F38*G38,2) -> 0
A39: 4 | D39: PAVIMENTAÇÃO ASFÁLTICA | M39: =M40+M50+M60 -> 94538.2 | N39: =M39 / $M$115 -> 0.75763346 | O39: =TRUNC(F39*G39,2) -> 0
A40: 4.1 | D40: REPERFILAGEM | M40: =SUM(M41:M49) -> 43217.6 | N40: =M40 / $M$115 -> 0.34634782 | O40: =TRUNC(F40*G40,2) -> 0
A41: 4.1.1 | B41: 4011353 | C41: SICRO3 | D41: Pintura de ligação | E41: m² | F41: =F7 -> 1070 | G41: ='Todas as Ruas'!G41 -> 0.42 | H41: ='Todas as Ruas'!H41 -> 0.03 | I41: ='Todas as Ruas'!I41 -> 0.48 | J41: ='Todas as Ruas'!J41 -> 0.51 | K41: =ROUND(F41 * H41, 2) -> 32.1 | L41: =M41 - K41 -> 513.6 | M41: =ROUND(F41 * J41, 2) -> 545.7 | N41: =M41 / $M$115 -> 0.0043732648 | O41: =TRUNC(F41*G41,2) -> 449.4
A42: 4.1.2 | B42: M1946 | C42: SICRO3 | D42: Emulsão asfáltica - RR-1C | E42: t | F42: =ROUND(F41*0.0005,2) -> 0.54 | G42: ='Todas as Ruas'!G42 -> 3133.24 | H42: ='Todas as Ruas'!H42 -> 0 | I42: ='Todas as Ruas'!I42 -> 3603.22 | J42: ='Todas as Ruas'!J42 -> 3603,22 (15.0%) | K42: =TRUNC(F42 * H42, 2) -> 0 | L42: =M42 - K42 -> 1945.74 | M42: =ROUND((F42 * 1 ) * TRUNC(G42 * (1 + 15 / 100), 2), 2) -> 1945.74 | N42: =M42 / $M$115 -> 0.015593249 | O42: =TRUNC(F42*G42,2) -> 1691.94
A43: 4.1.3 | B43: 102330 | C43: SINAPI | D43: TRANSPORTE COM CAMINHÃO TANQUE DE TRANSPORTE DE MATERIAL ASFÁLTICO DE 30000 L, EM VIA URBANA PAVIMENTADA, DMT ATÉ 30KM (UNIDADE: TXKM). AF_02/2026 | E43: TXKM | F43: =ROUND(F42*30,2) -> 16.2 | G43: ='Todas as Ruas'!G43 -> 1.69 | H43: ='Todas as Ruas'!H43 -> 0.13 | I43: ='Todas as Ruas'!I43 -> 1.95 | J43: ='Todas as Ruas'!J43 -> 2.08 | K43: =ROUND(F43 * H43, 2) -> 2.11 | L43: =M43 - K43 -> 31.59 | M43: =ROUND(F43 * J43, 2) -> 33.7 | N43: =M43 / $M$115 -> 0.00027007334 | O43: =TRUNC(F43*G43,2) -> 27.37
A44: 4.1.4 | B44: 102331 | C44: SINAPI | D44: TRANSPORTE COM CAMINHÃO TANQUE DE TRANSPORTE DE MATERIAL ASFÁLTICO DE 30000 L, EM VIA URBANA PAVIMENTADA, ADICIONAL PARA DMT EXCEDENTE A 30 KM (UNIDADE: TXKM). AF_02/2026 | E44: TXKM | F44: =ROUND(F42*(DMT!$H$31-30),2) -> 166.86 | G44: ='Todas as Ruas'!G44 -> 0.64 | H44: ='Todas as Ruas'!H44 -> 0.05 | I44: ='Todas as Ruas'!I44 -> 0.73 | J44: ='Todas as Ruas'!J44 -> 0.78 | K44: =ROUND(F44 * H44, 2) -> 8.34 | L44: =M44 - K44 -> 121.81 | M44: =ROUND(F44 * J44, 2) -> 130.15 | N44: =M44 / $M$115 -> 0.0010430281 | O44: =TRUNC(F44*G44,2) -> 106.79
A45: 4.1.5 | B45: 4011463 | C45: SICRO3 | D45: Concreto asfáltico - faixa C-12,5 - areia e brita comerciais | E45: t | F45: =ROUND(F41*0.025*2.5548,2) -> 68.34 | G45: ='Todas as Ruas'!G45 -> 191.74 | H45: ='Todas as Ruas'!H45 -> 3.53 | I45: ='Todas as Ruas'!I45 -> 233.03 | J45: ='Todas as Ruas'!J45 -> 236.56 | K45: =ROUND(F45 * H45, 2) -> 241.24 | L45: =M45 - K45 -> 15925.27 | M45: =ROUND(F45 * J45, 2) -> 16166.51 | N45: =M45 / $M$115 -> 0.12955915 | O45: =TRUNC(F45*G45,2) -> 13103.51
A46: 4.1.6 | B46: M1943 | C46: SICRO3 | D46: Cimento asfáltico de petróleo - CAP 50/70 | E46: t | F46: =ROUND(F45*0.055,2) -> 3.76 | G46: ='Todas as Ruas'!G46 -> 4117.58 | H46: ='Todas as Ruas'!H46 -> 0 | I46: ='Todas as Ruas'!I46 -> 4735.21 | J46: ='Todas as Ruas'!J46 -> 4735,21 (15.0%) | K46: =TRUNC(F46 * H46, 2) -> 0 | L46: =M46 - K46 -> 17804.39 | M46: =ROUND((F46 * 1 ) * TRUNC(G46 * (1 + 15 / 100), 2), 2) -> 17804.39 | N46: =M46 / $M$115 -> 0.1426852 | O46: =TRUNC(F46*G46,2) -> 15482.1
A47: 4.1.7 | B47: 102330 | C47: SINAPI | D47: TRANSPORTE COM CAMINHÃO TANQUE DE TRANSPORTE DE MATERIAL ASFÁLTICO DE 30000 L, EM VIA URBANA PAVIMENTADA, DMT ATÉ 30KM (UNIDADE: TXKM). AF_02/2026 | E47: TXKM | F47: =ROUND(F46*30,2) -> 112.8 | G47: ='Todas as Ruas'!G47 -> 1.69 | H47: ='Todas as Ruas'!H47 -> 0.13 | I47: ='Todas as Ruas'!I47 -> 1.95 | J47: ='Todas as Ruas'!J47 -> 2.08 | K47: =ROUND(F47 * H47, 2) -> 14.66 | L47: =M47 - K47 -> 219.96 | M47: =ROUND(F47 * J47, 2) -> 234.62 | N47: =M47 / $M$115 -> 0.0018802554 | O47: =TRUNC(F47*G47,2) -> 190.63
A48: 4.1.8 | B48: 102331 | C48: SINAPI | D48: TRANSPORTE COM CAMINHÃO TANQUE DE TRANSPORTE DE MATERIAL ASFÁLTICO DE 30000 L, EM VIA URBANA PAVIMENTADA, ADICIONAL PARA DMT EXCEDENTE A 30 KM (UNIDADE: TXKM). AF_02/2026 | E48: TXKM | F48: =ROUND(F46*(DMT!$H$31-30),2) -> 1161.84 | G48: ='Todas as Ruas'!G48 -> 0.64 | H48: ='Todas as Ruas'!H48 -> 0.05 | I48: ='Todas as Ruas'!I48 -> 0.73 | J48: ='Todas as Ruas'!J48 -> 0.78 | K48: =ROUND(F48 * H48, 2) -> 58.09 | L48: =M48 - K48 -> 848.15 | M48: =ROUND(F48 * J48, 2) -> 906.24 | N48: =M48 / $M$115 -> 0.0072626488 | O48: =TRUNC(F48*G48,2) -> 743.57
A49: 4.1.9 | B49: 5914389 | C49: SICRO3 | D49: Transporte com caminhão basculante de 10 m³ - rodovia pavimentada | E49: tkm | F49: =ROUND(F45*DMT!$H$20,2) -> 5396.58 | G49: ='Todas as Ruas'!G49 -> 0.82 | H49: ='Todas as Ruas'!H49 -> 0 | I49: ='Todas as Ruas'!I49 -> 1.01 | J49: ='Todas as Ruas'!J49 -> 1.01 | K49: =ROUND(F49 * H49, 2) -> 0 | L49: =M49 - K49 -> 5450.55 | M49: =ROUND(F49 * J49, 2) -> 5450.55 | N49: =M49 / $M$115 -> 0.043680957 | O49: =TRUNC(F49*G49,2) -> 4425.19
A50: 4.2 | D50: CAPA ASFÁLTICA | M50: =SUM(M51:M59) -> 51320.6 | N50: =M50 / $M$115 -> 0.41128564 | O50: =TRUNC(F50*G50,2) -> 0
A51: 4.2.1 | B51: 4011353 | C51: SICRO3 | D51: Pintura de ligação | E51: m² | F51: =F7 -> 1070 | G51: ='Todas as Ruas'!G51 -> 0.42 | H51: ='Todas as Ruas'!H51 -> 0.03 | I51: ='Todas as Ruas'!I51 -> 0.48 | J51: ='Todas as Ruas'!J51 -> 0.51 | K51: =ROUND(F51 * H51, 2) -> 32.1 | L51: =M51 - K51 -> 513.6 | M51: =ROUND(F51 * J51, 2) -> 545.7 | N51: =M51 / $M$115 -> 0.0043732648 | O51: =TRUNC(F51*G51,2) -> 449.4
A52: 4.2.2 | B52: M1946 | C52: SICRO3 | D52: Emulsão asfáltica - RR-1C | E52: t | F52: =ROUND(F51*0.0005,2) -> 0.54 | G52: ='Todas as Ruas'!G52 -> 3133.24 | H52: ='Todas as Ruas'!H52 -> 0 | I52: ='Todas as Ruas'!I52 -> 3603.22 | J52: ='Todas as Ruas'!J52 -> 3603,22 (15.0%) | K52: =TRUNC(F52 * H52, 2) -> 0 | L52: =M52 - K52 -> 1945.73 | M52: =TRUNC((F52 * 1 ) * TRUNC(G52 * (1 + 15 / 100), 2), 2) -> 1945.73 | N52: =M52 / $M$115 -> 0.015593169 | O52: =TRUNC(F52*G52,2) -> 1691.94
A53: 4.2.3 | B53: 102330 | C53: SINAPI | D53: TRANSPORTE COM CAMINHÃO TANQUE DE TRANSPORTE DE MATERIAL ASFÁLTICO DE 30000 L, EM VIA URBANA PAVIMENTADA, DMT ATÉ 30KM (UNIDADE: TXKM). AF_02/2026 | E53: TXKM | F53: =ROUND(F52*30,2) -> 16.2 | G53: ='Todas as Ruas'!G53 -> 1.69 | H53: ='Todas as Ruas'!H53 -> 0.13 | I53: ='Todas as Ruas'!I53 -> 1.95 | J53: ='Todas as Ruas'!J53 -> 2.08 | K53: =ROUND(F53 * H53, 2) -> 2.11 | L53: =M53 - K53 -> 31.59 | M53: =ROUND(F53 * J53, 2) -> 33.7 | N53: =M53 / $M$115 -> 0.00027007334 | O53: =TRUNC(F53*G53,2) -> 27.37
A54: 4.2.4 | B54: 102331 | C54: SINAPI | D54: TRANSPORTE COM CAMINHÃO TANQUE DE TRANSPORTE DE MATERIAL ASFÁLTICO DE 30000 L, EM VIA URBANA PAVIMENTADA, ADICIONAL PARA DMT EXCEDENTE A 30 KM (UNIDADE: TXKM). AF_02/2026 | E54: TXKM | F54: =ROUND(F52*(DMT!$H$31-30),2) -> 166.86 | G54: ='Todas as Ruas'!G54 -> 0.64 | H54: ='Todas as Ruas'!H54 -> 0.05 | I54: ='Todas as Ruas'!I54 -> 0.73 | J54: ='Todas as Ruas'!J54 -> 0.78 | K54: =ROUND(F54 * H54, 2) -> 8.34 | L54: =M54 - K54 -> 121.81 | M54: =ROUND(F54 * J54, 2) -> 130.15 | N54: =M54 / $M$115 -> 0.0010430281 | O54: =TRUNC(F54*G54,2) -> 106.79
A55: 4.2.5 | B55: 4011463 | C55: SICRO3 | D55: Concreto asfáltico - faixa C-12,5 - areia e brita comerciais | E55: t | F55: =ROUND(F51*0.03*2.5548,2) -> 82.01 | G55: ='Todas as Ruas'!G55 -> 191.74 | H55: ='Todas as Ruas'!H55 -> 3.53 | I55: ='Todas as Ruas'!I55 -> 233.03 | J55: ='Todas as Ruas'!J55 -> 236.56 | K55: =ROUND(F55 * H55, 2) -> 289.5 | L55: =M55 - K55 -> 19110.79 | M55: =ROUND(F55 * J55, 2) -> 19400.29 | N55: =M55 / $M$115 -> 0.15547481 | O55: =TRUNC(F55*G55,2) -> 15724.59
A56: 4.2.6 | B56: M1943 | C56: SICRO3 | D56: Cimento asfáltico de petróleo - CAP 50/70 | E56: t | F56: =ROUND(F55*0.055,2) -> 4.51 | G56: ='Todas as Ruas'!G56 -> 4117.58 | H56: ='Todas as Ruas'!H56 -> 0 | I56: ='Todas as Ruas'!I56 -> 4735.21 | J56: ='Todas as Ruas'!J56 -> 4735,21 (15.0%) | K56: =TRUNC(F56 * H56, 2) -> 0 | L56: =M56 - K56 -> 21355.79 | M56: =TRUNC((F56 * 1 ) * TRUNC(G56 * (1 + 15 / 100), 2), 2) -> 21355.79 | N56: =M56 / $M$115 -> 0.17114628 | O56: =TRUNC(F56*G56,2) -> 18570.28
A57: 4.2.7 | B57: 102330 | C57: SINAPI | D57: TRANSPORTE COM CAMINHÃO TANQUE DE TRANSPORTE DE MATERIAL ASFÁLTICO DE 30000 L, EM VIA URBANA PAVIMENTADA, DMT ATÉ 30KM (UNIDADE: TXKM). AF_02/2026 | E57: TXKM | F57: =ROUND(F56*30,2) -> 135.3 | G57: ='Todas as Ruas'!G57 -> 1.69 | H57: ='Todas as Ruas'!H57 -> 0.13 | I57: ='Todas as Ruas'!I57 -> 1.95 | J57: ='Todas as Ruas'!J57 -> 2.08 | K57: =ROUND(F57 * H57, 2) -> 17.59 | L57: =M57 - K57 -> 263.83 | M57: =ROUND(F57 * J57, 2) -> 281.42 | N57: =M57 / $M$115 -> 0.0022553128 | O57: =TRUNC(F57*G57,2) -> 228.65
A58: 4.2.8 | B58: 102331 | C58: SINAPI | D58: TRANSPORTE COM CAMINHÃO TANQUE DE TRANSPORTE DE MATERIAL ASFÁLTICO DE 30000 L, EM VIA URBANA PAVIMENTADA, ADICIONAL PARA DMT EXCEDENTE A 30 KM (UNIDADE: TXKM). AF_02/2026 | E58: TXKM | F58: =ROUND(F56*(DMT!$H$31-30),2) -> 1393.59 | G58: ='Todas as Ruas'!G58 -> 0.64 | H58: ='Todas as Ruas'!H58 -> 0.05 | I58: ='Todas as Ruas'!I58 -> 0.73 | J58: ='Todas as Ruas'!J58 -> 0.78 | K58: =ROUND(F58 * H58, 2) -> 69.68 | L58: =M58 - K58 -> 1017.32 | M58: =ROUND(F58 * J58, 2) -> 1087 | N58: =M58 / $M$115 -> 0.0087112677 | O58: =TRUNC(F58*G58,2) -> 891.89
A59: 4.2.9 | B59: 5914389 | C59: SICRO3 | D59: Transporte com caminhão basculante de 10 m³ - rodovia pavimentada | E59: tkm | F59: =ROUND(F55*DMT!$H$20,2) -> 6476.06 | G59: ='Todas as Ruas'!G59 -> 0.82 | H59: ='Todas as Ruas'!H59 -> 0 | I59: ='Todas as Ruas'!I59 -> 1.01 | J59: ='Todas as Ruas'!J59 -> 1.01 | K59: =TRUNC(F59 * H59, 2) -> 0 | L59: =M59 - K59 -> 6540.82 | M59: =TRUNC(F59 * J59, 2) -> 6540.82 | N59: =M59 / $M$115 -> 0.052418431 | O59: =TRUNC(F59*G59,2) -> 5310.36
A60: 4.3 | D60: REPAROS LOCALIZADOS E ALARGAMENTO | M60: =SUM(M61:M71) -> 0 | N60: =M60 / $M$115 -> 0 | O60: =TRUNC(F60*G60,2) -> 0
A61: 4.3.1 | B61: 4805757 | C61: SICRO3 | D61: Escavação mecânica de vala em material de 1ª categoria | E61: m³ | F61: 0 | G61: ='Todas as Ruas'!G61 -> 7.03 | H61: ='Todas as Ruas'!H61 -> 1.12 | I61: ='Todas as Ruas'!I61 -> 7.55 | J61: ='Todas as Ruas'!J61 -> 8.67 | K61: =TRUNC(F61 * H61, 2) -> 0 | L61: =M61 - K61 -> 0 | M61: =TRUNC(F61 * J61, 2) -> 0 | N61: =M61 / $M$115 -> 0 | O61: =TRUNC(F61*G61,2) -> 0
A62: 4.3.2 | B62: 4011209 | C62: SICRO3 | D62: Regularização do subleito - 100% Proctor intermediário | E62: m² | F62: 0 | G62: ='Todas as Ruas'!G62 -> 1.85 | H62: ='Todas as Ruas'!H62 -> 0.04 | I62: ='Todas as Ruas'!I62 -> 2.24 | J62: ='Todas as Ruas'!J62 -> 2.28 | K62: =TRUNC(F62 * H62, 2) -> 0 | L62: =M62 - K62 -> 0 | M62: =TRUNC(F62 * J62, 2) -> 0 | N62: =M62 / $M$115 -> 0 | O62: =TRUNC(F62*G62,2) -> 0
A63: 4.3.3 | B63: 4011279 | C63: SICRO3 | D63: Base ou sub-base de macadame seco com brita comercial - 100% Proctor modificado | E63: m³ | F63: 0 | G63: ='Todas as Ruas'!G63 -> 199.52 | H63: ='Todas as Ruas'!H63 -> 0.69 | I63: ='Todas as Ruas'!I63 -> 245.47 | J63: ='Todas as Ruas'!J63 -> 246.16 | K63: =TRUNC(F63 * H63, 2) -> 0 | L63: =M63 - K63 -> 0 | M63: =TRUNC(F63 * J63, 2) -> 0 | N63: =M63 / $M$115 -> 0 | O63: =TRUNC(F63*G63,2) -> 0
A64: 4.3.4 | B64: 5914389 | C64: SICRO3 | D64: Transporte com caminhão basculante de 10 m³ - rodovia pavimentada | E64: tkm | F64: 0 | G64: ='Todas as Ruas'!G64 -> 0.82 | H64: ='Todas as Ruas'!H64 -> 0 | I64: ='Todas as Ruas'!I64 -> 1.01 | J64: ='Todas as Ruas'!J64 -> 1.01 | K64: =TRUNC(F64 * H64, 2) -> 0 | L64: =M64 - K64 -> 0 | M64: =TRUNC(F64 * J64, 2) -> 0 | N64: =M64 / $M$115 -> 0 | O64: =TRUNC(F64*G64,2) -> 0
A65: 4.3.5 | B65: 4011276 | C65: SICRO3 | D65: Base ou sub-base de brita graduada com brita comercial - 100% Proctor modificado | E65: m³ | F65: 0 | G65: ='Todas as Ruas'!G65 -> 240.05 | H65: ='Todas as Ruas'!H65 -> 1.03 | I65: ='Todas as Ruas'!I65 -> 295.14 | J65: ='Todas as Ruas'!J65 -> 296.17 | K65: =TRUNC(F65 * H65, 2) -> 0 | L65: =M65 - K65 -> 0 | M65: =TRUNC(F65 * J65, 2) -> 0 | N65: =M65 / $M$115 -> 0 | O65: =TRUNC(F65*G65,2) -> 0
A66: 4.3.6 | B66: 5914389 | C66: SICRO3 | D66: Transporte com caminhão basculante de 10 m³ - rodovia pavimentada | E66: tkm | F66: 0 | G66: ='Todas as Ruas'!G66 -> 0.82 | H66: ='Todas as Ruas'!H66 -> 0 | I66: ='Todas as Ruas'!I66 -> 1.01 | J66: ='Todas as Ruas'!J66 -> 1.01 | K66: =TRUNC(F66 * H66, 2) -> 0 | L66: =M66 - K66 -> 0 | M66: =TRUNC(F66 * J66, 2) -> 0 | N66: =M66 / $M$115 -> 0 | O66: =TRUNC(F66*G66,2) -> 0
A67: 4.3.7 | B67: 4011351 | C67: SICRO3 | D67: Imprimação com asfalto diluído | E67: m² | F67: 0 | G67: ='Todas as Ruas'!G67 -> 0.56 | H67: ='Todas as Ruas'!H67 -> 0.05 | I67: ='Todas as Ruas'!I67 -> 0.64 | J67: ='Todas as Ruas'!J67 -> 0.69 | K67: =TRUNC(F67 * H67, 2) -> 0 | L67: =M67 - K67 -> 0 | M67: =TRUNC(F67 * J67, 2) -> 0 | N67: =M67 / $M$115 -> 0 | O67: =TRUNC(F67*G67,2) -> 0
A68: 4.3.8 | B68: M0104 | C68: SICRO3 | D68: Asfalto diluído de petróleo - CM-30 | E68: t | F68: 0 | G68: ='Todas as Ruas'!G68 -> 3122.09 | H68: ='Todas as Ruas'!H68 -> 0 | I68: ='Todas as Ruas'!I68 -> 3590.4 | J68: ='Todas as Ruas'!J68 -> 3590,4 (15.0%) | K68: =TRUNC(F68 * H68, 2) -> 0 | L68: =M68 - K68 -> 0 | M68: =TRUNC((F68 * 1 ) * TRUNC(G68 * (1 + 15 / 100), 2), 2) -> 0 | N68: =M68 / $M$115 -> 0 | O68: =TRUNC(F68*G68,2) -> 0
A69: 4.3.9 | B69: 102330 | C69: SINAPI | D69: TRANSPORTE COM CAMINHÃO TANQUE DE TRANSPORTE DE MATERIAL ASFÁLTICO DE 30000 L, EM VIA URBANA PAVIMENTADA, DMT ATÉ 30KM (UNIDADE: TXKM). AF_02/2026 | E69: TXKM | F69: 0 | G69: ='Todas as Ruas'!G69 -> 1.69 | H69: ='Todas as Ruas'!H69 -> 0.13 | I69: ='Todas as Ruas'!I69 -> 1.95 | J69: ='Todas as Ruas'!J69 -> 2.08 | K69: =TRUNC(F69 * H69, 2) -> 0 | L69: =M69 - K69 -> 0 | M69: =TRUNC(F69 * J69, 2) -> 0 | N69: =M69 / $M$115 -> 0 | O69: =TRUNC(F69*G69,2) -> 0
A70: 4.3.10 | B70: 102331 | C70: SINAPI | D70: TRANSPORTE COM CAMINHÃO TANQUE DE TRANSPORTE DE MATERIAL ASFÁLTICO DE 30000 L, EM VIA URBANA PAVIMENTADA, ADICIONAL PARA DMT EXCEDENTE A 30 KM (UNIDADE: TXKM). AF_02/2026 | E70: TXKM | F70: 0 | G70: ='Todas as Ruas'!G70 -> 0.64 | H70: ='Todas as Ruas'!H70 -> 0.05 | I70: ='Todas as Ruas'!I70 -> 0.73 | J70: ='Todas as Ruas'!J70 -> 0.78 | K70: =TRUNC(F70 * H70, 2) -> 0 | L70: =M70 - K70 -> 0 | M70: =TRUNC(F70 * J70, 2) -> 0 | N70: =M70 / $M$115 -> 0 | O70: =TRUNC(F70*G70,2) -> 0
A71: 4.3.11 | B71: 4915657 | C71: SICRO3 | D71: Fresagem contínua de revestimento asfáltico - espessura de 5 cm | E71: m³ | F71: 0 | G71: ='Todas as Ruas'!G71 -> 75.46 | H71: ='Todas as Ruas'!H71 -> 1.63 | I71: ='Todas as Ruas'!I71 -> 91.47 | J71: ='Todas as Ruas'!J71 -> 93.1 | K71: =TRUNC(F71 * H71, 2) -> 0 | L71: =M71 - K71 -> 0 | M71: =TRUNC(F71 * J71, 2) -> 0 | N71: =M71 / $M$115 -> 0 | O71: =TRUNC(F71*G71,2) -> 0
A72: 5 | D72: OBRAS COMPLEMENTARES | M72: =SUM(M73:M73) -> 0 | N72: =M72 / $M$115 -> 0 | O72: =TRUNC(F72*G72,2) -> 0
A73: 5.1 | B73: 2003377 | C73: SICRO3 | D73: Meio-fio de concreto - MFC 05 - areia e brita comerciais - fôrma de madeira | E73: m | F73: 0 | G73: ='Todas as Ruas'!G73 -> 56.33 | H73: ='Todas as Ruas'!H73 -> 34.56 | I73: ='Todas as Ruas'!I73 -> 34.93 | J73: ='Todas as Ruas'!J73 -> 69.49 | K73: =TRUNC(F73 * H73, 2) -> 0 | L73: =M73 - K73 -> 0 | M73: =TRUNC(F73 * J73, 2) -> 0 | N73: =M73 / $M$115 -> 0 | O73: =TRUNC(F73*G73,2) -> 0
A74: 6 | D74: SINALIZAÇÃO VIÁRIA | M74: =M75+M80+M83 -> 6892.43 | N74: =M74 / $M$115 -> 0.055236249 | O74: =TRUNC(F74*G74,2) -> 0
A75: 6.1 | D75: SINALIZAÇÃO HORIZONTAL PISTA | M75: =SUM(M76:M79) -> 2187.31 | N75: =M75 / $M$115 -> 0.017529202 | O75: =TRUNC(F75*G75,2) -> 0
A76: 6.1.1 | B76: 5213401 | C76: SICRO3 | D76: Pintura de faixa com tinta acrílica - espessura de 0,6 mm | E76: m² | F76: =ROUND(134*0.12*3,2) -> 48.24 | G76: ='Todas as Ruas'!G76 -> 28.04 | H76: ='Todas as Ruas'!H76 -> 1.01 | I76: ='Todas as Ruas'!I76 -> 33.58 | J76: ='Todas as Ruas'!J76 -> 34.59 | K76: =ROUND(F76 * H76, 2) -> 48.72 | L76: =M76 - K76 -> 1619.9 | M76: =ROUND(F76 * J76, 2) -> 1668.62 | N76: =M76 / $M$115 -> 0.013372397 | O76: =TRUNC(F76*G76,2) -> 1352.64
A77: 6.1.2 | B77: 5213405 | C77: SICRO3 | D77: Pintura de setas e zebrados com tinta acrílica - espessura de 0,6 mm | E77: m² | F77: =ROUND(F76*0.2,2) -> 9.65 | G77: ='Todas as Ruas'!G77 -> 43.57 | H77: ='Todas as Ruas'!H77 -> 4.93 | I77: ='Todas as Ruas'!I77 -> 48.82 | J77: ='Todas as Ruas'!J77 -> 53.75 | K77: =ROUND(F77 * H77, 2) -> 47.57 | L77: =M77 - K77 -> 471.12 | M77: =ROUND(F77 * J77, 2) -> 518.69 | N77: =M77 / $M$115 -> 0.0041568054 | O77: =TRUNC(F77*G77,2) -> 420.45
A78: 6.1.3 | B78: 5219643 | C78: SICRO3 | D78: Tachão refletivo em resina sintética - bidirecional - fornecimento e colocação | E78: un | F78: 0 | G78: ='Todas as Ruas'!G78 -> 83.93 | H78: ='Todas as Ruas'!H78 -> 9.53 | I78: ='Todas as Ruas'!I78 -> 94.02 | J78: ='Todas as Ruas'!J78 -> 103.55 | K78: =TRUNC(F78 * H78, 2) -> 0 | L78: =M78 - K78 -> 0 | M78: =TRUNC(F78 * J78, 2) -> 0 | N78: =M78 / $M$115 -> 0 | O78: =TRUNC(F78*G78,2) -> 0
A79: 6.1.4 | B79: 5219620 | C79: SICRO3 | D79: Tacha refletiva em resina sintética - bidirecional tipo I - fornecimento e colocação | E79: un | F79: 0 | G79: ='Todas as Ruas'!G79 -> 42.22 | H79: ='Todas as Ruas'!H79 -> 3.88 | I79: ='Todas as Ruas'!I79 -> 48.21 | J79: ='Todas as Ruas'!J79 -> 52.09 | K79: =TRUNC(F79 * H79, 2) -> 0 | L79: =M79 - K79 -> 0 | M79: =TRUNC(F79 * J79, 2) -> 0 | N79: =M79 / $M$115 -> 0 | O79: =TRUNC(F79*G79,2) -> 0
A80: 6.2 | D80: SINALIZAÇÃO HORIZONTAL CICLOVIA | M80: =SUM(M81:M82) -> 0 | N80: =M80 / $M$115 -> 0 | O80: =TRUNC(F80*G80,2) -> 0
A81: 6.2.3 | B81: 5219643 | C81: SICRO3 | D81: Tachão refletivo em resina sintética - bidirecional - fornecimento e colocação | E81: un | F81: 0 | G81: ='Todas as Ruas'!G81 -> 83.93 | H81: ='Todas as Ruas'!H81 -> 9.53 | I81: ='Todas as Ruas'!I81 -> 94.02 | J81: ='Todas as Ruas'!J81 -> 103.55 | K81: =TRUNC(F81 * H81, 2) -> 0 | L81: =M81 - K81 -> 0 | M81: =TRUNC(F81 * J81, 2) -> 0 | N81: =M81 / $M$115 -> 0 | O81: =TRUNC(F81*G81,2) -> 0
A82: 6.2.4 | B82: 5219620 | C82: SICRO3 | D82: Tacha refletiva em resina sintética - bidirecional tipo I - fornecimento e colocação | E82: un | F82: 0 | G82: ='Todas as Ruas'!G82 -> 42.22 | H82: ='Todas as Ruas'!H82 -> 3.88 | I82: ='Todas as Ruas'!I82 -> 48.21 | J82: ='Todas as Ruas'!J82 -> 52.09 | K82: =TRUNC(F82 * H82, 2) -> 0 | L82: =M82 - K82 -> 0 | M82: =TRUNC(F82 * J82, 2) -> 0 | N82: =M82 / $M$115 -> 0 | O82: =TRUNC(F82*G82,2) -> 0
A83: 6.3 | D83: SINALIZAÇÃO VERTICAL | M83: =SUM(M84:M85) -> 4705.12 | N83: =M83 / $M$115 -> 0.037707047 | O83: =TRUNC(F83*G83,2) -> 0
A84: 6.3.1 | B84: 5213465 | C84: SICRO3 | D84: Placa de advertência em aço, lado de 0,80 m - película retrorrefletiva tipo I + SI - fornecimento e implantação | E84: un | F84: 4 | G84: ='Todas as Ruas'!G84 -> 482.55 | H84: ='Todas as Ruas'!H84 -> 72.01 | I84: ='Todas as Ruas'!I84 -> 523.36 | J84: ='Todas as Ruas'!J84 -> 595.37 | K84: =TRUNC(F84 * H84, 2) -> 288.04 | L84: =M84 - K84 -> 2093.44 | M84: =TRUNC(F84 * J84, 2) -> 2381.48 | N84: =M84 / $M$115 -> 0.01908529 | O84: =TRUNC(F84*G84,2) -> 1930.2
A85: 6.3.2 | B85: 5213855 | C85: SICRO3 | D85: Suporte metálico galvanizado para placa de regulamentação - R1 - lado de 0,248 m - fornecimento e implantação | E85: un | F85: 4 | G85: ='Todas as Ruas'!G85 -> 470.83 | H85: ='Todas as Ruas'!H85 -> 22.18 | I85: ='Todas as Ruas'!I85 -> 558.73 | J85: ='Todas as Ruas'!J85 -> 580.91 | K85: =TRUNC(F85 * H85, 2) -> 88.72 | L85: =M85 - K85 -> 2234.92 | M85: =TRUNC(F85 * J85, 2) -> 2323.64 | N85: =M85 / $M$115 -> 0.018621757 | O85: =TRUNC(F85*G85,2) -> 1883.32
A86: 7 | D86: CONTROLE TECNOLÓGICO | M86: =M87 -> 1975.32 | N86: =M86 / $M$115 -> 0.015830305 | O86: =TRUNC(F86*G86,2) -> 0
A87: 7.1 | D87: ENSAIOS PARA A CAMADA ASFÁLTICA APLICADA | M87: =SUM(M88:M93) -> 1975.32 | N87: =M87 / $M$115 -> 0.015830305 | O87: =TRUNC(F87*G87,2) -> 0
A88: 7.1.1 | B88: 73900/001 | C88: SINAPI | D88: ENSAIOS DE IMPRIMACAO - ASFALTO DILUIDO | E88: m² | F88: =F31+F67 -> 0 | G88: ='Todas as Ruas'!G88 -> 0.07 | H88: ='Todas as Ruas'!H88 -> 0.06 | I88: ='Todas as Ruas'!I88 -> 0.02 | J88: ='Todas as Ruas'!J88 -> 0.08 | K88: =TRUNC(F88 * H88, 2) -> 0 | L88: =M88 - K88 -> 0 | M88: =TRUNC(F88 * J88, 2) -> 0 | N88: =M88 / $M$115 -> 0 | O88: =TRUNC(F88*G88,2) -> 0
A89: 7.1.2 | B89: 74259 | C89: SINAPI | D89: ENSAIOS DE PINTURA DE LIGACAO | E89: m² | F89: =F51+F41 -> 2140 | G89: ='Todas as Ruas'!G89 -> 0.03 | H89: ='Todas as Ruas'!H89 -> 0.03 | I89: ='Todas as Ruas'!I89 -> 0 | J89: ='Todas as Ruas'!J89 -> 0.03 | K89: =TRUNC(F89 * H89, 2) -> 64.2 | L89: =M89 - K89 -> 0 | M89: =TRUNC(F89 * J89, 2) -> 64.2 | N89: =M89 / $M$115 -> 0.00051450174 | O89: =TRUNC(F89*G89,2) -> 64.2
A90: 7.1.3 | B90: 74022/052 | C90: SINAPI | D90: ENSAIO DE GRANULOMETRIA DO AGREGADO | E90: UN | F90: =ROUNDUP((F55+F45)/100,0) -> 2 | G90: ='Todas as Ruas'!G90 -> 112.25 | H90: ='Todas as Ruas'!H90 -> 119.29 | I90: ='Todas as Ruas'!I90 -> 19.2 | J90: ='Todas as Ruas'!J90 -> 138.49 | K90: =TRUNC(F90 * H90, 2) -> 238.58 | L90: =M90 - K90 -> 38.4 | M90: =TRUNC(F90 * J90, 2) -> 276.98 | N90: =M90 / $M$115 -> 0.0022197304 | O90: =TRUNC(F90*G90,2) -> 224.5
A91: 7.1.4 | B91: 74022/040 | C91: SINAPI | D91: ENSAIO MARSHALL - MISTURA BETUMINOSA A QUENTE | E91: UN | F91: =F90 -> 2 | G91: ='Todas as Ruas'!G91 -> 392.87 | H91: ='Todas as Ruas'!H91 -> 417.51 | I91: ='Todas as Ruas'!I91 -> 67.21 | J91: ='Todas as Ruas'!J91 -> 484.72 | K91: =TRUNC(F91 * H91, 2) -> 835.02 | L91: =M91 - K91 -> 134.42 | M91: =TRUNC(F91 * J91, 2) -> 969.44 | N91: =M91 / $M$115 -> 0.0077691365 | O91: =TRUNC(F91*G91,2) -> 785.74
A92: 7.1.5 | B92: 74022/035 | C92: SINAPI | D92: ENSAIO DE PERCENTAGEM DE BETUME - MISTURAS BETUMINOSAS | E92: UN | F92: =F91 -> 2 | G92: ='Todas as Ruas'!G92 -> 168.37 | H92: ='Todas as Ruas'!H92 -> 178.93 | I92: ='Todas as Ruas'!I92 -> 28.8 | J92: ='Todas as Ruas'!J92 -> 207.73 | K92: =TRUNC(F92 * H92, 2) -> 357.86 | L92: =M92 - K92 -> 57.6 | M92: =TRUNC(F92 * J92, 2) -> 415.46 | N92: =M92 / $M$115 -> 0.0033295154 | O92: =TRUNC(F92*G92,2) -> 336.74
A93: 7.1.6 | B93: 74022/053 | C93: SINAPI | D93: ENSAIO DE CONTROLE DO GRAU DE COMPACTACAO DA MISTURA ASFALTICA | E93: UN | F93: =F92 -> 2 | G93: ='Todas as Ruas'!G93 -> 101.01 | H93: ='Todas as Ruas'!H93 -> 107.35 | I93: ='Todas as Ruas'!I93 -> 17.27 | J93: ='Todas as Ruas'!J93 -> 124.62 | K93: =TRUNC(F93 * H93, 2) -> 214.7 | L93: =M93 - K93 -> 34.54 | M93: =TRUNC(F93 * J93, 2) -> 249.24 | N93: =M93 / $M$115 -> 0.0019974208 | O93: =TRUNC(F93*G93,2) -> 202.02
A94: 8 | D94: SINALIZAÇÃO DE OBRA | M94: =SUM(M95:M98) -> 0 | N94: =M94 / $M$115 -> 0 | O94: =TRUNC(F94*G94,2) -> 0
A95: 8.1 | B95: 5213850 | C95: SICRO3 | D95: Operação de sinalização por bandeirola de tecido ou com placa metálica | E95: h | F95: 0 | G95: ='Todas as Ruas'!G95 -> 24.78 | H95: ='Todas as Ruas'!H95 -> 29.34 | I95: ='Todas as Ruas'!I95 -> 1.23 | J95: ='Todas as Ruas'!J95 -> 30.57 | K95: =TRUNC(F95 * H95, 2) -> 0 | L95: =M95 - K95 -> 0 | M95: =TRUNC(F95 * J95, 2) -> 0 | N95: =M95 / $M$115 -> 0 | O95: =TRUNC(F95*G95,2) -> 0
A96: 8.2 | B96: 5213835 | C96: SICRO3 | D96: Cone plástico para canalização de trânsito - utilização de 150 ciclos - fornecimento, 01 implantação e 01 retirada diária | E96: un.dia | F96: 0 | G96: ='Todas as Ruas'!G96 -> 0.9 | H96: ='Todas as Ruas'!H96 -> 0.05 | I96: ='Todas as Ruas'!I96 -> 1.06 | J96: ='Todas as Ruas'!J96 -> 1.11 | K96: =TRUNC(F96 * H96, 2) -> 0 | L96: =M96 - K96 -> 0 | M96: =TRUNC(F96 * J96, 2) -> 0 | N96: =M96 / $M$115 -> 0 | O96: =TRUNC(F96*G96,2) -> 0
A97: 8.3 | B97: 5213349 | C97: SICRO3 | D97: Dispositivo de direcionamento ou bloqueio tipo tela plástica com suporte fixo - utilização de 150 ciclos - fornecimento, 01 implantação e 01 retirada diária | E97: m².dia | F97: 0 | G97: ='Todas as Ruas'!G97 -> 0.8 | H97: ='Todas as Ruas'!H97 -> 0.23 | I97: ='Todas as Ruas'!I97 -> 0.75 | J97: ='Todas as Ruas'!J97 -> 0.98 | K97: =TRUNC(F97 * H97, 2) -> 0 | L97: =M97 - K97 -> 0 | M97: =TRUNC(F97 * J97, 2) -> 0 | N97: =M97 / $M$115 -> 0 | O97: =TRUNC(F97*G97,2) -> 0
A98: 8.4 | B98: 5212556 | C98: SICRO3 | D98: Placa para sinalização de obras montada em cavalete metálico - 1,00 x 1,00 m - utilização de 600 ciclos - fornecimento, 01 implantação e 01 retirada diária | E98: un.dia | F98: 0 | G98: ='Todas as Ruas'!G98 -> 2 | H98: ='Todas as Ruas'!H98 -> 0.51 | I98: ='Todas as Ruas'!I98 -> 1.95 | J98: ='Todas as Ruas'!J98 -> 2.46 | K98: =TRUNC(F98 * H98, 2) -> 0 | L98: =M98 - K98 -> 0 | M98: =TRUNC(F98 * J98, 2) -> 0 | N98: =M98 / $M$115 -> 0 | O98: =TRUNC(F98*G98,2) -> 0
A99: 9 | D99: MELHORIAS NO PAISAGISMO E ILUMINAÇÃO | M99: =SUM(M100:M114) -> 0 | N99: =M99 / $M$115 -> 0 | O99: =TRUNC(F99*G99,2) -> 0 | S99: =TRUNC(F99*G99,2) -> 0
A100: 9.1 | B100: 100896 | C100: SINAPI | D100: ESTACA ESCAVADA MECANICAMENTE, SEM FLUIDO ESTABILIZANTE, COM 25CM DE DIÂMETRO, CONCRETO LANÇADO POR CAMINHÃO BETONEIRA (EXCLUSIVE MOBILIZAÇÃO E DESMOBILIZAÇÃO). AF_01/2020 | E100: M | F100: 0 | G100: 66.77 | H100: 9.68 | I100: 72.7 | J100: =TRUNC(G100 * (1 + 23.38 / 100), 2) -> 82.38 | K100: =TRUNC(F100 * H100, 2) -> 0 | L100: =M100 - K100 -> 0 | M100: =TRUNC(F100 * J100, 2) -> 0 | N100: =M100 / $M$115 -> 0 | O100: =TRUNC(F100*G100,2) -> 0 | S100: =TRUNC(F100*G100,2) -> 0
...

Sheet Central Pres. Médice
D1: Obra | E1: Bancos | H1: B.D.I. | K1: Encargos Sociais
D2: Rua Central Presidente Médice | E2: SINAPI - 03/2026 - RS SICRO3 - 01/2026 - RS | H2: 23,38% | K2: Não Desonerado: embutido nos preços unitário dos insumos de mão de obra, de acordo com as bases.
A3: Planilha Orçamentária Sintética Com Valor do Material e da Mão de Obra
A4: Item | B4: Código | C4: Banco | D4: Descrição | E4: Und | F4: Quant. | G4: Valor Unit | H4: Valor Unit com BDI | K4: Total | N4: Peso (%)
H5: M. O. | I5: MAT. | J5: Total | K5: M. O. | L5: MAT. | M5: Total
A6: 1 | D6: SERVIÇOS INICIAIS | M6: =SUM(M7:M11) -> 1336.99 | N6: =M6 / $M$115 -> 0.0053299214
A7: 1.1 | B7: 106168 | C7: SINAPI | D7: LIMPEZA DE RUA COM JATO DE ALTA PRESSÃO. AF_10/2025 | E7: m² | F7: 1630.47 | G7: ='Todas as Ruas'!G7 -> 0.67 | H7: ='Todas as Ruas'!H7 -> 0.25 | I7: ='Todas as Ruas'!I7 -> 0.57 | J7: ='Todas as Ruas'!J7 -> 0.82 | K7: =ROUND(F7 * H7, 2) -> 407.62 | L7: =M7 - K7 -> 929.37 | M7: =ROUND(F7 * J7, 2) -> 1336.99 | N7: =M7 / $M$115 -> 0.0053299214 | O7: =TRUNC(F7*G7,2) -> 1092.41
A8: 01.2 | B8: 4800412 | C8: SICRO3 | D8: Raspagem e limpeza de terreno plano | E8: m² | F8: 0 | G8: ='Todas as Ruas'!G8 -> 5 | H8: ='Todas as Ruas'!H8 -> 5.86 | I8: ='Todas as Ruas'!I8 -> 0.3 | J8: ='Todas as Ruas'!J8 -> 6.16 | K8: =ROUND(F8 * H8, 2) -> 0 | L8: =M8 - K8 -> 0 | M8: =ROUND(F8 * J8, 2) -> 0 | N8: =M8 / $M$115 -> 0 | O8: =TRUNC(F8*G8,2) -> 0
A9: 1.3 | B9: MOB01 | C9: Próprio | D9: MOBILIZAÇÃO E DESMOBILIZAÇÃO DE EQUIPAMENTOS | E9: UND | F9: 0 | G9: ='Todas as Ruas'!G9 -> 11428.163 | H9: ='Todas as Ruas'!H9 -> 461.45 | I9: ='Todas as Ruas'!I9 -> 10403.4 | J9: ='Todas as Ruas'!J9 -> 14100.06 | K9: =ROUND(F9 * H9, 2) -> 0 | L9: =M9 - K9 -> 0 | M9: =ROUND(F9 * J9, 2) -> 0 | N9: =M9 / $M$115 -> 0 | O9: =TRUNC(F9*G9,2) -> 0
A10: 1.4 | B10: 5213499 | C10: SICRO3 | D10: Placa em aço - 3,00 x 1,50 m - película retrorrefletiva tipo I + III - fornecimento e implantação | E10: un | F10: 0 | G10: ='Todas as Ruas'!G10 -> 1992.46 | H10: ='Todas as Ruas'!H10 -> 303.82 | I10: ='Todas as Ruas'!I10 -> 2154.47 | J10: ='Todas as Ruas'!J10 -> 2458.29 | K10: =ROUND(F10 * H10, 2) -> 0 | L10: =M10 - K10 -> 0 | M10: =ROUND(F10 * J10, 2) -> 0 | N10: =M10 / $M$115 -> 0 | O10: =TRUNC(F10*G10,2) -> 0
A11: 1.5 | B11: 5216111 | C11: SICRO3 | D11: Suporte para placa de sinalização em madeira de lei tratada 8 x 8 cm - fornecimento e implantação | E11: un | F11: 0 | G11: ='Todas as Ruas'!G11 -> 136.57 | H11: ='Todas as Ruas'!H11 -> 25.87 | I11: ='Todas as Ruas'!I11 -> 142.63 | J11: ='Todas as Ruas'!J11 -> 168.5 | K11: =ROUND(F11 * H11, 2) -> 0 | L11: =M11 - K11 -> 0 | M11: =ROUND(F11 * J11, 2) -> 0 | N11: =M11 / $M$115 -> 0 | O11: =TRUNC(F11*G11,2) -> 0
A12: 2 | D12: ADMINISTRAÇÃO LOCAL | M12: =SUM(M13:M23) -> 30884.44 | N12: =M12 / $M$115 -> 0.12312107 | O12: =TRUNC(F12*G12,2) -> 0
A13: 2.1 | B13: P9819 | C13: SICRO3 | D13: Engenheiro supervisor - mensalista | E13: mês | F13: =ROUND(($F$7/'Todas as Ruas'!$F$7)*2,2) -> 0.09 | G13: ='Todas as Ruas'!G13 -> 30360.664 | H13: ='Todas as Ruas'!H13 -> 37458.98 | I13: ='Todas as Ruas'!I13 -> 0 | J13: ='Todas as Ruas'!J13 -> 37458.98 | K13: =ROUND(F13 * H13, 2) -> 3371.31 | L13: =M13 - K13 -> 0 | M13: =ROUND(F13 * J13, 2) -> 3371.31 | N13: =M13 / $M$115 -> 0.013439754 | O13: =TRUNC(F13*G13,2) -> 2732.45
A14: 2.2 | B14: P9840 | C14: SICRO3 | D14: Encarregado geral - mensalista | E14: mês | F14: =ROUND(($F$7/'Todas as Ruas'!$F$7)*6,2) -> 0.28 | G14: ='Todas as Ruas'!G14 -> 13144.488 | H14: ='Todas as Ruas'!H14 -> 16217.66 | I14: ='Todas as Ruas'!I14 -> 0 | J14: ='Todas as Ruas'!J14 -> 16217.66 | K14: =ROUND(F14 * H14, 2) -> 4540.94 | L14: =M14 - K14 -> 0 | M14: =ROUND(F14 * J14, 2) -> 4540.94 | N14: =M14 / $M$115 -> 0.018102494 | O14: =TRUNC(F14*G14,2) -> 3680.45
A15: 02.3 | B15: P9949 | C15: SICRO3 | D15: Topógrafo - mensalista | E15: mês | F15: =ROUND(($F$7/'Todas as Ruas'!$F$7)*6,2) -> 0.28 | G15: ='Todas as Ruas'!G15 -> 7296.3649 | H15: ='Todas as Ruas'!H15 -> 9002.25 | I15: ='Todas as Ruas'!I15 -> 0 | J15: ='Todas as Ruas'!J15 -> 9002.25 | K15: =ROUND(F15 * H15, 2) -> 2520.63 | L15: =M15 - K15 -> 0 | M15: =ROUND(F15 * J15, 2) -> 2520.63 | N15: =M15 / $M$115 -> 0.010048512 | O15: =TRUNC(F15*G15,2) -> 2042.98
A16: 2.4 | B16: P9950 | C16: SICRO3 | D16: Auxiliar de topografia - mensalista | E16: mês | F16: =ROUND(($F$7/'Todas as Ruas'!$F$7)*6,2) -> 0.28 | G16: ='Todas as Ruas'!G16 -> 5189.7538 | H16: ='Todas as Ruas'!H16 -> 6403.11 | I16: ='Todas as Ruas'!I16 -> 0 | J16: ='Todas as Ruas'!J16 -> 6403.11 | K16: =ROUND(F16 * H16, 2) -> 1792.87 | L16: =M16 - K16 -> 0 | M16: =ROUND(F16 * J16, 2) -> 1792.87 | N16: =M16 / $M$115 -> 0.0071472907 | O16: =TRUNC(F16*G16,2) -> 1453.13
A17: 2.5 | B17: P9893 | C17: SICRO3 | D17: Encarregado de pavimentação - mensalista | E17: mês | F17: =ROUND(($F$7/'Todas as Ruas'!$F$7)*6,2) -> 0.28 | G17: ='Todas as Ruas'!G17 -> 8605.0395 | H17: ='Todas as Ruas'!H17 -> 10616.88 | I17: ='Todas as Ruas'!I17 -> 0 | J17: ='Todas as Ruas'!J17 -> 10616.89 | K17: =ROUND(F17 * H17, 2) -> 2972.73 | L17: =M17 - K17 -> 0 | M17: =ROUND(F17 * J17, 2) -> 2972.73 | N17: =M17 / $M$115 -> 0.011850812 | O17: =TRUNC(F17*G17,2) -> 2409.41
A18: 2.6 | B18: P9875 | C18: SICRO3 | D18: Encarregado de turma - mensalista | E18: mês | F18: =ROUND(($F$7/'Todas as Ruas'!$F$7)*2,2) -> 0.09 | G18: ='Todas as Ruas'!G18 -> 5778.4355 | H18: ='Todas as Ruas'!H18 -> 7129.42 | I18: ='Todas as Ruas'!I18 -> 0 | J18: ='Todas as Ruas'!J18 -> 7129.43 | K18: =ROUND(F18 * H18, 2) -> 641.65 | L18: =M18 - K18 -> 0 | M18: =ROUND(F18 * J18, 2) -> 641.65 | N18: =M18 / $M$115 -> 0.0025579429 | O18: =TRUNC(F18*G18,2) -> 520.05
A19: 2.7 | B19: P9804 | C19: SICRO3 | D19: Apontador - mensalista | E19: mês | F19: =ROUND(($F$7/'Todas as Ruas'!$F$7)*6,2) -> 0.28 | G19: ='Todas as Ruas'!G19 -> 4987.0395 | H19: ='Todas as Ruas'!H19 -> 6152.99 | I19: ='Todas as Ruas'!I19 -> 0 | J19: ='Todas as Ruas'!J19 -> 6153 | K19: =ROUND(F19 * H19, 2) -> 1722.84 | L19: =M19 - K19 -> 0 | M19: =ROUND(F19 * J19, 2) -> 1722.84 | N19: =M19 / $M$115 -> 0.0068681155 | O19: =TRUNC(F19*G19,2) -> 1396.37
A20: 2.8 | B20: P9876 | C20: SICRO3 | D20: Técnico de segurança do trabalho - mensalista | E20: mês | F20: =ROUND(($F$7/'Todas as Ruas'!$F$7)*6,2) -> 0.28 | G20: ='Todas as Ruas'!G20 -> 7704.921 | H20: ='Todas as Ruas'!H20 -> 9506.33 | I20: ='Todas as Ruas'!I20 -> 0 | J20: ='Todas as Ruas'!J20 -> 9506.33 | K20: =ROUND(F20 * H20, 2) -> 2661.77 | L20: =M20 - K20 -> 0 | M20: =ROUND(F20 * J20, 2) -> 2661.77 | N20: =M20 / $M$115 -> 0.010611168 | O20: =TRUNC(F20*G20,2) -> 2157.37
A21: 2.9 | B21: E9134 | C21: SICRO3 | D21: Miniônibus com capacidade para 30 passageiros - 120 kW | E21: H | F21: =ROUND(($F$7/'Todas as Ruas'!$F$7)*320,2) -> 14.71 | G21: ='Todas as Ruas'!G21 -> 245.1778 | H21: ='Todas as Ruas'!H21 -> 0 | I21: ='Todas as Ruas'!I21 -> 302.49 | J21: ='Todas as Ruas'!J21 -> 302.5 | K21: =ROUND(F21 * H21, 2) -> 0 | L21: =M21 - K21 -> 4449.78 | M21: =ROUND(F21 * J21, 2) -> 4449.78 | N21: =M21 / $M$115 -> 0.017739084 | O21: =TRUNC(F21*G21,2) -> 3606.56
A22: 2.10 | B22: E9134 | C22: SICRO3 | D22: Miniônibus com capacidade para 30 passageiros - 120 kW | E22: H | F22: =ROUND(($F$7/'Todas as Ruas'!$F$7)*120,2) -> 5.52 | G22: ='Todas as Ruas'!G22 -> 245.1778 | H22: ='Todas as Ruas'!H22 -> 0 | I22: ='Todas as Ruas'!I22 -> 302.49 | J22: ='Todas as Ruas'!J22 -> 302.5 | K22: =ROUND(F22 * H22, 2) -> 0 | L22: =M22 - K22 -> 1669.8 | M22: =ROUND(F22 * J22, 2) -> 1669.8 | N22: =M22 / $M$115 -> 0.0066566712 | O22: =TRUNC(F22*G22,2) -> 1353.38
A23: 2.11 | B23: M0295 | C23: SICRO3 | D23: Estrutura modular com revestimento térmico, janela e banheiro - L = 2,44 m e C = 6,06 m (1 TEU) | E23: un | F23: =ROUND(($F$7/'Todas as Ruas'!$F$7)*1,2) -> 0.05 | G23: ='Todas as Ruas'!G23 -> 73595.798 | H23: ='Todas as Ruas'!H23 -> 0 | I23: ='Todas as Ruas'!I23 -> 90802.48 | J23: ='Todas as Ruas'!J23 -> 90802.49 | K23: =ROUND(F23 * H23, 2) -> 0 | L23: =M23 - K23 -> 4540.12 | M23: =ROUND(F23 * J23, 2) -> 4540.12 | N23: =M23 / $M$115 -> 0.018099225 | O23: =TRUNC(F23*G23,2) -> 3679.78
A24: 3 | D24: DRENAGEM PLUVIAL | M24: =SUM(M25:M38) -> 34658.45 | N24: =M24 / $M$115 -> 0.13816619 | O24: =TRUNC(F24*G24,2) -> 0
A25: 3.1 | B25: 4805757 | C25: SICRO3 | D25: Escavação mecânica de vala em material de 1ª categoria | E25: m³ | F25: =ROUND(F37*1*0.3,2) -> 135.6 | G25: ='Todas as Ruas'!G25 -> 7.03 | H25: ='Todas as Ruas'!H25 -> 1.12 | I25: ='Todas as Ruas'!I25 -> 7.55 | J25: ='Todas as Ruas'!J25 -> 8.67 | K25: =ROUND(F25 * H25, 2) -> 151.87 | L25: =M25 - K25 -> 1023.78 | M25: =ROUND(F25 * J25, 2) -> 1175.65 | N25: =M25 / $M$115 -> 0.0046867382 | O25: =TRUNC(F25*G25,2) -> 953.26
A26: 3.2 | B26: 2003850 | C26: SICRO3 | D26: Lastro de brita comercial compactado com soquete vibratório - espalhamento manual | E26: m³ | F26: =ROUND(F37*1*0.05,2) -> 22.6 | G26: ='Todas as Ruas'!G26 -> 163.35 | H26: ='Todas as Ruas'!H26 -> 12.29 | I26: ='Todas as Ruas'!I26 -> 189.25 | J26: ='Todas as Ruas'!J26 -> 201.54 | K26: =ROUND(F26 * H26, 2) -> 277.75 | L26: =M26 - K26 -> 4277.05 | M26: =ROUND(F26 * J26, 2) -> 4554.8 | N26: =M26 / $M$115 -> 0.018157747 | O26: =TRUNC(F26*G26,2) -> 3691.71
A27: 3.3 | B27: 0804021 | C27: SICRO3 | D27: Corpo de BSTC D = 0,60 m PA1 - areia, brita e pedra de mão comerciais | E27: m | F27: 0 | G27: ='Todas as Ruas'!G27 -> 470.66 | H27: ='Todas as Ruas'!H27 -> 66.45 | I27: ='Todas as Ruas'!I27 -> 514.25 | J27: ='Todas as Ruas'!J27 -> 580.7 | K27: =TRUNC(F27 * H27, 2) -> 0 | L27: =M27 - K27 -> 0 | M27: =TRUNC(F27 * J27, 2) -> 0 | N27: =M27 / $M$115 -> 0 | O27: =TRUNC(F27*G27,2) -> 0
A28: 3.4 | B28: 4815671 | C28: SICRO3 | D28: Reaterro e compactação com soquete vibratório | E28: m³ | F28: 0 | G28: ='Todas as Ruas'!G28 -> 20.21 | H28: ='Todas as Ruas'!H28 -> 18.85 | I28: ='Todas as Ruas'!I28 -> 6.08 | J28: ='Todas as Ruas'!J28 -> 24.93 | K28: =TRUNC(F28 * H28, 2) -> 0 | L28: =M28 - K28 -> 0 | M28: =TRUNC(F28 * J28, 2) -> 0 | N28: =M28 / $M$115 -> 0 | O28: =TRUNC(F28*G28,2) -> 0
A29: 3.5 | B29: 4011276 | C29: SICRO3 | D29: Base ou sub-base de brita graduada com brita comercial - 100% Proctor modificado | E29: m³ | F29: 0 | G29: ='Todas as Ruas'!G29 -> 240.05 | H29: ='Todas as Ruas'!H29 -> 1.03 | I29: ='Todas as Ruas'!I29 -> 295.14 | J29: ='Todas as Ruas'!J29 -> 296.17 | K29: =TRUNC(F29 * H29, 2) -> 0 | L29: =M29 - K29 -> 0 | M29: =TRUNC(F29 * J29, 2) -> 0 | N29: =M29 / $M$115 -> 0 | O29: =TRUNC(F29*G29,2) -> 0
A30: 3.6 | B30: 5914389 | C30: SICRO3 | D30: Transporte com caminhão basculante de 10 m³ - rodovia pavimentada | E30: tkm | F30: 0 | G30: ='Todas as Ruas'!G30 -> 0.82 | H30: ='Todas as Ruas'!H30 -> 0 | I30: ='Todas as Ruas'!I30 -> 1.01 | J30: ='Todas as Ruas'!J30 -> 1.01 | K30: =TRUNC(F30 * H30, 2) -> 0 | L30: =M30 - K30 -> 0 | M30: =TRUNC(F30 * J30, 2) -> 0 | N30: =M30 / $M$115 -> 0 | O30: =TRUNC(F30*G30,2) -> 0
A31: 3.7 | B31: 4011351 | C31: SICRO3 | D31: Imprimação com asfalto diluído | E31: m² | F31: 0 | G31: ='Todas as Ruas'!G31 -> 0.56 | H31: ='Todas as Ruas'!H31 -> 0.05 | I31: ='Todas as Ruas'!I31 -> 0.64 | J31: ='Todas as Ruas'!J31 -> 0.69 | K31: =TRUNC(F31 * H31, 2) -> 0 | L31: =M31 - K31 -> 0 | M31: =TRUNC(F31 * J31, 2) -> 0 | N31: =M31 / $M$115 -> 0 | O31: =TRUNC(F31*G31,2) -> 0
A32: 3.8 | B32: M0104 | C32: SICRO3 | D32: Asfalto diluído de petróleo - CM-30 | E32: t | F32: 0 | G32: ='Todas as Ruas'!G32 -> 3122.09 | H32: ='Todas as Ruas'!H32 -> 0 | I32: ='Todas as Ruas'!I32 -> 3590.4 | J32: ='Todas as Ruas'!J32 -> 3590,4 (15.0%) | K32: =TRUNC(F32 * H32, 2) -> 0 | L32: =M32 - K32 -> 0 | M32: =TRUNC((F32 * 1 ) * TRUNC(G32 * (1 + 15 / 100), 2), 2) -> 0 | N32: =M32 / $M$115 -> 0 | O32: =TRUNC(F32*G32,2) -> 0
A33: 3.9 | B33: 102330 | C33: SINAPI | D33: TRANSPORTE COM CAMINHÃO TANQUE DE TRANSPORTE DE MATERIAL ASFÁLTICO DE 30000 L, EM VIA URBANA PAVIMENTADA, DMT ATÉ 30KM (UNIDADE: TXKM). AF_02/2026 | E33: TXKM | F33: 0 | G33: ='Todas as Ruas'!G33 -> 1.69 | H33: ='Todas as Ruas'!H33 -> 0.13 | I33: ='Todas as Ruas'!I33 -> 1.95 | J33: ='Todas as Ruas'!J33 -> 2.08 | K33: =TRUNC(F33 * H33, 2) -> 0 | L33: =M33 - K33 -> 0 | M33: =TRUNC(F33 * J33, 2) -> 0 | N33: =M33 / $M$115 -> 0 | O33: =TRUNC(F33*G33,2) -> 0
A34: 3.10 | B34: 102331 | C34: SINAPI | D34: TRANSPORTE COM CAMINHÃO TANQUE DE TRANSPORTE DE MATERIAL ASFÁLTICO DE 30000 L, EM VIA URBANA PAVIMENTADA, ADICIONAL PARA DMT EXCEDENTE A 30 KM (UNIDADE: TXKM). AF_02/2026 | E34: TXKM | F34: 0 | G34: ='Todas as Ruas'!G34 -> 0.64 | H34: ='Todas as Ruas'!H34 -> 0.05 | I34: ='Todas as Ruas'!I34 -> 0.73 | J34: ='Todas as Ruas'!J34 -> 0.78 | K34: =TRUNC(F34 * H34, 2) -> 0 | L34: =M34 - K34 -> 0 | M34: =TRUNC(F34 * J34, 2) -> 0 | N34: =M34 / $M$115 -> 0 | O34: =TRUNC(F34*G34,2) -> 0
